Workbook
Name _ftn1: 'Cap4. Balance Apple'!#REF!
Name _ftn1: 'Cap4. Cuenta resultados Apple'!#REF!
Name _ftn1: 'EEFF Apple y cálculo ratios'!#REF!
Name _ftnref1: 'Cap4. Balance Apple'!#REF!
Name _ftnref1: 'Cap4. Cuenta resultados Apple'!#REF!
Name _ftnref1: 'EEFF Apple y cálculo ratios'!$B$329

Sheet Inicio
B5: Capítulo 1. QUIÉN ES JOEL GREENBLATT Y CUÁL ES EL FUNDAMENTO DE “SU FÓRMULA MÁGICA”
B7: Imagen 1 | C7: Retornos de Greenblatt al frente de Gotham Capital
B8: Imagen 2 | C8: Lista de fondos gestionados por Greenblatt basados en la Fórmula Mágica
B9: Imagen 6 | C9: Retornos de Warren Buffett desde 1956 hasta 2024
B11: Capítulo 2 HABLEMOS UN POCO DE RENTABILIDAD
B13: Imagen 7 hasta imagen 15 | C13: Ejemplos de cálculo de rentabilidad
B15: Capítulo 3 ¿FUNCIONA, LA FÓRMULA MÁGICA?
B17: Imagen 16 hasta imagen 19 | C17: Backtesting de la Fórmula Mágica
B18: Imagen 20 | C18: Volatilidad
B20: Capítulo 4 ¿QUÉ DEFINE A UNA COMPAÑÍA MARAVILLOSA?
B22: Sección 4.1. Cuenta de resultados
B24: Imagen 25 hasta imagen 31 | C24: Cuenta de resultados familia
B25: Imagen 32 | C25: Cuenta de resultados Apple (2021 a 2025)
B27: Sección 4.2. Balance de situación
B29: Imagen 35 | C29: Balance de situación familia
B30: Imagen 37 | C30: Balance de situación Apple
B31: Imagen 38 hasta imagen 39 | C31: ROA Apple
B32: Imagen 41 hasta imagen 43 | C32: Cálculo del Goodwill en el ejemplo de la adquisión de "The Best"
B33: Imagen 45 hasta imagen 47 | C33: Cálculo Working Capital, PMC, PMP, PMR, PMM de Apple
B34: Imagen 49 hasta imagen 50 | C34: Cálculo ROC de Greenblatt en Apple
B35: Imagen 51 | C35: Gastos en Investigación y desarrollo de las 7 magníficas
B36: Imagen 52 hasta imagen 57 | C36: Ajustes I+D Apple para estimar el EBIT ajustado
B37: Imagen 58 | C37: Cálculo ROCE Apple
B38: Imagen 60 hasta imagen 64 | C38: Cálculo ROIC "La Cuchilla"
B39: Imagen 65 | C39: Comparativa ROCE vs ROIC Apple
B41: Sección 4.3. Cuadros de flujos de efectivo
B43: Imagen 67 hasta imagen 69 | C43: Cuadro de Flujos familia
B44: Imagen 70 | C44: Cuadro resumen de partidas que aumentan o disminuyen el flujo de caja
B45: Imagen 71 | C45: Ratio CapEx/ventas por industria
B46: Imagen 72 | C46: Flujo actividades de financiación Apple
B47: Imagen 73 hasta imagen 74 | C47: Capital allocation cuñado manirroto
B48: Imagen 75 hasta imagen 77 | C48: Análisis flujos Apple
B49: Imagen 78 | C49: Buffett y los dividendos
B50: Imagen 80 hasta imagen 81 | C50: Ejemplos Yield On Cost
B51: Imagen 82 hasta imagen 85 | C51: Cálculo FCFF académico Apple
B52: Imagen 87 | C52: Cálculo FCFE académico Apple
B53: Imagen 88 | C53: Remuneración accionistas/FCFE Apple
B54: Imagen 90 | C54: Flujo de caja para los accionistas Apple
... B56: Imagen 92 hasta imagen 93 | C56: Cálculo ROE Stuppazuck, S.L.
B58: Capítulo 5 ¿QUÉ ES ESO DE «PRECIO RAZONABLE»?
B60: Imagen 97 hasta imagen 100 | C60: Valoración por múltiplos en Apple
B61: Imagen 101 | C61: Cálculo Enterprise Value Apple
B62: Imagen 102 hasta imagen 105 | C62: Ejemplo valoración múltiplo EV/FCFF
B63: Imagen 106 hasta imagen 109 | C63: Ejemplo valoración Apple con múltiplo EV/FCFF
B64: Imagen 114 hasta imagen 115 | C64: Estimación múltiplo EV/EBITDA por método McKinsey y The foot notes analyst
B65: Imagen 116 | C65: Ejemplo de valoración por descuento de flujos de caja (DFCF) empresa restauración torneo Premier Pádel
B66: Imagen 117 hasta imagen 121 | C66: Ejemplo de valoración por descuento de flujos de caja (DFCF) de un apartamento
B67: Imagen 124 hasta imagen 134) | C67: Ejemplo valoración por descuento de flujos de caja (DFCF) Apple
B69: Observaciones
B70: La mayoría de las tablas anteriores las puedes encontrar en las siguientes dos hojas:
B71: Estados Financieros y cálculos de rentabilidad de Apple, working capital etc.
B72: Capital Allocation Apple
B74: Capítulo 6 FORMAS PARA CONSTRUIR UNA CARTERA BASADA EN LA «FÓRMULA MÁGICA» DE GREENBLATT
B76: Imagen 141 hasta imagen 146 | C76: Ranking Fórmula Mágica usando screener tikr.com (factores: ROIC y EBIT/EV)
B77: Imagen 148 | C77: Cartera Fórmula Mágica contruida con screener Tikr.com y Excel
B79: Capítulo 7 UNIVERSO DE ACCIONES DE EXTRAORDINARIA CALIDAD
B81: Imagen 155 | C81: Empresas con moats (ventajas competitivas)
B82: Imagen 162 | C82: Ejemplo de cálculo del ROE usando Wisesheets.io
B83: Imagen 163 | C83: Dashboard ejemplo usando Wisesheets.io
B84: Imagen 164 | C84: Filtros iniciales para el universo de acciones con wide moats de Morningstar.com
B85: Imagen 166 hasta imagen 171 | C85: Cálculo ranking Fórmula Mágica usand empresas con wide moats
B86: Imagen 172 hasta imagen 173 | C86: Cartera Fórmula Mágica wide moats morningstar.com
B88: Observaciones
B89: Todas las celdas calculadas con las funciones de Wisesheets no se mostrarán si no tienes el plugin contratado e instalado en Excel
B91: Capítulo 8 REFLEXIONES FINALES SOBRE LA INVERSIÓN Y LOS MERCADOS
B93: Imagen 180 hasta imagen 181 | C93: Ejercicio para valorar el coste de oportunidad en la inversión
B94: Imagen 183 | C94: Rentabilidad de la bolsa norteamericana por décadas
B95: Imagen 186 hasta imagen 188 | C95: DCA Vs Lump Sum

Sheet Cap1. R Gotham Capital
A1: Inicio
B2: (Imagen 1) | F2: (Imagen 2)
B3: Retornos de Gotham Capital | F3: Retornos fondos basados en la Fórmula Mágica
D5: Retorno acumulado | Q5: Benchmarks (CAGR)
C6: Retornos | D6: 100000 | F6: NOMBRE | G6: TICKER | H6: TER | I6: FUND | J6: RUSSELL | K6: SP500 | N6: Fondo | O6: Ticker | P6: CAGR | Q6: Russel | R6: SP500
B7: 1985* | C7: 0.704 | D7: =+D6*(1+C7) -> 170400 | F7: Formula Investing U.S. Value 1000 Fund | G7: FVVAX | H7: 0.0128 | I7: 0.1638 | J7: 0.1422 | K7: 0.14 | M7: 1 | N7: Formula Investing U.S. Value 1000 Fund | O7: FVVAX | P7: 0.1638 | Q7: 0.1422 | R7: 0.14
B8: 1986 | C8: 0.536 | D8: =+D7*(1+C8) -> 261734.4 | F8: Formula Investing U.S. Value Select Fund | G8: FNSAX | H8: 0.0135 | I8: 0.1831 | J8: 0.1422 | K8: 0.14 | M8: 2 | N8: Formula Investing U.S. Value Select Fund | O8: FNSAX | P8: 0.1831 | Q8: 0.1422 | R8: 0.14
B9: 1987 | C9: 0.294 | D9: =+D8*(1+C9) -> 338684.31 | F9: NOMBRE | G9: TICKER | H9: TER | I9: FUND | J9: MSCI WORLD EX US | K9: EAFE | Q9: MSCI World EX US | R9: EAFE
B10: 1988 | C10: 0.644 | D10: =+D9*(1+C10) -> 556797.01 | F10: Formula Investing International Value 400 Fund | G10: FNVAX | H10: 0.0137 | I10: 0.0367 | J10: 0.0425 | K10: 0.0489 | M10: 3 | N10: Formula Investing International Value 400 Fund | O10: FNVAX | P10: 0.0367 | Q10: 0.0425 | R10: 0.0489
B11: 1989 | C11: 0.319 | D11: =+D10*(1+C11) -> 734415.26 | F11: Formula Investing International Value Select Fund | G11: FNAAX | H11: 0.0147 | I11: -0.0103 | J11: 0.0425 | K11: 0.0489 | M11: 4 | N11: Formula Investing International Value Select Fund | O11: FNAAX | P11: -0.0103 | Q11: 0.0425 | R11: 0.0489
B12: 1990 | C12: 0.316 | D12: =+D11*(1+C12) -> 966490.48 | F12: NOMBRE | G12: TICKER | H12: TER | I12: FUND | J12: RUSSEL 1000 | K12: SP500 | Q12: Russel | R12: SP500
B13: 1991 | C13: 0.285 | D13: =+D12*(1+C13) -> 1241940.3 | F13: Formula Investing U.S. Value Select Fund | G13: FNSIX | H13: 0.011 | I13: 0.2603 | J13: 0.2098 | K13: 0.204 | M13: 5 | N13: Formula Investing U.S. Value Select Fund | O13: FNSIX | P13: 0.2603 | Q13: 0.2098 | R13: 0.204
B14: 1992 | C14: 0.306 | D14: =+D13*(1+C14) -> 1621974 | F14: NOMBRE | G14: TICKER | H14: TER | I14: FUND | J14: MSCI WORLD EX US | K14: EAFE | Q14: MSCI World EX US | R14: EAFE
B15: 1993 | C15: 1.152 | D15: =+D14*(1+C15) -> 3490488 | F15: Formula Investing International Value Select Fund | G15: FNAIX | H15: 0.0122 | I15: -0.0212 | J15: 0.0206 | K15: 0.0281 | M15: 6 | N15: Formula Investing International Value Select Fund | O15: FNAIX | P15: -0.0212 | Q15: 0.0206 | R15: 0.0281
B16: 1994 | C16: 0.489 | D16: =+D15*(1+C16) -> 5197336.7
F17: URL: https://web.archive.org/web/20130916054425/http://www.formulainvestingfunds.com/MutualFunds/
B18: CAGR | C18: =+(D16/D6)^(1/(9+(8/12)))-1 -> 0.50485471
B19: Retorno acumulado | C19: =+(D16/D6)-1 -> 50.973367
B20: *1985 sólo 9 meses
B22: CAGR después comisiones | C22: 0.3
B23: Capital final partícipe | C23: =+D6*(1+C22)^10 -> 1378584.9

Sheet Cap1. Retornos Buffett
A1: Inicio
B3: SIMULACIÓN: 100 $ invertidos con Buffett (1956–2024) | K3: Inversión → | L3: 100
B4: Inversión inicial ($)
B5: Año | C5: Gestora | D5: Retorno anual (%) | E5: Retorno S&P 500 (%) | F5: Diferencial (%) | H5: 1+Retorno | I5: 1+S&P 500 | L5: Valor de 100 $ ($)
B6: 1956 | C6: Buffett Partnership | D6: 0.13 | E6: 0.066 | F6: =D6-E6 -> 0.064 | H6: =1+D6 -> 1.13 | I6: =1+E6 -> 1.066 | L6: =L3*(1+D6) -> 113
B7: 1957 | C7: Buffett Partnership | D7: 0.093 | E7: -0.108 | F7: =D7-E7 -> 0.201 | H7: =1+D7 -> 1.093 | I7: =1+E7 -> 0.892 | L7: =L6*(1+D7) -> 123.509
B8: 1958 | C8: Buffett Partnership | D8: 0.322 | E8: 0.434 | F8: =D8-E8 -> -0.112 | H8: =1+D8 -> 1.322 | I8: =1+E8 -> 1.434 | L8: =L7*(1+D8) -> 163.2789
B9: 1959 | C9: Buffett Partnership | D9: 0.209 | E9: 0.12 | F9: =D9-E9 -> 0.089 | H9: =1+D9 -> 1.209 | I9: =1+E9 -> 1.12 | L9: =L8*(1+D9) -> 197.40419
B10: 1960 | C10: Buffett Partnership | D10: 0.186 | E10: 0.005 | F10: =D10-E10 -> 0.181 | H10: =1+D10 -> 1.186 | I10: =1+E10 -> 1.005 | L10: =L9*(1+D10) -> 234.12137
B11: 1961 | C11: Buffett Partnership | D11: 0.359 | E11: 0.269 | F11: =D11-E11 -> 0.09 | H11: =1+D11 -> 1.359 | I11: =1+E11 -> 1.269 | L11: =L10*(1+D11) -> 318.17094
B12: 1962 | C12: Buffett Partnership | D12: 0.119 | E12: -0.087 | F12: =D12-E12 -> 0.206 | H12: =1+D12 -> 1.119 | I12: =1+E12 -> 0.913 | L12: =L11*(1+D12) -> 356.03328
B13: 1963 | C13: Buffett Partnership | D13: 0.305 | E13: 0.228 | F13: =D13-E13 -> 0.077 | H13: =1+D13 -> 1.305 | I13: =1+E13 -> 1.228 | L13: =L12*(1+D13) -> 464.62343
B14: 1964 | C14: Buffett Partnership | D14: 0.223 | E14: 0.165 | F14: =D14-E14 -> 0.058 | H14: =1+D14 -> 1.223 | I14: =1+E14 -> 1.165 | L14: =L13*(1+D14) -> 568.23445
B15: 1965 | C15: Transición BP→Berkshire | D15: 0.495 | E15: 0.1 | F15: =D15-E15 -> 0.395 | H15: =1+D15 -> 1.495 | I15: =1+E15 -> 1.1 | L15: =L14*(1+D15) -> 849.51051
B16: 1966 | C16: Berkshire Hathaway | D16: -0.034 | E16: -0.117 | F16: =D16-E16 -> 0.083 | H16: =1+D16 -> 0.966 | I16: =1+E16 -> 0.883 | L16: =L15*(1+D16) -> 820.62715
B17: 1967 | C17: Berkshire Hathaway | D17: 0.133 | E17: 0.309 | F17: =D17-E17 -> -0.176 | H17: =1+D17 -> 1.133 | I17: =1+E17 -> 1.309 | L17: =L16*(1+D17) -> 929.77056
B18: 1968 | C18: Berkshire Hathaway | D18: 0.778 | E18: 0.11 | F18: =D18-E18 -> 0.668 | H18: =1+D18 -> 1.778 | I18: =1+E18 -> 1.11 | L18: =L17*(1+D18) -> 1653.1321
... B74: 2024 | C74: Berkshire Hathaway | D74: 0.255 | E74: 0.25 | F74: =D74-E74 -> 0.005 | H74: =1+D74 -> 1.255 | I74: =1+E74 -> 1.25 | L74: =L73*(1+D74) -> 31198561
B76: Nº de años | C76: CAGR (media geométrica anual) | D76: =GEOMEAN(H6:H74)-1 -> 0.20122715 | E76: =GEOMEAN(I6:I74)-1 -> 0.10498971 | J76: Nº años: | K76: =COUNT(B6:B74) -> 69 | L76: ← valor final
D78: (Imagen 6)
D79: Década | E79: Buffett | F79: S&P 500
D80: 50s | E80: =GEOMEAN(H6:H9)-1 -> 0.18532949 | F80: =GEOMEAN(I6:I9)-1 -> 0.11166084 | H80: =+E80-F80 -> 0.07366865
D81: 60s | E81: =GEOMEAN(H10:H19)-1 -> 0.25891252 | F81: =GEOMEAN(I10:I19)-1 -> 0.079725664 | H81: =+E81-F81 -> 0.17918685
D82: 70s | E82: =GEOMEAN(H20:H29)-1 -> 0.2223787 | F82: =GEOMEAN(I20:I29)-1 -> 0.057752865 | H82: =+E82-F82 -> 0.16462584
D83: 80s | E83: =GEOMEAN(H30:H39)-1 -> 0.3909208 | F83: =GEOMEAN(I30:I39)-1 -> 0.17441788 | H83: =+E83-F83 -> 0.21650291
D84: 90s | E84: =GEOMEAN(H40:H49)-1 -> 0.20510846 | F84: =GEOMEAN(I40:I49)-1 -> 0.18218353 | H84: =+E84-F84 -> 0.022924929
D85: 00s | E85: =GEOMEAN(H50:H59)-1 -> 0.058550772 | F85: =GEOMEAN(I50:I59)-1 -> -0.0094520752 | H85: =+E85-F85 -> 0.068002847
D86: 10s | E86: =GEOMEAN(H60:H69)-1 -> 0.13085574 | F86: =GEOMEAN(I60:I69)-1 -> 0.13566291 | H86: =+E86-F86 -> -0.0048071635
D87: 20s | E87: =GEOMEAN(H70:H74)-1 -> 0.14936539 | F87: =GEOMEAN(I70:I74)-1 -> 0.14526372 | H87: =+E87-F87 -> 0.0041016738
D88: Total | E88: =GEOMEAN(H6:H74)-1 -> 0.20122715 | F88: =GEOMEAN(I6:I74)-1 -> 0.10498971
B91: NOTAS DE LA CORRECCIÓN:
B92: 1) 1965 se cuenta como UN único periodo anual (antes aparecía dos veces: partnership 36,9% y Berkshire 49,5%, encadenados).
B93: Esto evita el doble cómputo de ese año. Celda amarilla = dato editable para 1965.
B94: 2) Década 20s ahora incluye 2020 (antes el rango empezaba en 2021 y dejaba fuera ese año).
B95: 3) CAGR = media geométrica de (1+retorno). Valor final encadenando los retornos año a año sobre 100 $.
J98: =+(1.15/1)^(1/3)-1 -> 0.047689553

Sheet Cap2. Rentabilidad
A1: Inicio
B3: Cálculo del beneficio y de rentabilidad acumulada
B5: Inversión inicial | C5: 100 | D5: 1000
B6: Capital final | C6: 130 | D6: 1030
B7: Beneficio o pérdida | C7: =+C6-C5 -> 30 | D7: =+D6-D5 -> 30
B9: Rentabilidad acumulada | C9: =+C6/C5-1 -> 0.3 | D9: =+D6/D5-1 -> 0.03
B11: Rentabilidad simple Vs Rentabilidad compuesta
B13: Periodo | C13: Capital inicial | D13: Rentabilidad | E13: Crecimiento exponencial | F13: Crecimiento lineal
B14: 1 | C14: 100 | D14: 0.1 | E14: =+C14*(1+D14) -> 110 | F14: =+$C$14*(1+$D$14*B14) -> 110
B15: 2 | C15: =+E14 -> 110 | D15: =+D14 -> 0.1 | E15: =+C15*(1+D15) -> 121 | F15: =+$C$14*(1+$D$14*B15) -> 120
B16: 3 | C16: =+E15 -> 121 | D16: =+D15 -> 0.1 | E16: =+C16*(1+D16) -> 133.1 | F16: =+$C$14*(1+$D$14*B16) -> 130
B17: 4 | C17: =+E16 -> 133.1 | D17: =+D16 -> 0.1 | E17: =+C17*(1+D17) -> 146.41 | F17: =+$C$14*(1+$D$14*B17) -> 140
B18: 5 | C18: =+E17 -> 146.41 | D18: =+D17 -> 0.1 | E18: =+C18*(1+D18) -> 161.051 | F18: =+$C$14*(1+$D$14*B18) -> 150
B19: 6 | C19: =+E18 -> 161.051 | D19: =+D18 -> 0.1 | E19: =+C19*(1+D19) -> 177.1561 | F19: =+$C$14*(1+$D$14*B19) -> 160
B20: 7 | C20: =+E19 -> 177.1561 | D20: =+D19 -> 0.1 | E20: =+C20*(1+D20) -> 194.87171 | F20: =+$C$14*(1+$D$14*B20) -> 170
B21: 8 | C21: =+E20 -> 194.87171 | D21: =+D20 -> 0.1 | E21: =+C21*(1+D21) -> 214.35888 | F21: =+$C$14*(1+$D$14*B21) -> 180
B22: 9 | C22: =+E21 -> 214.35888 | D22: =+D21 -> 0.1 | E22: =+C22*(1+D22) -> 235.79477 | F22: =+$C$14*(1+$D$14*B22) -> 190
B23: 10 | C23: =+E22 -> 235.79477 | D23: =+D22 -> 0.1 | E23: =+C23*(1+D23) -> 259.37425 | F23: =+$C$14*(1+$D$14*B23) -> 200
B24: 11 | C24: =+E23 -> 259.37425 | D24: =+D23 -> 0.1 | E24: =+C24*(1+D24) -> 285.31167 | F24: =+$C$14*(1+$D$14*B24) -> 210
B25: 12 | C25: =+E24 -> 285.31167 | D25: =+D24 -> 0.1 | E25: =+C25*(1+D25) -> 313.84284 | F25: =+$C$14*(1+$D$14*B25) -> 220
B26: 13 | C26: =+E25 -> 313.84284 | D26: =+D25 -> 0.1 | E26: =+C26*(1+D26) -> 345.22712 | F26: =+$C$14*(1+$D$14*B26) -> 230
... B43: 30 | C43: =+E42 -> 1586.3093 | D43: =+D42 -> 0.1 | E43: =+C43*(1+D43) -> 1744.9402 | F43: =+$C$14*(1+$D$14*B43) -> 400
B45: Fórmula capitalización simple | C45: Cf=Cox(1+Rxn)
B46: Fórmula capitalizacióncompuesta | C46: Cf=Cox(1+R)^n
B48: Inversión de 100 dólares al 10% durante 30 años (simple vs compuesta)
C50: Interés simple | D50: Interés compuesto
B51: Capital inicial | C51: 100 | D51: 100
B52: Rentabilidad | C52: 0.1 | D52: 0.1
B53: Tiempo | C53: 30 | D53: 30
B54: Capital final | C54: =+C51*(1+C52*C53) -> 400 | D54: =+D51*(1+D52)^D53 -> 1744.9402
B56: ¿Qué es mejor, un 20% anual durante 5 años, o un 5% durante 20 años?
B58: Capital inicial | C58: 100 | D58: 100
B59: Rentabilidad | C59: 0.2 | D59: 0.05
B60: Tiempo | C60: 5 | D60: 20
B61: Capital final | C61: =+C58*(1+C59)^C60 -> 248.832 | D61: =+D58*(1+D59)^D60 -> 265.32977
B66: Tiempo | C66: 0.2 | D66: 0.05
B67: 1 | C67: =100*(1+$C$66)^B67 -> 120 | D67: =100*(1+$D$66)^B67 -> 105
B68: 2 | C68: =100*(1+$C$66)^B68 -> 144 | D68: =100*(1+$D$66)^B68 -> 110.25
B69: 3 | C69: =100*(1+$C$66)^B69 -> 172.8 | D69: =100*(1+$D$66)^B69 -> 115.7625
B70: 4 | C70: =100*(1+$C$66)^B70 -> 207.36 | D70: =100*(1+$D$66)^B70 -> 121.55062
B71: 5 | C71: =100*(1+$C$66)^B71 -> 248.832 | D71: =100*(1+$D$66)^B71 -> 127.62816
B72: 6 | D72: =100*(1+$D$66)^B72 -> 134.00956
B73: 7 | D73: =100*(1+$D$66)^B73 -> 140.71004
B74: 8 | D74: =100*(1+$D$66)^B74 -> 147.74554
B75: 9 | D75: =100*(1+$D$66)^B75 -> 155.13282
B76: 10 | D76: =100*(1+$D$66)^B76 -> 162.88946
B77: 11 | D77: =100*(1+$D$66)^B77 -> 171.03394
B78: 12 | D78: =100*(1+$D$66)^B78 -> 179.58563
B79: 13 | D79: =100*(1+$D$66)^B79 -> 188.56491
B80: 14 | D80: =100*(1+$D$66)^B80 -> 197.99316
B81: 15 | D81: =100*(1+$D$66)^B81 -> 207.89282
B82: 16 | D82: =100*(1+$D$66)^B82 -> 218.28746
B83: 17 | D83: =100*(1+$D$66)^B83 -> 229.20183
... B86: 20 | D86: =100*(1+$D$66)^B86 -> 265.32977
B89: Retorno anual compuesto o CAGR (Compound Annual Growth Rate)
B91: CAGR | C91: =+(C6/C5)^(1/10)-1 -> 0.026583631 | D91: * De un retorno del 30% a lo largo de 10 años.
B92: CAGR | C92: =+(1.15/1)^(1/3)-1 -> 0.047689553 | D92: * De un retorno del 15% a lo largo de 3 años.
C95: Greenblatt | D95: Buffett | E95: Graham
B96: CAGR | C96: 0.3 | D96: 0.2 | E96: 0.122
B97: Años | C97: 9 | D97: 59 | E97: 20
B98: Capital inicial | C98: 100000 | D98: =+C98 -> 100000 | E98: =+D98 -> 100000
B99: Capital final | C99: =+C98*(1+C96)^C97 -> 1060449.9 | D99: =+D98*(1+D96)^D97 -> 4.6956262e+09 | E99: =+E98*(1+E96)^E97 -> 999671.1
B103: Money-Weighted Return, Time-Weighted Return, TIR y media geométrica
B106: Inversor: JUAN MARTIN DÍAZ
B107: Año | C107: Aportaciones o retiradas | D107: Capital | E107: Retorno | F107: Beneficios o pérdidas | G107: Capital final
B108: 1 | C108: -100000 | D108: 100000 | E108: 0.08 | F108: =+D108*E108 -> 8000 | G108: =D108*(1+E108) -> 108000
B109: 2 | C109: 0 | D109: =+G108 -> 108000 | E109: -0.02 | F109: =+D109*E109 -> -2160 | G109: =D109*(1+E109) -> 105840
B110: 3 | C110: 0 | D110: =+G109 -> 105840 | E110: 0.09 | F110: =+D110*E110 -> 9525.6 | G110: =D110*(1+E110) -> 115365.6
B111: 4 | C111: 0 | D111: =+G110 -> 115365.6 | E111: 0.05 | F111: =+D111*E111 -> 5768.28 | G111: =D111*(1+E111) -> 121133.88
B112: 5 | C112: 0 | D112: =+G111 -> 121133.88 | E112: -0.1 | F112: =+D112*E112 -> -12113.388 | G112: =D112*(1+E112) -> 109020.49
B113: 6 | C113: 0 | D113: =+G112 -> 109020.49 | E113: 0.15 | F113: =+D113*E113 -> 16353.074 | G113: =D113*(1+E113) -> 125373.57
B114: 7 | C114: 0 | D114: =+G113 -> 125373.57 | E114: 0.08 | F114: =+D114*E114 -> 10029.885 | G114: =D114*(1+E114) -> 135403.45
B115: 8 | C115: 0 | D115: =+G114 -> 135403.45 | E115: -0.02 | F115: =+D115*E115 -> -2708.069 | G115: =D115*(1+E115) -> 132695.38
B116: 9 | C116: 0 | D116: =+G115 -> 132695.38 | E116: 0.07 | F116: =+D116*E116 -> 9288.6767 | G116: =D116*(1+E116) -> 141984.06
B117: 10 | C117: 0 | D117: =+G116 -> 141984.06 | E117: 0.12 | F117: =+D117*E117 -> 17038.087 | G117: =D117*(1+E117) -> 159022.15
B118: 11 | C118: =+G117 -> 159022.15 | J118: Juan Martín | K118: Bela | L118: Observaciones
F119: Rentabilidad acumulada | G119: =+G117/D108-1 -> 0.59022146 | I119: MWR o TIR | J119: =+G120 -> 0.047480052 | K119: =+G141 -> 0.049174632 | L119: Rentabilidad económica del inversor
F120: MWR o TIR | G120: =+IRR(C108:C118) -> 0.047480052 | I120: TWR o média geométrica | J120: =+G142 -> 0.047480052 | K120: =+G143 -> 0.047480052 | L120: Rentabilidad del gestor profesional
F121: TWR o Media geométrica | I121: CAGR | J121: =+G122 -> 0.047480052 | K121: =+J121 -> 0.047480052 | L121: Rentabilidad de la estrategia o activo
F122: CAGR | G122: =+(G117/D108)^(0.1)-1 -> 0.047480052
B126: Inversor: FERNANDO BELASTEGUÍN
B127: Año | C127: Aportaciones o retiradas | D127: Capital | E127: Retorno | F127: Beneficios o pérdidas | G127: Capital final
B128: 1 | C128: -100000 | D128: 100000 | E128: 0.08 | F128: =+D128*E128 -> 8000 | G128: =D128*(1+E128) -> 108000
B129: 2 | C129: =+(500*12)*-1 -> -6000 | D129: =+G128-C129 -> 114000 | E129: -0.02 | F129: =+D129*E129 -> -2280 | G129: =D129*(1+E129) -> 111720
B130: 3 | C130: =+C129*(1+3%) -> -6180 | D130: =+G129-C130 -> 117900 | E130: 0.09 | F130: =+D130*E130 -> 10611 | G130: =D130*(1+E130) -> 128511
B131: 4 | C131: =+C130*(1+3%) -> -6365.4 | D131: =+G130-C131 -> 134876.4 | E131: 0.05 | F131: =+D131*E131 -> 6743.82 | G131: =D131*(1+E131) -> 141620.22
B132: 5 | C132: =+C131*(1+3%) -> -6556.362 | D132: =+G131-C132 -> 148176.58 | E132: -0.1 | F132: =+D132*E132 -> -14817.658 | G132: =D132*(1+E132) -> 133358.92
B133: 6 | C133: =+C132*(1+3%) -> -6753.0529 | D133: =+G132-C133 -> 140111.98 | E133: 0.15 | F133: =+D133*E133 -> 21016.796 | G133: =D133*(1+E133) -> 161128.77
B134: 7 | C134: =+C133*(1+3%) -> -6955.6444 | D134: =+G133-C134 -> 168084.42 | E134: 0.08 | F134: =+D134*E134 -> 13446.753 | G134: =D134*(1+E134) -> 181531.17
B135: 8 | C135: =+C134*(1+3%) -> -7164.3138 | D135: =+G134-C135 -> 188695.48 | E135: -0.02 | F135: =+D135*E135 -> -3773.9097 | G135: =D135*(1+E135) -> 184921.58
B136: 9 | C136: =+C135*(1+3%) -> -7379.2432 | D136: =+G135-C136 -> 192300.82 | E136: 0.07 | F136: =+D136*E136 -> 13461.057 | G136: =D136*(1+E136) -> 205761.88
B137: 10 | C137: =+C136*(1+3%) -> -7600.6205 | D137: =+G136-C137 -> 213362.5 | E137: 0.12 | F137: =+D137*E137 -> 25603.5 | G137: =D137*(1+E137) -> 238966
B138: 11 | C138: =+G137 -> 238966
F139: Rentabilidad acumulada s/ capital iniicial | G139: =+G137/D128-1 -> 1.38966
F140: Rentabilidad acumulada s/ capital iniicial + aportaciones | G140: =+G137/(D128-SUM(C129:C137))-1 -> 0.48467916
F141: MWR o TIR | G141: =+IRR(C128:C138) -> 0.049174632
F142: TWR o Media geométrica | G142: =+((1+E128)*(1+E129)*(1+E130)*(1+E131)*(1+E132)*(1+E133)*(1+E134)*(1+E135)*(1+E136)*(1+E137))^(1/10)-1 -> 0.047480052
F143: CAGR | G143: =+((1+E128)*(1+E129)*(1+E130)*(1+E131)*(1+E132)*(1+E133)*(1+E134)*(1+E135)*(1+E136)*(1+E137))^(1/10)-1 -> 0.047480052
B146: Retornos obtenidos por el gestor de fondos Martín Echegaray
C148: Año | D148: Retorno | F148: 1+ retorno | G148: Capital inicial | H148: 1
...

Sheet Cap3. Backtesting FM
A1: Inicio | C1: (Imagen 16)
C2: Año | D2: FM All market | E2: FM "selecta" | F2: Media mercado all market | G2: Media mercado "selecta" | H2: S&P500 | K2: FM All market | L2: FM Large Cap. | M2: Media mercado all market | N2: Media mercado large cap. | O2: S&P500
C3: 1988 | D3: 0.271 | E3: 0.294 | F3: 0.248 | G3: 0.196 | H3: 0.166 | K3: =1+D3 -> 1.271 | L3: =1+E3 -> 1.294 | M3: =1+F3 -> 1.248 | N3: =1+G3 -> 1.196 | O3: =1+H3 -> 1.166
C4: 1989 | D4: 0.446 | E4: 0.3 | F4: 0.18 | G4: 0.276 | H4: 0.317 | K4: =1+D4 -> 1.446 | L4: =1+E4 -> 1.3 | M4: =1+F4 -> 1.18 | N4: =1+G4 -> 1.276 | O4: =1+H4 -> 1.317
C5: 1990 | D5: 0.017 | E5: -0.06 | F5: -0.161 | G5: -0.071 | H5: -0.031 | K5: =1+D5 -> 1.017 | L5: =1+E5 -> 0.94 | M5: =1+F5 -> 0.839 | N5: =1+G5 -> 0.929 | O5: =1+H5 -> 0.969
C6: 1991 | D6: 0.706 | E6: 0.515 | F6: 0.456 | G6: 0.344 | H6: 0.305 | K6: =1+D6 -> 1.706 | L6: =1+E6 -> 1.515 | M6: =1+F6 -> 1.456 | N6: =1+G6 -> 1.344 | O6: =1+H6 -> 1.305
C7: 1992 | D7: 0.324 | E7: 0.164 | F7: 0.114 | G7: 0.103 | H7: 0.076 | K7: =1+D7 -> 1.324 | L7: =1+E7 -> 1.164 | M7: =1+F7 -> 1.114 | N7: =1+G7 -> 1.103 | O7: =1+H7 -> 1.076
C8: 1993 | D8: 0.172 | E8: 0.005 | F8: 0.159 | G8: 0.144 | H8: 0.101 | K8: =1+D8 -> 1.172 | L8: =1+E8 -> 1.005 | M8: =1+F8 -> 1.159 | N8: =1+G8 -> 1.144 | O8: =1+H8 -> 1.101
C9: 1994 | D9: 0.22 | E9: 0.153 | F9: -0.045 | G9: 0.005 | H9: 0.013 | K9: =1+D9 -> 1.22 | L9: =1+E9 -> 1.153 | M9: =1+F9 -> 0.955 | N9: =1+G9 -> 1.005 | O9: =1+H9 -> 1.013
C10: 1995 | D10: 0.34 | E10: 0.559 | F10: 0.291 | G10: 0.314 | H10: 0.376 | K10: =1+D10 -> 1.34 | L10: =1+E10 -> 1.559 | M10: =1+F10 -> 1.291 | N10: =1+G10 -> 1.314 | O10: =1+H10 -> 1.376
C11: 1996 | D11: 0.173 | E11: 0.374 | F11: 0.149 | G11: 0.162 | H11: 0.23 | K11: =1+D11 -> 1.173 | L11: =1+E11 -> 1.374 | M11: =1+F11 -> 1.149 | N11: =1+G11 -> 1.162 | O11: =1+H11 -> 1.23
C12: 1997 | D12: 0.404 | E12: 0.41 | F12: 0.168 | G12: 0.196 | H12: 0.334 | K12: =1+D12 -> 1.404 | L12: =1+E12 -> 1.41 | M12: =1+F12 -> 1.168 | N12: =1+G12 -> 1.196 | O12: =1+H12 -> 1.334
C13: 1998 | D13: 0.255 | E13: 0.326 | F13: -0.02 | G13: 0.099 | H13: 0.286 | K13: =1+D13 -> 1.255 | L13: =1+E13 -> 1.326 | M13: =1+F13 -> 0.98 | N13: =1+G13 -> 1.099 | O13: =1+H13 -> 1.286
C14: 1999 | D14: 0.53 | E14: 0.144 | F14: 0.361 | G14: 0.351 | H14: 0.21 | K14: =1+D14 -> 1.53 | L14: =1+E14 -> 1.144 | M14: =1+F14 -> 1.361 | N14: =1+G14 -> 1.351 | O14: =1+H14 -> 1.21
... C19: 2004 | D19: 0.193 | E19: 0.276 | F19: 0.178 | G19: 0.173 | H19: 0.109 | K19: =1+D19 -> 1.193 | L19: =1+E19 -> 1.276 | M19: =1+F19 -> 1.178 | N19: =1+G19 -> 1.173 | O19: =1+H19 -> 1.109
C20: CAGR | D20: =++K21 -> 0.30834601 | E20: =++L21 -> 0.22858905 | F20: =++M21 -> 0.12283186 | G20: =++N21 -> 0.1166105 | H20: =++O21 -> 0.12395333 | K20: =+PRODUCT(K3:K19) -> 96.446053 | L20: =+PRODUCT(L3:L19) -> 33.106471 | M20: =+PRODUCT(M3:M19) -> 7.167214 | N20: =+PRODUCT(N3:N19) -> 6.5212227 | O20: =+PRODUCT(O3:O19) -> 7.2898855
J21: R.geom | K21: =+(K20)^(1/17)-1 -> 0.30834601 | L21: =+(L20)^(1/17)-1 -> 0.22858905 | M21: =+(M20)^(1/17)-1 -> 0.12283186 | N21: =+(N20)^(1/17)-1 -> 0.1166105 | O21: =+(O20)^(1/17)-1 -> 0.12395333
J23: (Imagen 17)
C25: Año | D25: FM All market | E25: FM "selecta" | F25: Media mercado all market | G25: Media mercado "selecta" | H25: S&P500
C26: Inversión | D26: 100000 | E26: 100000 | F26: 100000 | G26: 100000 | H26: 100000
C27: 1988 | D27: =+D26*(1+D3) -> 127100 | E27: =+E26*(1+E3) -> 129400 | F27: =+F26*(1+F3) -> 124800 | G27: =+G26*(1+G3) -> 119600 | H27: =+H26*(1+H3) -> 116600
C28: 1989 | D28: =+D27*(1+D4) -> 183786.6 | E28: =+E27*(1+E4) -> 168220 | F28: =+F27*(1+F4) -> 147264 | G28: =+G27*(1+G4) -> 152609.6 | H28: =+H27*(1+H4) -> 153562.2
C29: 1990 | D29: =+D28*(1+D5) -> 186910.97 | E29: =+E28*(1+E5) -> 158126.8 | F29: =+F28*(1+F5) -> 123554.5 | G29: =+G28*(1+G5) -> 141774.32 | H29: =+H28*(1+H5) -> 148801.77
C30: 1991 | D30: =+D29*(1+D6) -> 318870.12 | E30: =+E29*(1+E6) -> 239562.1 | F30: =+F29*(1+F6) -> 179895.35 | G30: =+G29*(1+G6) -> 190544.68 | H30: =+H29*(1+H6) -> 194186.31
C31: 1992 | D31: =+D30*(1+D7) -> 422184.04 | E31: =+E30*(1+E7) -> 278850.29 | F31: =+F30*(1+F7) -> 200403.42 | G31: =+G30*(1+G7) -> 210170.79 | H31: =+H30*(1+H7) -> 208944.47
C32: 1993 | D32: =+D31*(1+D8) -> 494799.69 | E32: =+E31*(1+E8) -> 280244.54 | F32: =+F31*(1+F8) -> 232267.56 | G32: =+G31*(1+G8) -> 240435.38 | H32: =+H31*(1+H8) -> 230047.86
C33: 1994 | D33: =+D32*(1+D9) -> 603655.62 | E33: =+E32*(1+E9) -> 323121.95 | F33: =+F32*(1+F9) -> 221815.52 | G33: =+G32*(1+G9) -> 241637.56 | H33: =+H32*(1+H9) -> 233038.49
C34: 1995 | D34: =+D33*(1+D10) -> 808898.54 | E34: =+E33*(1+E10) -> 503747.12 | F34: =+F33*(1+F10) -> 286363.83 | G34: =+G33*(1+G10) -> 317511.75 | H34: =+H33*(1+H10) -> 320660.96
C35: 1996 | D35: =+D34*(1+D11) -> 948837.98 | E35: =+E34*(1+E11) -> 692148.55 | F35: =+F34*(1+F11) -> 329032.05 | G35: =+G34*(1+G11) -> 368948.65 | H35: =+H34*(1+H11) -> 394412.98
C36: 1997 | D36: =+D35*(1+D12) -> 1332168.5 | E36: =+E35*(1+E12) -> 975929.45 | F36: =+F35*(1+F12) -> 384309.43 | G36: =+G35*(1+G12) -> 441262.59 | H36: =+H35*(1+H12) -> 526146.91
C37: 1998 | D37: =+D36*(1+D13) -> 1671871.5 | E37: =+E36*(1+E13) -> 1294082.5 | F37: =+F36*(1+F13) -> 376623.24 | G37: =+G36*(1+G13) -> 484947.58 | H37: =+H36*(1+H13) -> 676624.93
C38: 1999 | D38: =+D37*(1+D14) -> 2557963.4 | E38: =+E37*(1+E14) -> 1480430.3 | F38: =+F37*(1+F14) -> 512584.23 | G38: =+G37*(1+G14) -> 655164.19 | H38: =+H37*(1+H14) -> 818716.16
... C43: 2004 | D43: =+D42*(1+D19) -> 9644605.3 | E43: =+E42*(1+E19) -> 3310647.1 | F43: =+F42*(1+F19) -> 716721.4 | G43: =+G42*(1+G19) -> 652122.27 | H43: =+H42*(1+H19) -> 728988.55
C44: CAGR | D44: =+(D43/D26)^(0.0588235294117647)-1 -> 0.30834601 | E44: =+(E43/E26)^(0.0588235294117647)-1 -> 0.22858905 | F44: =+(F43/F26)^(0.0588235294117647)-1 -> 0.12283186 | G44: =+(G43/G26)^(0.0588235294117647)-1 -> 0.1166105 | H44: =+(H43/H26)^(0.0588235294117647)-1 -> 0.12395333
D47: (Imagen 18)
D48: CAGR | E48: Capital inicial | F48: Años | G48: Capital final
C49: FM All market | D49: =+D20 -> 0.30834601 | E49: 100000 | F49: 17 | G49: =E49*(1+D49)^F49 -> 9644605.3
C50: FM "selecta" | D50: =+E20 -> 0.22858905 | E50: 100000 | F50: 17 | G50: =E50*(1+D50)^F50 -> 3310647.1
C51: Media mercado all market | D51: =+F20 -> 0.12283186 | E51: 100000 | F51: 17 | G51: =E51*(1+D51)^F51 -> 716721.4
C52: Media mercado "selecta" | D52: =+G20 -> 0.1166105 | E52: 100000 | F52: 17 | G52: =E52*(1+D52)^F52 -> 652122.27
C53: S&P500 | D53: =+H20 -> 0.12395333 | E53: 100000 | F53: 17 | G53: =E53*(1+D53)^F53 -> 728988.55
D57: CAGR
C58: Cartera A | D58: 0.179
C59: Cartera B | D59: 0.156
C60: Cartera C | D60: 0.148
C61: Cartera D | D61: 0.142
C62: Cartera E | D62: 0.141
C63: Cartera F | D63: 0.127
C64: Cartera G | D64: 0.113
C65: Cartera H | D65: 0.101
C66: Cartera I | D66: 0.052
C67: Cartera J | D67: 0.025
C71: (Imagen 19)
C96: Resultados propios sobre la FM
C97: Fecha | D97: MFA Return % | E97: S&P 500 Return %
C98: 36164 | D98: 100 | E98: 100
C99: 36528 | D99: 144 | E99: 120
C100: 36892 | D100: 162 | E100: 109
C101: 37257 | D101: 229 | E101: 96
C102: 37622 | D102: 257 | E102: 77
C103: 37987 | D103: 389 | E103: 96
C104: 38355 | D104: 547 | E104: 107
C105: 38719 | D105: 723 | E105: 112
C106: 39083 | D106: 787 | E106: 130
C107: 39448 | D107: 800 | E107: 137
C108: 39814 | D108: 467 | E108: 86
C109: 40179 | D109: 849 | E109: 110
... C122: 44643 | D122: 4582 | E122: 555
D125: FM real | E125: S&P500
C126: Capital inicial | D126: 100000 | E126: 100000
C127: Capital final | D127: 120800.57 | E127: 118079.3
C128: Fecha inicio | D128: 44655 | E128: 44655
C129: Fecha fin | D129: 45510 | E129: 45510
C130: Tiempo en años | D130: =+(D129-D128)/365 -> 2.3424658 | E130: =+(E129-E128)/365 -> 2.3424658
C131: CAGR | D131: =(D127/D126)^(1/D130)-1 -> 0.084015013 | E131: =(E127/E126)^(1/E130)-1 -> 0.073522187
C132: Rentabilidad acum. | D132: =+D127/D126-1 -> 0.2080057 | E132: =+E127/E126-1 -> 0.180793

Sheet Cap3. Volatilidad
A1: Inicio
C4: MV | D4: PV
B5: 0 | C5: 100 | D5: 100 | I5: (Imagen 20)
B6: 1 | C6: 150 | D6: 110 | F6: =+C6/C5-1 -> 0.5 | G6: =+D6/D5-1 -> 0.1
B7: 2 | C7: 50 | D7: 105 | F7: =+C7/C6-1 -> -0.66666667 | G7: =+D7/D6-1 -> -0.045454545
B8: 3 | C8: 180 | D8: 115 | F8: =+C8/C7-1 -> 2.6 | G8: =+D8/D7-1 -> 0.095238095
B9: 4 | C9: 75 | D9: 110 | F9: =+C9/C8-1 -> -0.58333333 | G9: =+D9/D8-1 -> -0.043478261
B10: 5 | C10: 190 | D10: 120 | F10: =+C10/C9-1 -> 1.5333333 | G10: =+D10/D9-1 -> 0.090909091
B11: 6 | C11: 100 | D11: 140 | F11: =+C11/C10-1 -> -0.47368421 | G11: =+D11/D10-1 -> 0.16666667
B12: 7 | C12: 50 | D12: 150 | F12: =+C12/C11-1 -> -0.5 | G12: =+D12/D11-1 -> 0.071428571
B13: 8 | C13: 250 | D13: 130 | F13: =+C13/C12-1 -> 4 | G13: =+D13/D12-1 -> -0.13333333
B14: 9 | C14: 100 | D14: 160 | F14: =+C14/C13-1 -> -0.6 | G14: =+D14/D13-1 -> 0.23076923
B15: 10 | C15: 200 | D15: 145 | F15: =+C15/C14-1 -> 1 | G15: =+D15/D14-1 -> -0.09375
B16: 11 | C16: 200 | D16: 175 | F16: =+C16/C15-1 -> 0 | G16: =+D16/D15-1 -> 0.20689655
B17: 12 | C17: 100 | D17: 160 | F17: =+C17/C16-1 -> -0.5 | G17: =+D17/D16-1 -> -0.085714286
... B24: 19 | C24: 200 | D24: 200 | F24: =+C24/C23-1 -> 1 | G24: =+D24/D23-1 -> -0.024390244
F25: =+C25/C24-1 -> -1

Sheet Cap4. Cuenta de resultados
A1: Inicio
C3: (Imagen 25) | G3: (Imagen 26) | I3: (Imagen 30)
C4: 2022 | D4: 2023 | E4: 2024 | G4: Ventas (Sales) | I4: Criterio de devengo | J4: Criterio de Caja
B5: Ingresos trabajo | C5: 52300 | D5: =+C5*(1+3%) -> 53869 | E5: =+D5*(1+3%) -> 55485.07 | G5: (-) Gastos directos (Cost of Sales) | I5: Se genera el derecho o la obligación | J5: Se realiza el pago o el cobro del dinero
B6: (-) Casa | C6: =+SUM(C7:C10)*-1 -> -16200 | D6: =+SUM(D7:D10)*-1 -> -16860 | E6: =+SUM(E7:E10)*-1 -> -17376.24 | G6: (=) Beneficio Bruto (Gross profit) | I6: Ingresos y gastos | J6: Cobros y pagos
B7: Hipoteca | C7: =450*12 -> 5400 | D7: =475*12 -> 5700 | E7: =487*12 -> 5844 | G7: (-) Gastos Generales u Operativos (Operating Expenses) | I7: Se imputa en la Cuenta de Resultados | J7: Se registra en el Cuadro de Flujos de Efectivo
B8: Suministros | C8: =300*12 -> 3600 | D8: =+C8*(1+4%) -> 3744 | E8: =+D8*(1+4%) -> 3893.76 | G8: (=) Beneficio Operativo (Operating Income o EBIT)
B9: Comida | C9: =500*12 -> 6000 | D9: =+C9*(1+3%) -> 6180 | E9: =+D9*(1+3%) -> 6365.4 | G9: (+/-) Resultado financiero (Financial Result)
B10: Impuestos | C10: =100*12 -> 1200 | D10: =+C10*(1+3%) -> 1236 | E10: =+D10*(1+3%) -> 1273.08 | G10: (=) Beneficios antes de impuestos (Earnings Before Taxes o EBT)
B11: (-) Ocio | C11: =-200*12 -> -2400 | D11: =+C11*(1+3%) -> -2472 | E11: =+D11*(1+3%) -> -2546.16 | G11: (-) Impuestos (Taxes)
B12: (-) Hijos | C12: =+SUM(C13:C15)*-1 -> -16200 | D12: =+SUM(D13:D15)*-1 -> -16686 | E12: =+SUM(E13:E15)*-1 -> -17186.58 | G12: (=) Beneficio Neto (Net Profit)
B13: Colegio | C13: =1000*12 -> 12000 | D13: =+C13*(1+3%) -> 12360 | E13: =+D13*(1+3%) -> 12730.8
B14: Extraexcolares | C14: =300*12 -> 3600 | D14: =+C14*(1+3%) -> 3708 | E14: =+D14*(1+3%) -> 3819.24
B15: Ropa | C15: =50*12 -> 600 | D15: =+C15*(1+3%) -> 618 | E15: =+D15*(1+3%) -> 636.54
B16: (-) Otros | C16: -7530 | D16: =+C16*(1+4%) -> -7831.2 | E16: =+D16*(1+4%) -> -8144.448
B17: TOTAL GASTOS | C17: =+C16+C12+C11+C6 -> -42330 | D17: =+D16+D12+D11+D6 -> -43849.2 | E17: =+E16+E12+E11+E6 -> -45253.428
B18: AHORRO/PÉRDIDA | C18: =+C5+C17 -> 9970 | D18: =+D5+D17 -> 10019.8 | E18: =+E5+E17 -> 10231.642
B22: (Imagen 28) | G22: (Imagen 31)
C23: 2024 | D23: 2025 | G23: Ventas (Sales)
B24: Ventas | C24: 150000 | D24: 200000 | G24: (-) Gastos directos (Cost of Sales o Cost of Goods Sold)
B25: Gastos por la máquina | C25: -1000000 | D25: 0 | G25: (=) Beneficio Bruto (Gross profit)
B26: Beneficio neto | C26: (-850.000) | D26: 200000 | G26: (-) Gastos Generales u Operativos (Operating Expenses)
G27: (=) EBITDA
B28: (Imagen 29) | G28: (-) Depreciación y amortización
C29: 2024 | D29: 2025 | G29: (=) Beneficio Operativo (Operating Income o EBIT)
B30: Ventas | C30: 150000 | D30: 200000 | G30: (+/-) Resultado financiero (Financial Result)
B31: Gasto depreciación | C31: 50000 | D31: 50000 | G31: (=) Beneficios antes de impuestos (Earnings Before Taxes o EBT)
B32: Beneficio Neto | C32: 100000 | D32: 150000 | G32: (-) Impuestos (Taxes)
G33: (=) Beneficio Neto (Net Profit)

Sheet Cap4. Cuenta resultados Apple
A1: Inicio
B2: (Imagen 32)
C3: 2021 | D3: 2022 | E3: 2023 | F3: 2024 | G3: 2025
B4: Ventas (sales) | C4: 365817 | D4: 394328 | E4: 383285 | F4: 391035 | G4: 416161
B5: (-) Costes directos (Cost of sales) | C5: =-(192266+20715) -> -212981 | D5: =-(201471+22075) -> -223546 | E5: =-(189282+24855) -> -214137 | F5: -210352 | G5: -220960
B6: (=) Beneficio bruto (gross profit) | C6: =+C4+C5 -> 152836 | D6: =+D4+D5 -> 170782 | E6: =+E4+E5 -> 169148 | F6: =+F4+F5 -> 180683 | G6: =+G4+G5 -> 195201
B7: (-) Gastos operativos (OPEX) | C7: =-(21914+21973) -> -43887 | D7: =-(26251+25094) -> -51345 | E7: =-(29915+24932) -> -54847 | F7: =-26097-31370 -> -57467 | G7: =-34550-27601 -> -62151
B8: (=) Beneficio Operativo (EBIT) | C8: =+C6+C7 -> 108949 | D8: =+D6+D7 -> 119437 | E8: =+E6+E7 -> 114301 | F8: =+F6+F7 -> 123216 | G8: =+G6+G7 -> 133050
B9: (+/-) Gastos/Ingresos financieros | C9: 258 | D9: -334 | E9: -565 | F9: 269 | G9: -321
B10: (=) Beneficio Antes de impuestos (EBT) | C10: =+C8+C9 -> 109207 | D10: =+D8+D9 -> 119103 | E10: =+E8+E9 -> 113736 | F10: =+F8+F9 -> 123485 | G10: =+G8+G9 -> 132729
B11: (-) Impuestos (Taxes) | C11: -14527 | D11: -19300 | E11: -16741 | F11: -29749 | G11: -20719
B12: (=) Beneficio Neto (Net Profit) | C12: =+C10+C11 -> 94680 | D12: =+D10+D11 -> 99803 | E12: =+E10+E11 -> 96995 | F12: =+F10+F11 -> 93736 | G12: =+G10+G11 -> 112010

Sheet Cap4. Balance familia
A1: Inicio
B3: (Imagen 35)
B4: Balance de situación de una persona
B5: Activos (Assets) | D5: Neto + Pasivo
B6: Efectivo | C6: 20000 | D6: Neto (Equity) | E6: 125000
B7: Inversiones financieras | C7: 80000 | D7: Pasivos (Liabilities)
B8: Vivienda | C8: 200000 | D8: Préstamo bancario | E8: =+C13-(E6+E9) -> 192000
B9: Coche | C9: 15000 | D9: Préstamo familiar | E9: 15000
B10: Ordenadores | C10: 5000
B11: Libros | C11: 2000
B12: Muebles | C12: 10000
B13: Total activos | C13: =+SUM(C6:C12) -> 332000 | D13: Total Neto + Pasivos | E13: =+E6+E8+E9 -> 332000

Sheet Cap4. Balance Apple
A1: Inicio
B3: ACTIVOS | E3: PASIVO + NETO
B4: Caja y equivalentes | C4: =+'EEFF Apple y cálculo ratios'!G17 -> 35934 | E4: Neto | F4: =+'EEFF Apple y cálculo ratios'!G36 -> 73733
B5: Activos financieros de corto plazo | C5: =+'EEFF Apple y cálculo ratios'!G18 -> 18763
B6: Clientes | C6: =+'EEFF Apple y cálculo ratios'!G19 -> 39777 | E6: Proveedores | F6: =+'EEFF Apple y cálculo ratios'!G28 -> 69860
B7: Inventarios | C7: =+'EEFF Apple y cálculo ratios'!G20 -> 5718 | E7: Deuda a corto plazo | F7: =+'EEFF Apple y cálculo ratios'!G29 -> 20329
B8: Otros activos corrientes | C8: =+'EEFF Apple y cálculo ratios'!G21 -> 47765 | E8: Otros pasivos corrientes | F8: =+'EEFF Apple y cálculo ratios'!G30 -> 75442
B9: Total activos corrientes | C9: =+SUM(C4:C8) -> 147957 | E9: Total pasivos corrientes | F9: =+SUM(F5:F8) -> 165631
B10: Activos financieros de largo plazo | C10: =+'EEFF Apple y cálculo ratios'!G23 -> 77723 | E10: Deuda a largo plazo | F10: =+'EEFF Apple y cálculo ratios'!G32 -> 78328
B11: Propiedad, planta y equipamiento | C11: =+'EEFF Apple y cálculo ratios'!G24 -> 49834 | E11: Otros pasivos no corrientes | F11: =+'EEFF Apple y cálculo ratios'!G33 -> 41549
B12: Otros activos no corrientes | C12: =+'EEFF Apple y cálculo ratios'!G25 -> 83727 | E12: Total pasivos no corrientes | F12: =+SUM(F10:F11) -> 119877
B13: Total activos no corrientes | C13: =+SUM(C10:C12) -> 211284 | E13: TOTAL PASIVOS | F13: =+F12+F9 -> 285508
B14: TOTAL ACTIVOS | C14: =+C13+C9 -> 359241 | E14: TOTAL PASIVO + NETO | F14: =+F13+F4 -> 359241

Sheet Cap4. ROA Apple
A1: Inicio
B3: (Imagen 38)
C4: 2022 | D4: 2023 | E4: 2024 | F4: 2025
B5: ROA Apple | C5: =+'EEFF Apple y cálculo ratios'!D70 -> 0.28292441 | D5: =+'EEFF Apple y cálculo ratios'!E70 -> 0.27509835 | E5: =+'EEFF Apple y cálculo ratios'!F70 -> 0.25682503 | F5: =+'EEFF Apple y cálculo ratios'!G70 -> 0.31179626
B7: (Imagen 39)
C8: 2022 | D8: 2023 | E8: 2024 | F8: 2025
B9: Beneficio neto | C9: =+'EEFF Apple y cálculo ratios'!D74 -> 99803 | D9: =+'EEFF Apple y cálculo ratios'!E74 -> 96995 | E9: =+'EEFF Apple y cálculo ratios'!F74 -> 93736 | F9: =+'EEFF Apple y cálculo ratios'!G74 -> 112010
B10: Total activos | C10: =+'EEFF Apple y cálculo ratios'!D75 -> 352755 | D10: =+'EEFF Apple y cálculo ratios'!E75 -> 352583 | E10: =+'EEFF Apple y cálculo ratios'!F75 -> 364980 | F10: =+'EEFF Apple y cálculo ratios'!G75 -> 359241
B11: ROA Apple | D11: =+D9/AVERAGE(C10:D10) -> 0.27503126 | E11: =+E9/AVERAGE(D10:E10) -> 0.26126208 | F11: =+F9/AVERAGE(E10:F10) -> 0.30932547
B12: (Calculado con el total de activos promedio del año y el anterior)

Sheet Cap4. Goodwill The Best
A1: Inicio
B2: (Imagen 41)
B3: ACTIVOS "THE BEST" | E3: PASIVO y NETO "THE BEST"
B4: Caja y equivalentes | C4: 75000 | E4: Equity | F4: =+C12 -> 735000
B5: Clientes | C5: 100000
B6: Inventarios (pelotas) | C6: 250000
B7: Otros activos corrientes | C7: 35000
B8: Total activos corrientes | C8: =+SUM(C4:C7) -> 460000
B9: Tiendas | C9: 200000
B10: Otros activos no corrientes | C10: 75000
B11: Total activos no corrientes | C11: =+SUM(C9:C10) -> 275000
B12: TOTAL ACTIVOS | C12: =+C11+C8 -> 735000 | E12: Total Pasivo + neto | F12: =+F4 -> 735000
B14: (Imagen 42)
B15: ACTIVOS "LA CUCHILLA" | E15: PASIVO y NETO "LA CUCHILLA"
B16: Caja y equivalentes | C16: 3000000 | E16: Equity | F16: =+C24 -> 4100000
B17: Clientes | C17: 230000
B18: Inventarios (palas) | C18: 350000
B19: Otros activos corrientes | C19: 40000
B20: Total activos corrientes | C20: =+SUM(C16:C19) -> 3620000
B21: Tiendas | C21: 400000
B22: Otros activos no corrientes | C22: 80000
B23: Total activos no corrientes | C23: =+SUM(C21:C22) -> 480000
B24: TOTAL ACTIVOS | C24: =+C23+C20 -> 4100000 | E24: Total Pasivo + neto | F24: =+F16 -> 4100000
B26: (Imagen 43)
B27: ACTIVOS CONSOLIDADOS | E27: PASIVO y NETO CONSOLIDADO
B28: Caja y equivalentes | C28: =+C4+C16-2000000 -> 1075000 | E28: Equity | F28: =+C37 -> 4100000
B29: Clientes | C29: =+C5+C17 -> 330000
B30: Imventarios (palas) | C30: =+C6+C18 -> 600000
B31: Otros activos corrientes | C31: =+C7+C19 -> 75000 | K31: =+F37-C37 -> 0
B32: Total activos corrientes | C32: =+SUM(C28:C31) -> 2080000
B33: Tiendas | C33: =+C21+C9 -> 600000
B34: Goodwill | C34: =2000000-C12 -> 1265000
B35: Otros activos no corrientes | C35: =+C22+C10 -> 155000
B36: Total activos no corrientes | C36: =+SUM(C33:C35) -> 2020000
B37: TOTAL ACTIVOS | C37: =+C36+C32 -> 4100000 | E37: Total Pasivo + neto | F37: =+F28 -> 4100000

Sheet Cap4. WC Apple
A1: Inicio
B3: (Imagen 45)
B4: Cálculo del Working Capital de Apple | C4: 2021 | D4: 2022 | E4: 2023 | F4: 2024 | G4: 2025
B5: =+'EEFF Apple y cálculo ratios'!B82 -> Caja y equivalentes | D5: =+'EEFF Apple y cálculo ratios'!D82 -> 1182.3 | E5: =+'EEFF Apple y cálculo ratios'!E82 -> 1498.25 | F5: =+'EEFF Apple y cálculo ratios'!F82 -> 1497.15 | G5: =+'EEFF Apple y cálculo ratios'!G82 -> 1796.7
B6: =+'EEFF Apple y cálculo ratios'!B83 -> Clientes | D6: =+'EEFF Apple y cálculo ratios'!D83 -> 28184 | E6: =+'EEFF Apple y cálculo ratios'!E83 -> 29508 | F6: =+'EEFF Apple y cálculo ratios'!F83 -> 33410 | G6: =+'EEFF Apple y cálculo ratios'!G83 -> 39777
B7: =+'EEFF Apple y cálculo ratios'!B84 -> Inventarios | D7: =+'EEFF Apple y cálculo ratios'!D84 -> 4946 | E7: =+'EEFF Apple y cálculo ratios'!E84 -> 6331 | F7: =+'EEFF Apple y cálculo ratios'!F84 -> 7286 | G7: =+'EEFF Apple y cálculo ratios'!G84 -> 5718
B8: =+'EEFF Apple y cálculo ratios'!B85 -> Otros activos corrientes | D8: =+'EEFF Apple y cálculo ratios'!D85 -> 53971 | E8: =+'EEFF Apple y cálculo ratios'!E85 -> 46172 | F8: =+'EEFF Apple y cálculo ratios'!F85 -> 47120 | G8: =+'EEFF Apple y cálculo ratios'!G85 -> 47765
B9: Total activos corrientes productivos | D9: =+SUM(D5:D8) -> 88283.3 | E9: =+SUM(E5:E8) -> 83509.25 | F9: =+SUM(F5:F8) -> 89313.15 | G9: =+SUM(G5:G8) -> 95056.7
B10: =+'EEFF Apple y cálculo ratios'!B87 -> Proveedores | D10: =+'EEFF Apple y cálculo ratios'!D87 -> 64115 | E10: =+'EEFF Apple y cálculo ratios'!E87 -> 62611 | F10: =+'EEFF Apple y cálculo ratios'!F87 -> 68960 | G10: =+'EEFF Apple y cálculo ratios'!G87 -> 69860
B11: =+'EEFF Apple y cálculo ratios'!B88 -> Otros pasivos corrientes | D11: =+'EEFF Apple y cálculo ratios'!D88 -> 67094 | E11: =+'EEFF Apple y cálculo ratios'!E88 -> 65315 | F11: =+'EEFF Apple y cálculo ratios'!F88 -> 84921 | G11: =+'EEFF Apple y cálculo ratios'!G88 -> 75442
B12: Total pasivos corrientes sin intereses | D12: =+SUM(D10:D11) -> 131209 | E12: =+SUM(E10:E11) -> 127926 | F12: =+SUM(F10:F11) -> 153881 | G12: =+SUM(G10:G11) -> 145302
B13: WORKING CAPITAL | D13: =+D9-D12 -> -42925.7 | E13: =+E9-E12 -> -44416.75 | F13: =+F9-F12 -> -64567.85 | G13: =+G9-G12 -> -50245.3
B14: Variación WC | E14: =-(E13-D13) -> 1491.05 | F14: =-(F13-E13) -> 20151.1 | G14: =-(G13-F13) -> -14322.55
B16: (Imagen 46 e Imagen 47)
C17: 2021 | D17: 2022 | E17: 2023 | F17: 2024 | G17: 2025
B18: Ventas | D18: =+'EEFF Apple y cálculo ratios'!D95 -> 394328 | E18: =+'EEFF Apple y cálculo ratios'!E95 -> 383285 | F18: =+'EEFF Apple y cálculo ratios'!F95 -> 391035 | G18: =+'EEFF Apple y cálculo ratios'!G95 -> 416161
B19: Saldo clientes | D19: =+'EEFF Apple y cálculo ratios'!D96 -> 28184 | E19: =+'EEFF Apple y cálculo ratios'!E96 -> 29508 | F19: =+'EEFF Apple y cálculo ratios'!F96 -> 33410 | G19: =+'EEFF Apple y cálculo ratios'!G96 -> 39777
B20: Periodo medio cobro (PMC) | D20: =+(D19/D18)*365 -> 26.087825 | E20: =+(E19/E18)*365 -> 28.100291 | F20: =+(F19/F18)*365 -> 31.185572 | G20: =+(G19/G18)*365 -> 34.886991
B21: COGS | D21: =+'EEFF Apple y cálculo ratios'!D98 -> 223546 | E21: =+'EEFF Apple y cálculo ratios'!E98 -> 214137 | F21: =+'EEFF Apple y cálculo ratios'!F98 -> 210352 | G21: =+'EEFF Apple y cálculo ratios'!G98 -> 220960
B22: Saldo proveedores | D22: =+'EEFF Apple y cálculo ratios'!D99 -> 64115 | E22: =+'EEFF Apple y cálculo ratios'!E99 -> 62611 | F22: =+'EEFF Apple y cálculo ratios'!F99 -> 68960 | G22: =+'EEFF Apple y cálculo ratios'!G99 -> 69860
B23: Periodo medio de pago (PMP) | D23: =+(D22/D21)*365 -> 104.68528 | E23: =+(E22/E21)*365 -> 106.72147 | F23: =+(F22/F21)*365 -> 119.65848 | G23: =+(G22/G21)*365 -> 115.40052
B24: COGS | D24: =+'EEFF Apple y cálculo ratios'!D101 -> 223546 | E24: =+'EEFF Apple y cálculo ratios'!E101 -> 214137 | F24: =+'EEFF Apple y cálculo ratios'!F101 -> 210352 | G24: =+'EEFF Apple y cálculo ratios'!G101 -> 220960
B25: Saldo inventarios | D25: =+'EEFF Apple y cálculo ratios'!D102 -> 4946 | E25: =+'EEFF Apple y cálculo ratios'!E102 -> 6331 | F25: =+'EEFF Apple y cálculo ratios'!F102 -> 7286 | G25: =+'EEFF Apple y cálculo ratios'!G102 -> 5718
B26: Periodo medio de rotación (PMR) | D26: =+(D25/D24)*365 -> 8.0756981 | E26: =+(E25/E24)*365 -> 10.791292 | F26: =+(F25/F24)*365 -> 12.642571 | G26: =+(G25/G24)*365 -> 9.4454652

Sheet Cap4. ROC Greenblatt Apple
A1: Inicio
B4: (Imagen 49)
B5: Capital Empleado Apple | C5: 2022 | D5: 2023 | E5: 2024 | F5: 2025
B6: Total Activos No corrientes | C6: =+'EEFF Apple y cálculo ratios'!D109 -> 217350 | D6: =+'EEFF Apple y cálculo ratios'!E109 -> 209017 | E6: =+'EEFF Apple y cálculo ratios'!F109 -> 211993 | F6: =+'EEFF Apple y cálculo ratios'!G109 -> 211284
B7: Activos financieros de largo plazo | C7: =+'EEFF Apple y cálculo ratios'!D110 -> 120805 | D7: =+'EEFF Apple y cálculo ratios'!E110 -> 100544 | E7: =+'EEFF Apple y cálculo ratios'!F110 -> 91479 | F7: =+'EEFF Apple y cálculo ratios'!G110 -> 77723
B8: Propiedad, planta y equipamiento | C8: =+'EEFF Apple y cálculo ratios'!D111 -> 42117 | D8: =+'EEFF Apple y cálculo ratios'!E111 -> 43715 | E8: =+'EEFF Apple y cálculo ratios'!F111 -> 45680 | F8: =+'EEFF Apple y cálculo ratios'!G111 -> 49834
B9: Otros activos no corrientes | C9: =+'EEFF Apple y cálculo ratios'!D112 -> 54428 | D9: =+'EEFF Apple y cálculo ratios'!E112 -> 64758 | E9: =+'EEFF Apple y cálculo ratios'!F112 -> 74834 | F9: =+'EEFF Apple y cálculo ratios'!G112 -> 83727
B10: Net Working Capital | C10: =+'EEFF Apple y cálculo ratios'!D113 -> -42925.7 | D10: =+'EEFF Apple y cálculo ratios'!E113 -> -44416.75 | E10: =+'EEFF Apple y cálculo ratios'!F113 -> -64567.85 | F10: =+'EEFF Apple y cálculo ratios'!G113 -> -50245.3
B11: Capital Empleado | C11: =+'EEFF Apple y cálculo ratios'!D114 -> 174424.3 | D11: =+'EEFF Apple y cálculo ratios'!E114 -> 164600.25 | E11: =+'EEFF Apple y cálculo ratios'!F114 -> 147425.15 | F11: =+'EEFF Apple y cálculo ratios'!G114 -> 161038.7
B13: EBIT | C13: =+'EEFF Apple y cálculo ratios'!D116 -> 119437 | D13: =+'EEFF Apple y cálculo ratios'!E116 -> 114301 | E13: =+'EEFF Apple y cálculo ratios'!F116 -> 123216 | F13: =+'EEFF Apple y cálculo ratios'!G116 -> 133050
B15: ROC de Greenblatt | C15: =+C13/C11 -> 0.68474977 | D15: =+D13/D11 -> 0.69441571 | E15: =+E13/E11 -> 0.83578684 | F15: =+F13/F11 -> 0.82619892
C19: 2022 | D19: 2023 | E19: 2024 | F19: 2025
B20: ROC de Greenblatt | C20: =+C15 -> 0.68474977 | D20: =+D15 -> 0.69441571 | E20: =+E15 -> 0.83578684 | F20: =+F15 -> 0.82619892
B21: ROA Apple | C21: =+'EEFF Apple y cálculo ratios'!D70 -> 0.28292441 | D21: =+'EEFF Apple y cálculo ratios'!E70 -> 0.27509835 | E21: =+'EEFF Apple y cálculo ratios'!F70 -> 0.25682503 | F21: =+'EEFF Apple y cálculo ratios'!G70 -> 0.31179626

Sheet Cap4. Gastos en I+D (7 MAG)
A1: Inicio
B2: Research And Development Expenses | C2: 2015 | D2: 2016 | E2: 2017 | F2: 2018 | G2: 2019 | H2: 2020 | I2: 2021 | J2: 2022 | K2: 2023 | L2: 2024 | N2: CAGR
B3: AAPL | C3: {=+_xldudf_WISE(B3:B9,$B$2,C2:L2)} -> 8067000000 | D3: 10045000000 | E3: 11581000000 | F3: 14236000000 | G3: 16217000000 | H3: 18752000000 | I3: 21914000000 | J3: 26251000000 | K3: 29915000000 | L3: 31370000000 | N3: =+(K3/C3)^(1/8)-1 -> 0.17800496
B4: MSFT | C4: 12046000000 | D4: 11988000000 | E4: 13037000000 | F4: 14726000000 | G4: 16876000000 | H4: 19269000000 | I4: 20716000000 | J4: 24512000000 | K4: 27195000000 | L4: 29510000000 | N4: =+(K4/C4)^(1/8)-1 -> 0.10714824
B5: META | C5: 4816000000 | D5: 5919000000 | E5: 7754000000 | F5: 10273000000 | G5: 13600000000 | H5: 18447000000 | I5: 24655000000 | J5: 35338000000 | K5: 38483000000 | L5: 43873000000 | N5: =+(K5/C5)^(1/8)-1 -> 0.29665012
B6: AMZN | C6: 12540000000 | D6: 16085000000 | E6: 22620000000 | F6: 28837000000 | G6: 35931000000 | H6: 42740000000 | I6: 56052000000 | J6: 73213000000 | K6: 85622000000 | L6: 88544000000 | N6: =+(K6/C6)^(1/8)-1 -> 0.27141104
B7: GOOG | C7: 12282000000 | D7: 13948000000 | E7: 16625000000 | F7: 21419000000 | G7: 26018000000 | H7: 27573000000 | I7: 31562000000 | J7: 39500000000 | K7: 45427000000 | L7: 49326000000 | N7: =+(K7/C7)^(1/8)-1 -> 0.17762121
B8: NVDA | C8: 1360000000 | D8: 1331000000 | E8: 1463000000 | F8: 1797000000 | G8: 2376000000 | H8: 2829000000 | I8: 3924000000 | J8: 5268000000 | K8: 7339000000 | L8: 8675000000 | N8: =+(K8/C8)^(1/8)-1 -> 0.23456013
B9: TSLA | C9: 717900000 | D9: 834408000 | E9: 1378000000 | F9: 1460370000 | G9: 1343000000 | H9: 1491000000 | I9: 2593000000 | J9: 3075000000 | K9: 3969000000 | L9: 4540000000 | N9: =+(K9/C9)^(1/8)-1 -> 0.23830362
C10: =+SUM(C3:C9) -> 51828900000 | D10: =+SUM(D3:D9) -> 60150408000 | E10: =+SUM(E3:E9) -> 74458000000 | F10: =+SUM(F3:F9) -> 92748370000 | G10: =+SUM(G3:G9) -> 112361000000 | H10: =+SUM(H3:H9) -> 131101000000 | I10: =+SUM(I3:I9) -> 161416000000 | J10: =+SUM(J3:J9) -> 207157000000 | ... L10: =+SUM(L3:L9) -> 255838000000
B12: Revenue | C12: 2015 | D12: 2016 | E12: 2017 | F12: 2018 | G12: 2019 | H12: 2020 | I12: 2021 | J12: 2022 | K12: 2023 | L12: 2024 | N12: CAGR
B13: AAPL | C13: {=+_xldudf_WISE(B13:B19,$B$12,C12:L12)} -> 233715000000 | D13: 215639000000 | E13: 229234000000 | F13: 265595000000 | G13: 260174000000 | H13: 274515000000 | I13: 365817000000 | J13: 394328000000 | K13: 383285000000 | L13: 391035000000 | N13: =+(K13/C13)^(1/8)-1 -> 0.063786329
B14: MSFT | C14: 93580000000 | D14: 91154000000 | E14: 96571000000 | F14: 110360000000 | G14: 125843000000 | H14: 143015000000 | I14: 168088000000 | J14: 198270000000 | K14: 211915000000 | L14: 245122000000 | N14: =+(K14/C14)^(1/8)-1 -> 0.10757293
B15: META | C15: 17928000000 | D15: 27638000000 | E15: 40653000000 | F15: 55838000000 | G15: 70697000000 | H15: 85965000000 | I15: 117929000000 | J15: 116609000000 | K15: 134902000000 | L15: 164501000000 | N15: =+(K15/C15)^(1/8)-1 -> 0.28694746
B16: AMZN | C16: 107006000000 | D16: 135987000000 | E16: 177866000000 | F16: 232887000000 | G16: 280522000000 | H16: 386064000000 | I16: 469822000000 | J16: 513983000000 | K16: 574785000000 | L16: 637959000000 | N16: =+(K16/C16)^(1/8)-1 -> 0.23384942
B17: GOOG | C17: 74989000000 | D17: 90272000000 | E17: 110855000000 | F17: 136819000000 | G17: 161857000000 | H17: 182527000000 | I17: 257637000000 | J17: 282836000000 | K17: 307394000000 | L17: 350018000000 | N17: =+(K17/C17)^(1/8)-1 -> 0.19285383
B18: NVDA | C18: 4682000000 | D18: 5010000000 | E18: 6910000000 | F18: 9714000000 | G18: 11716000000 | H18: 10918000000 | I18: 16675000000 | J18: 26914000000 | K18: 26974000000 | L18: 60922000000 | N18: =+(K18/C18)^(1/8)-1 -> 0.24469872
B19: TSLA | C19: 4046025000 | D19: 7000132000 | E19: 11759000000 | F19: 21461268000 | G19: 24578000000 | H19: 31536000000 | I19: 53823000000 | J19: 81462000000 | K19: 96773000000 | L19: 97690000000 | N19: =+(K19/C19)^(1/8)-1 -> 0.48710182
C20: =+SUM(C13:C19) -> 535946025000 | D20: =+SUM(D13:D19) -> 572700132000 | E20: =+SUM(E13:E19) -> 673848000000 | F20: =+SUM(F13:F19) -> 832674268000 | G20: =+SUM(G13:G19) -> 935387000000 | H20: =+SUM(H13:H19) -> 1114540000000 | I20: =+SUM(I13:I19) -> 1449791000000 | J20: =+SUM(J13:J19) -> 1614402000000 | ... L20: =+SUM(L13:L19) -> 1947247000000
B22: % R&D/revenue | C22: 2015 | D22: 2016 | E22: 2017 | F22: 2018 | G22: 2019 | H22: 2020 | I22: 2021 | J22: 2022 | K22: 2023 | L22: TTM
B23: AAPL | C23: =+C3/C13 -> 0.034516398 | D23: =+D3/D13 -> 0.046582483 | E23: =+E3/E13 -> 0.050520429 | F23: =+F3/F13 -> 0.053600407 | G23: =+G3/G13 -> 0.062331363 | H23: =+H3/H13 -> 0.068309564 | I23: =+I3/I13 -> 0.059904269 | J23: =+J3/J13 -> 0.066571484 | K23: =+K3/K13 -> 0.078048971 | L23: =+F33 -> 0.088689134
B24: MSFT | C24: =+C4/C14 -> 0.12872409 | D24: =+D4/D14 -> 0.1315137 | E24: =+E4/E14 -> 0.13499912 | F24: =+F4/F14 -> 0.13343603 | G24: =+G4/G14 -> 0.13410361 | H24: =+H4/H14 -> 0.13473412 | I24: =+I4/I14 -> 0.12324497 | J24: =+J4/J14 -> 0.12362939 | K24: =+K4/K14 -> 0.12832975 | L24: =+F34 -> 0.10806446
B25: META | C25: =+C5/C15 -> 0.26863008 | D25: =+D5/D15 -> 0.21416166 | E25: =+E5/E15 -> 0.19073623 | F25: =+F5/F15 -> 0.18397865 | G25: =+G5/G15 -> 0.19237026 | H25: =+H5/H15 -> 0.21458733 | I25: =+I5/I15 -> 0.20906647 | J25: =+J5/J15 -> 0.30304693 | K25: =+K5/K15 -> 0.28526634 | L25: =+F35 -> 0.29270619
B26: AMZN | C26: =+C6/C16 -> 0.11718969 | D26: =+D6/D16 -> 0.11828337 | E26: =+E6/E16 -> 0.12717439 | F26: =+F6/F16 -> 0.123824 | G26: =+G6/G16 -> 0.12808621 | H26: =+H6/H16 -> 0.11070703 | I26: =+I6/I16 -> 0.11930476 | J26: =+J6/J16 -> 0.14244245 | K26: =+K6/K16 -> 0.14896353 | L26: =+F36 -> 0.15495116
B27: GOOG | C27: =+C7/C17 -> 0.16378402 | D27: =+D7/D17 -> 0.15451081 | E27: =+E7/E17 -> 0.14997068 | F27: =+F7/F17 -> 0.15654989 | G27: =+G7/G17 -> 0.16074683 | H27: =+H7/H17 -> 0.15106258 | I27: =+I7/I17 -> 0.1225057 | J27: =+J7/J17 -> 0.1396569 | K27: =+K7/K17 -> 0.14778102 | L27: =+F37 -> 0.15278797
B28: NVDA | C28: =+C8/C18 -> 0.29047416 | D28: =+D8/D18 -> 0.26566866 | E28: =+E8/E18 -> 0.21172214 | F28: =+F8/F18 -> 0.18499074 | G28: =+G8/G18 -> 0.20279959 | H28: =+H8/H18 -> 0.25911339 | I28: =+I8/I18 -> 0.23532234 | J28: =+J8/J18 -> 0.19573456 | K28: =+K8/K18 -> 0.27207681 | L28: =+F38 -> 0.082168598
B29: TSLA | C29: =+C9/C19 -> 0.17743341 | D29: =+D9/D19 -> 0.1191989 | E29: =+E9/E19 -> 0.11718684 | F29: =+F9/F19 -> 0.068046772 | G29: =+G9/G19 -> 0.054642363 | H29: =+H9/H19 -> 0.0472793 | I29: =+I9/I19 -> 0.04817643 | J29: =+J9/J19 -> 0.037747661 | K29: =+K9/K19 -> 0.041013506 | L29: =+F39 -> 0.070985605
D32: Revenue | E32: Research And Development Expenses | F32: % R&D/revenue
B33: Apple | C33: AAPL | D33: {=+_xldudf_WISE($C33,D$32,"TTM")} -> 451442000000 | E33: {=+_xldudf_WISE($C33,E$32,"TTM")} -> 40038000000 | F33: =+E33/D33 -> 0.088689134
B34: Microsoft | C34: MSFT | D34: {=+_xldudf_WISE($C34,D$32,"TTM")} -> 318273000000 | E34: {=+_xldudf_WISE($C34,E$32,"TTM")} -> 34394000000 | F34: =+E34/D34 -> 0.10806446
B35: Meta | C35: META | D35: {=+_xldudf_WISE($C35,D$32,"TTM")} -> 214963000000 | E35: {=+_xldudf_WISE($C35,E$32,"TTM")} -> 62921000000 | F35: =+E35/D35 -> 0.29270619
B36: Amazon | C36: AMZN | D36: {=+_xldudf_WISE($C36,D$32,"TTM")} -> 742776000000 | E36: {=+_xldudf_WISE($C36,E$32,"TTM")} -> 115094000000 | F36: =+E36/D36 -> 0.15495116
B37: Alphabet | C37: GOOG | D37: {=+_xldudf_WISE($C37,D$32,"TTM")} -> 422566000000 | E37: {=+_xldudf_WISE($C37,E$32,"TTM")} -> 64563000000 | F37: =+E37/D37 -> 0.15278797
B38: NVIDIA | C38: NVDA | D38: {=+_xldudf_WISE($C38,D$32,"TTM")} -> 253491000000 | E38: {=+_xldudf_WISE($C38,E$32,"TTM")} -> 20829000000 | F38: =+E38/D38 -> 0.082168598
B39: Tesla | C39: TSLA | D39: {=+_xldudf_WISE($C39,D$32,"TTM")} -> 97879000000 | E39: {=+_xldudf_WISE($C39,E$32,"TTM")} -> 6948000000 | F39: =+E39/D39 -> 0.070985605
B42: Research And Development Expenses | C42: 2015 | D42: 2016 | E42: 2017 | F42: 2018 | G42: 2019 | H42: 2020 | I42: 2021 | J42: 2022 | K42: 2023 | L42: 2024
B43: AAPL | C43: 8067000000 | D43: 10045000000 | E43: 11581000000 | F43: 14236000000 | G43: 16217000000 | H43: 18752000000 | I43: 21914000000 | J43: 26251000000 | K43: 29915000000 | L43: 31370000000
B44: MSFT | C44: 12046000000 | D44: 11988000000 | E44: 13037000000 | F44: 14726000000 | G44: 16876000000 | H44: 19269000000 | I44: 20716000000 | J44: 24512000000 | K44: 27195000000 | L44: 29510000000
B45: META | C45: 4816000000 | D45: 5919000000 | E45: 7754000000 | F45: 10273000000 | G45: 13600000000 | H45: 18447000000 | I45: 24655000000 | J45: 35338000000 | K45: 38483000000 | L45: 43873000000
B46: AMZN | C46: 12540000000 | D46: 16085000000 | E46: 22620000000 | F46: 28837000000 | G46: 35931000000 | H46: 42740000000 | I46: 56052000000 | J46: 73213000000 | K46: 85622000000 | L46: 88544000000
B47: GOOG | C47: 12282000000 | D47: 13948000000 | E47: 16625000000 | F47: 21419000000 | G47: 26018000000 | H47: 27573000000 | I47: 31562000000 | J47: 39500000000 | K47: 45427000000 | L47: 49326000000
B48: NVDA | C48: 1360000000 | D48: 1331000000 | E48: 1463000000 | F48: 1797000000 | G48: 2376000000 | H48: 2829000000 | I48: 3924000000 | J48: 5268000000 | K48: 7339000000 | L48: 8675000000
B49: TSLA | C49: 717900000 | D49: 834408000 | E49: 1378000000 | F49: 1460000000 | G49: 1343000000 | H49: 1491000000 | I49: 2593000000 | J49: 3075000000 | K49: 3969000000 | L49: 4540000000
B50: Ratio R&D to Sales | C50: =+C10/C20 -> 0.096705447 | D50: =+D10/D20 -> 0.1050295 | E50: =+E10/E20 -> 0.11049673 | F50: =+F10/F20 -> 0.11138614 | G50: =+G10/G20 -> 0.12012247 | H50: =+H10/H20 -> 0.1176279 | I50: =+I10/I20 -> 0.11133743 | J50: =+J10/J20 -> 0.1283181 | ... L50: =+L10/L20 -> 0.13138446

Sheet Cap4. Ajustes I+D Apple
A1: Inicio
B4: (Imagen 52)
D5: Amortización
C6: Total gastos I+D | D6: 2021 | E6: 2022 | F6: 2023 | G6: 2024 | H6: 2025
B7: R&D 2021 | C7: =-'Capital Allocation Apple'!I7 -> 21914 | D7: =+$C$7/$C$12 -> 7304.6667 | E7: =+$C$7/$C$12 -> 7304.6667 | F7: =+$C$7/$C$12 -> 7304.6667 | G7: 0 | H7: 0
B8: R&D 2022 | C8: =-'Capital Allocation Apple'!J7 -> 26251 | E8: =+$C$8/$C$12 -> 8750.3333 | F8: =+$C$8/$C$12 -> 8750.3333 | G8: =+$C$8/$C$12 -> 8750.3333 | H8: 0
B9: R&D 2023 | C9: =-'Capital Allocation Apple'!K7 -> 29915 | F9: =+$C$9/$C$12 -> 9971.6667 | G9: =+$C$9/$C$12 -> 9971.6667 | H9: =+G9 -> 9971.6667
B10: R&D 2024 | C10: =-'Capital Allocation Apple'!L7 -> 31370 | G10: =+$C$10/$C$12 -> 10456.667 | H10: =+G10 -> 10456.667
B11: R&D 2025 | C11: =-'Capital Allocation Apple'!M7 -> 34550 | H11: =+C11/3 -> 11516.667
B12: Años vida útil | C12: 3 | G12: Total gasto amortización 2025 | H12: =+SUM(H7:H11) -> 31945
B14: (Imagen 53)
C15: 2023 | D15: 2024 | E15: 2025
B16: EBIT oficial | C16: =+'EEFF Apple y cálculo ratios'!E8 -> 114301 | D16: =+'EEFF Apple y cálculo ratios'!F8 -> 123216 | E16: =+'EEFF Apple y cálculo ratios'!G8 -> 133050
B17: (+) gastos I&D oficial | C17: =+C9 -> 29915 | D17: =+C10 -> 31370 | E17: =+C11 -> 34550
B18: (-) gasto amortización I&D | C18: =-SUM(F7:F11) -> -26026.667 | D18: =-SUM(G7:G11) -> -29178.667 | E18: =-H12 -> -31945 | G18: =+E17+E18 -> 2605
B19: EBIT corregido | C19: =+SUM(C16:C18) -> 118189.33 | D19: =+SUM(D16:D18) -> 125407.33 | E19: =+SUM(E16:E18) -> 135655
I20: (Imagen 54)
D22: Amortización | I22: Amortización acumulada | J22: Balance 2025 | L22: Amortización acum 2023 | M22: Balance 2023 | N22: Amortización acum 2024 | O22: Balance 2024
C23: Activación inicial | D23: 2021 | E23: 2022 | F23: 2023 | G23: 2024 | H23: 2025 | I23: TOTAL
B24: 2021 | C24: =+C7 -> 21914 | D24: =+$C24/$C$12 -> 7304.6667 | E24: =+$C24/$C$12 -> 7304.6667 | F24: =+$C24/$C$12 -> 7304.6667 | G24: 0 | H24: 0 | I24: =+SUM(D24:H24) -> 21914 | J24: =+C24-I24 -> 0 | L24: =+SUM(D24:F24) -> 21914 | M24: =+C24-L24 -> 0
B25: 2022 | C25: =+C8 -> 26251 | E25: =+$C25/$C$12 -> 8750.3333 | F25: =+$C25/$C$12 -> 8750.3333 | G25: =+$C25/$C$12 -> 8750.3333 | H25: 0 | I25: =+SUM(D25:H25) -> 26251 | J25: =+C25-I25 -> 0 | L25: =+SUM(D25:F25) -> 17500.667 | M25: =+C25-L25 -> 8750.3333
B26: 2023 | C26: =+C9 -> 29915 | F26: =+$C26/$C$12 -> 9971.6667 | G26: =+$C26/$C$12 -> 9971.6667 | H26: =+G26 -> 9971.6667 | I26: =+SUM(D26:H26) -> 29915 | J26: =+C26-I26 -> 0 | L26: =+SUM(D26:F26) -> 9971.6667 | M26: =+C26-L26 -> 19943.333 | N26: =+SUM(E26:G26) -> 19943.333 | O26: =+C26-N26 -> 9971.6667
B27: 2024 | C27: =+C10 -> 31370 | G27: =+$C$27/$C$12 -> 10456.667 | H27: =+G27 -> 10456.667 | I27: =+SUM(D27:H27) -> 20913.333 | J27: =+C27-I27 -> 10456.667 | N27: =+SUM(E27:G27) -> 10456.667 | O27: =+C27-N27 -> 20913.333
B28: 2025 | C28: =+C11 -> 34550 | H28: =+C28/3 -> 11516.667 | I28: =+SUM(D28:H28) -> 11516.667 | J28: =+C28-I28 -> 23033.333
B29: Total Balance | C29: =+SUM(C24:C28) -> 144000 | I29: =+SUM(I24:I28) -> 110510 | J29: =+SUM(J24:J28) -> 33490 | M29: =+SUM(M24:M28) -> 28693.667 | O29: =+SUM(O24:O28) -> 30885
B30: Amortización acumulada | C30: =+SUM(I24:I28) -> 110510
B31: Ajuste balance 2025 | C31: =+C29-C30 -> 33490
B33: (Imagen 56)
C34: 2025 oficial | D34: 2025 corregido
B35: Caja y equivalentes | C35: =+#REF! -> #REF! | D35: =+C35 -> #REF!
B36: Activos financieros de corto plazo | C36: =+#REF! -> #REF! | D36: =+C36 -> #REF!
B37: Clientes | C37: =+#REF! -> #REF! | D37: =+C37 -> #REF!
B38: Inventarios | C38: =+#REF! -> #REF! | D38: =+C38 -> #REF!
B39: Otros activos corrientes | C39: =+#REF! -> #REF! | D39: =+C39 -> #REF!
B40: Total activos corrientes | C40: =+SUM(C35:C39) -> #REF! | D40: =+C40 -> #REF!
B41: Activos financieros de largo plazo | C41: =+#REF! -> #REF! | D41: =+C41 -> #REF!
B42: Propiedad, planta y equipamiento | C42: =+#REF! -> #REF! | D42: =+C42 -> #REF!
B43: Activos de Investigación y Desarrollo | D43: =+C31 -> 33490
B44: Otros activos no corrientes | C44: =+#REF! -> #REF! | D44: =+C44 -> #REF!
B45: Total activos no corrientes | C45: =+SUM(C41:C44) -> #REF! | D45: =+SUM(D41:D44) -> #REF!
B46: TOTAL ACTIVOS | C46: =+C45+C40 -> #REF! | D46: =+D45+D40 -> #REF!
B47: Proveedores | C47: =+#REF! -> #REF! | D47: =+C47 -> #REF!
B48: Deuda a corto plazo | C48: =+#REF! -> #REF! | D48: =+C48 -> #REF!
B49: Otros pasivos corrientes | C49: =+#REF! -> #REF! | D49: =+C49 -> #REF!
B50: Total pasivos corrientes | C50: =+SUM(C47:C49) -> #REF! | D50: =+SUM(D47:D49) -> #REF!
B51: Deuda a largo plazo | C51: =+#REF! -> #REF! | D51: =+C51 -> #REF!
B52: Ajuste pasivo por activación I+D | D52: =+D43 -> 33490
B53: Otros pasivos no corrientes | C53: =+#REF! -> #REF! | D53: =+C53 -> #REF!
B54: Total pasivos no corrientes | C54: =+SUM(C51:C53) -> #REF! | D54: =+SUM(D51:D53) -> #REF!
B55: TOTAL PASIVOS | C55: =+C54+C50 -> #REF! | D55: =+D54+D50 -> #REF!
B56: Neto | C56: =+#REF! -> #REF! | D56: =+C56 -> #REF!
B57: TOTAL PASIVO + NETO | C57: =+C56+C55 -> #REF! | D57: =+D56+D55 -> #REF!
B61: Income Statement | TIKR.com | C61: 45565 | D61: P&L Ajustado
B62: Total Revenues | C62: =+'Capital Allocation Apple'!L3 -> 391035 | D62: =+C62 -> 391035
B63: Cost of Goods Sold | C63: =+'Capital Allocation Apple'!L4 -> -210352 | D63: =+C63 -> -210352
B64: Gross Profit | C64: =+SUM(C62:C63) -> 180683 | D64: =+C64 -> 180683
B65: Selling General & Admin Expenses | C65: =+'Capital Allocation Apple'!L6 -> -26097 | D65: =+C65 -> -26097
B66: R&D Expenses | C66: =+'Capital Allocation Apple'!L7 -> -31370 | D66: 0
B67: Amortización R&D | D67: =-#REF! -> #REF!
B68: Operating Income | C68: =+SUM(C64:C66) -> 123216 | D68: =+SUM(D64:D67) -> #REF!
B69: Magen operativo (%) | C69: =+C68/C62 -> 0.31510223 | D69: =+D68/D62 -> #REF!
B70: Interest Expense | C70: =+'Capital Allocation Apple'!L10 -> 269 | D70: =+C70 -> 269
B71: Interest And Investment Income | D71: =+C71 -> 0
B72: Other Non Operating Income (Expenses) | D72: =+C72 -> 0
B73: EBT | C73: =+SUM(C68:C72) -> 123485.32 | D73: =+D68+D70+D71+D72 -> #REF!
B74: Income Tax Expense | C74: =+'Capital Allocation Apple'!L14 -> -29749 | D74: =+C74+D79 -> #REF!
C75: =-C74/C73 -> 0.24091124 | D75: =-D74/D73 -> #REF!
B76: Net Profit | C76: =+SUM(C73:C74) -> 93736.315 | D76: =+D73+D74 -> #REF!
B78: Incremento/descenso gastos | D78: =+-(D67-C66) -> #REF!
B79: Impacto en Tax (21%) | D79: =+D78*0.21 -> #REF!
B81: (Imagen 57)
B82: Ajustes en los gastos | C82: 2023 | D82: 2024 | E82: 2025
B83: Gastos en investigación y desarrollo | C83: =+C17 -> 29915 | D83: =+D17 -> 31370 | E83: =+E17 -> 34550
B84: Gastos amortización I+D | C84: =+C18 -> -26026.667 | D84: =+D18 -> -29178.667 | E84: =+E18 -> -31945
B85: Diferencia | C85: =+C83+C84 -> 3888.3333 | D85: =+D83+D84 -> 2191.3333 | E85: =+E83+E84 -> 2605
B86: % impuestos | C86: 0.21 | D86: 0.21 | E86: 0.21
B87: Impacto impuestos | C87: =+C85*C86 -> 816.55 | D87: =+D85*D86 -> 460.18 | E87: =+E85*E86 -> 547.05
B89: Impuestos en 10-K | C89: =+#REF! -> #REF! | D89: =+#REF! -> #REF! | E89: =+#REF! -> #REF!
B90: Impuestos ajustados | C90: =+C89-C87 -> #REF! | D90: =+D89-D87 -> #REF! | E90: =+E89-E87 -> #REF!

Sheet Cap4. ROCE Apple
A1: Inicio
B3: (Imagen 58)
B4: Cálculo del ROCE Apple | C4: 2023 | D4: 2024 | E4: 2025
B5: EBIT corregido | C5: =+'EEFF Apple y cálculo ratios'!E147 -> 118189.33 | D5: =+'EEFF Apple y cálculo ratios'!F147 -> 125407.33 | E5: =+'EEFF Apple y cálculo ratios'!G147 -> 135655
B6: (-) Impuesto oficial en 10-K | C6: =+'EEFF Apple y cálculo ratios'!E148 -> -16741 | D6: =+'EEFF Apple y cálculo ratios'!F148 -> -29749 | E6: =+'EEFF Apple y cálculo ratios'!G148 -> -20719
B7: (-) Corrección de los impuestos | C7: =+'EEFF Apple y cálculo ratios'!E149 -> -816.55 | D7: =+'EEFF Apple y cálculo ratios'!F149 -> -460.18 | E7: =+'EEFF Apple y cálculo ratios'!G149 -> -547.05
B8: NOPAT | C8: =+SUM(C5:C7) -> 100631.78 | D8: =+SUM(D5:D7) -> 95198.153 | E8: =+SUM(E5:E7) -> 114388.95
B10: Activos financieros de largo plazo | C10: 0 | D10: 0 | E10: 0
B11: Propiedad, planta y equipamiento | C11: =+'EEFF Apple y cálculo ratios'!E153 -> 43715 | D11: =+'EEFF Apple y cálculo ratios'!F153 -> 45680 | E11: =+'EEFF Apple y cálculo ratios'!G153 -> 49834
B12: Activos de Investigación y Desarrollo | C12: =+'EEFF Apple y cálculo ratios'!E154 -> 28693.667 | D12: =+'EEFF Apple y cálculo ratios'!F154 -> 30885 | E12: =+'EEFF Apple y cálculo ratios'!G154 -> 33490
B13: Otros activos no corrientes | C13: =+'EEFF Apple y cálculo ratios'!E155 -> 64758 | D13: =+'EEFF Apple y cálculo ratios'!F155 -> 74834 | E13: =+'EEFF Apple y cálculo ratios'!G155 -> 83727
B14: Total Activos NO corrientes | C14: =+SUM(C10:C13) -> 137166.67 | D14: =+SUM(D10:D13) -> 151399 | E14: =+SUM(E10:E13) -> 167051
B16: Net Working Capital | C16: =+'EEFF Apple y cálculo ratios'!E158 -> -44416.75 | D16: =+'EEFF Apple y cálculo ratios'!F158 -> -64567.85 | E16: =+'EEFF Apple y cálculo ratios'!G158 -> -50245.3
B17: Capital Empleado | C17: =+C16+C14 -> 92749.917 | D17: =+D16+D14 -> 86831.15 | E17: =+E16+E14 -> 116805.7
B19: ROCE | C19: =C8/C17 -> 1.0849798 | D19: =D8/D17 -> 1.0963595 | E19: =E8/E17 -> 0.97930966

Sheet Cap4. ROCE Vs ROIC Apple
A1: Inicio
B2: (Imagen 65)
B4: Cálculo del ROCE Apple | C4: 2023 | D4: 2024 | E4: 2025 | G4: Cálculo del ROIC Apple | H4: 2023 | I4: 2024 | J4: 2025
B5: EBIT corregido | C5: =+'EEFF Apple y cálculo ratios'!E147 -> 118189.33 | D5: =+'EEFF Apple y cálculo ratios'!F147 -> 125407.33 | E5: =+'EEFF Apple y cálculo ratios'!G147 -> 135655 | G5: EBIT corregido | H5: =+'EEFF Apple y cálculo ratios'!E165 -> 118189.33 | I5: =+'EEFF Apple y cálculo ratios'!F165 -> 125407.33 | J5: =+'EEFF Apple y cálculo ratios'!G165 -> 135655
B6: (-) Impuesto oficial en 10-K | C6: =+'EEFF Apple y cálculo ratios'!E148 -> -16741 | D6: =+'EEFF Apple y cálculo ratios'!F148 -> -29749 | E6: =+'EEFF Apple y cálculo ratios'!G148 -> -20719 | G6: (-) Taxes | H6: =+'EEFF Apple y cálculo ratios'!E166 -> -17557.55 | I6: =+'EEFF Apple y cálculo ratios'!F166 -> -30209.18 | J6: =+'EEFF Apple y cálculo ratios'!G166 -> -21266.05
B7: (-) Corrección de los impuestos | C7: =+'EEFF Apple y cálculo ratios'!E149 -> -816.55 | D7: =+'EEFF Apple y cálculo ratios'!F149 -> -460.18 | E7: =+'EEFF Apple y cálculo ratios'!G149 -> -547.05 | G7: NOPAT | H7: =+SUM(H5:H6) -> 100631.78 | I7: =+SUM(I5:I6) -> 95198.153 | J7: =+SUM(J5:J6) -> 114388.95
B8: NOPAT | C8: =+SUM(C5:C7) -> 100631.78 | D8: =+SUM(D5:D7) -> 95198.153 | E8: =+SUM(E5:E7) -> 114388.95
G9: Equity | H9: =+'EEFF Apple y cálculo ratios'!E169 -> 62146 | I9: =+'EEFF Apple y cálculo ratios'!F169 -> 56950 | J9: =+'EEFF Apple y cálculo ratios'!G169 -> 73733
B10: Activos financieros de largo plazo | C10: =+'EEFF Apple y cálculo ratios'!E152 -> 0 | D10: =+'EEFF Apple y cálculo ratios'!F152 -> 0 | E10: =+'EEFF Apple y cálculo ratios'!G152 -> 0 | G10: =+'EEFF Apple y cálculo ratios'!B170 -> Deuda a corto plazo | H10: =+'EEFF Apple y cálculo ratios'!E170 -> 17382 | I10: =+'EEFF Apple y cálculo ratios'!F170 -> 22511 | J10: =+'EEFF Apple y cálculo ratios'!G170 -> 20329
B11: Propiedad, planta y equipamiento | C11: =+'EEFF Apple y cálculo ratios'!E153 -> 43715 | D11: =+'EEFF Apple y cálculo ratios'!F153 -> 45680 | E11: =+'EEFF Apple y cálculo ratios'!G153 -> 49834 | G11: =+'EEFF Apple y cálculo ratios'!B171 -> Deuda a largo plazo | H11: =+'EEFF Apple y cálculo ratios'!E171 -> 95281 | I11: =+'EEFF Apple y cálculo ratios'!F171 -> 96548 | J11: =+'EEFF Apple y cálculo ratios'!G171 -> 78328
B12: Activos de Investigación y Desarrollo | C12: =+'EEFF Apple y cálculo ratios'!E154 -> 28693.667 | D12: =+'EEFF Apple y cálculo ratios'!F154 -> 30885 | E12: =+'EEFF Apple y cálculo ratios'!G154 -> 33490 | G12: =+'EEFF Apple y cálculo ratios'!B172 -> (-) Caja ociosa + inversiones financieras no operativas | H12: =+'EEFF Apple y cálculo ratios'!E172 -> -160600.75 | I12: =+'EEFF Apple y cálculo ratios'!F172 -> -155152.85 | J12: =+'EEFF Apple y cálculo ratios'!G172 -> -130623.3
B13: Otros activos no corrientes | C13: =+'EEFF Apple y cálculo ratios'!E155 -> 64758 | D13: =+'EEFF Apple y cálculo ratios'!F155 -> 74834 | E13: =+'EEFF Apple y cálculo ratios'!G155 -> 83727 | G13: Deuda neta | H13: =+'EEFF Apple y cálculo ratios'!E173 -> -47937.75 | I13: =+'EEFF Apple y cálculo ratios'!F173 -> -36093.85 | J13: =+'EEFF Apple y cálculo ratios'!G173 -> -31966.3
B14: Total Activos NO corrientes | C14: =+SUM(C10:C13) -> 137166.67 | D14: =+SUM(D10:D13) -> 151399 | E14: =+SUM(E10:E13) -> 167051 | G14: Pasivos no corrientes | H14: =+'EEFF Apple y cálculo ratios'!E174 -> 49848 | I14: =+'EEFF Apple y cálculo ratios'!F174 -> 35090 | J14: =+'EEFF Apple y cálculo ratios'!G174 -> 41549
G15: Pasivo R&D | H15: =+'EEFF Apple y cálculo ratios'!E175 -> 28693.667 | I15: =+'EEFF Apple y cálculo ratios'!F175 -> 30885 | J15: =+'EEFF Apple y cálculo ratios'!G175 -> 33490
B16: Net Working Capital | C16: =+'EEFF Apple y cálculo ratios'!E158 -> -44416.75 | D16: =+'EEFF Apple y cálculo ratios'!F158 -> -64567.85 | E16: =+'EEFF Apple y cálculo ratios'!G158 -> -50245.3
B17: Capital Empleado | C17: =+C16+C14 -> 92749.917 | D17: =+D16+D14 -> 86831.15 | E17: =+E16+E14 -> 116805.7 | G17: Capital Invertido | H17: =+H13+H9+H14+H15 -> 92749.917 | I17: =+I13+I9+I14+I15 -> 86831.15 | J17: =+J13+J9+J14+J15 -> 116805.7
B19: ROCE | C19: =C8/C17 -> 1.0849798 | D19: =D8/D17 -> 1.0963595 | E19: =E8/E17 -> 0.97930966 | G19: ROIC | H19: =+H7/H17 -> 1.0849798 | I19: =+I7/I17 -> 1.0963595 | J19: =+J7/J17 -> 0.97930966

Sheet Cap4. ROIC “La Cuchilla”
A1: Inicio
B3: Estados Financieros "La Cuchilla" a 31 de diciembre de 2024
B5: (Imagen 60) | E5: (Imagen 61)
C6: Año XX | E6: ACTIVOS | H6: PASIVO + NETO
B7: Ventas (sales) | C7: 3400000 | E7: Caja y equivalentes | F7: 350000 | H7: Neto | I7: 505000
B8: (-) Costes directos (Cost of sales) | C8: -1500000 | E8: Activos financieros de corto plazo | F8: 30000
B9: (=) Beneficio bruto (gross profit) | C9: =+C7+C8 -> 1900000 | E9: Clientes | F9: 125000 | H9: Proveedores | I9: 175000
B10: (-) Gastos operativos (OPEX) | C10: -1500000 | E10: Inventarios | F10: 25000 | H10: Deuda a corto plazo | I10: 35000
B11: (=) Beneficio Operativo (EBIT) | C11: =+C9+C10 -> 400000 | E11: Otros activos corrientes | F11: 15000 | H11: Otros pasivos corrientes | I11: 20000
B12: (+/-) Gastos/Ingresos financieros | C12: -75000 | E12: Total activos corrientes | F12: =+SUM(F7:F11) -> 545000 | H12: Total pasivos corrientes | I12: =+SUM(I9:I11) -> 230000
B13: (=) Beneficio Antes de impuestos (EBT) | C13: =+C11+C12 -> 325000 | E13: Activos financieros de largo plazo | F13: 50000 | H13: Deuda a largo plazo | I13: 365000
B14: (-) Impuestos (Taxes) | C14: =+C13*0.25*-1 -> -81250 | E14: Propiedad, planta y equipamiento | F14: 500000 | H14: Otros pasivos no corrientes | I14: 45000
B15: (=) Beneficio Neto (Net Profit) | C15: =+C13+C14 -> 243750 | E15: Otros activos no corrientes | F15: 50000 | H15: Total pasivos no corrientes | I15: =+SUM(I13:I14) -> 410000
E16: Total activos no corrientes | F16: =+SUM(F13:F15) -> 600000 | H16: TOTAL PASIVOS | I16: =+I15+I12 -> 640000
E17: TOTAL ACTIVOS | F17: =+F16+F12 -> 1145000 | H17: TOTAL PASIVO + NETO | I17: =+I16+I7 -> 1145000
B20: Cálculo ROCE | E20: Cálculo ROIC
B22: (Imagen 62)
B23: Cálculo del Working Capital | C23: Año XX | H23: =+F17-I17 -> 0
B24: Caja y equivalentes (2%/ventas) | C24: =+C7*2% -> 68000
B25: =+E9 -> Clientes | C25: =+F9 -> 125000
B26: =+E10 -> Inventarios | C26: =+F10 -> 25000
B27: =+E11 -> Otros activos corrientes | C27: =+F11 -> 15000
B28: Total activos corrientes productivos | C28: =+SUM(C24:C27) -> 233000
B29: =+H9 -> Proveedores | C29: =+I9 -> 175000
B30: =+H11 -> Otros pasivos corrientes | C30: =+I11 -> 20000
B31: Total pasivos corrientes sin intereses | C31: =+SUM(C29:C30) -> 195000
B32: Net Working Capital | C32: =+C28-C31 -> 38000
B34: (Imagen 63) | E34: (Imagen 64)
B35: Cálculo del Capital Employed | C35: Año XX | E35: Cálculo Invested Capital | F35: Año XX
B36: Net Working Capital | C36: =+C32 -> 38000 | E36: Neto | F36: =+I7 -> 505000
B37: Propiedad, planta y equipamiento | C37: =+F14 -> 500000 | E37: Deuda Corto | F37: =+I10 -> 35000
B38: Otros activos no corrientes | C38: =++F15 -> 50000 | E38: Deuda Largo | F38: =+I13 -> 365000
B39: Capital Employed | C39: =+SUM(C36:C38) -> 588000 | E39: (-) Cash ocioso | F39: =-(F7-C24)-F8-F13 -> -362000
E40: Deuda neta | F40: =+SUM(F37:F39) -> 38000
E41: Otros pasivos no corrientes | F41: =+I14 -> 45000
E42: Capital Invested | F42: =+F40+F36+F41 -> 588000
J43: .
B45: Cálculo ROCE | C45: 2023 | E45: Cálculo ROIC | F45: 2023
B46: NOPAT | C46: =+C11+C14 -> 318750 | E46: NOPAT | F46: =+C11+C14 -> 318750
B47: ROCE | C47: =+C46/C39 -> 0.54209184 | E47: ROCE | F47: =+F46/F42 -> 0.54209184

Sheet Cap4. Cuadro Flujos familia
A1: Inicio
C2: (Imagen 67) | H2: (Imagen 69)
C4: Cash Flow Statement | D4: 2025 | H4: Cuenta de resultados | I4: Año XX
C5: Ingresos nómina | D5: 85000 | H5: Ingresos | I5: 1000000
C6: Gastos hogar | D6: -40000 | H6: Gastos operativos | I6: -700000
C7: Gastos vehículos | D7: -15000 | H7: Gastos de amortización y depreciación | I7: -100000
C8: Gastos niños | D8: -10000 | H8: Beneficio neto | I8: =+SUM(I5:I7) -> 200000
C9: Otros gastos | D9: -5000
C10: Flujo de las actividades operativas | D10: =+SUM(D5:D9) -> 15000 | H10: Cuadro de flujos de efectivo | I10: Año XX
C11: Mantenimiento hogar y vehículo | D11: -2000 | H11: Beneficio neto | I11: =+I8 -> 200000
C12: Inversión en formación (cursos) | D12: -1000 | H12: Corrección amortización y depreciación | I12: 100000
C13: Inversión financiera | D13: -5000 | H13: Flujo de caja | I13: =+SUM(I11:I12) -> 300000
C14: Flujo de las actividades de inversión | D14: =+SUM(D11:D13) -> -8000
C15: Devolución préstamo familiar | D15: -2000
C16: Dividendos (Regalos de reyes) | D16: -600
C17: Dividendos (Caprichos tecnológicos) | D17: -2000
C18: Flujo de las actividades de financiación | D18: =+SUM(D15:D17) -> -4600
C20: Flujo de efectivo del ejercicio | D20: =+D10+D14+D18 -> 2400
C21: Caja acumulada banco año pasado | D21: 23450
C22: Caja final de año | D22: =+D20+D21 -> 25850

Sheet Cap4. Cuadro resumen WC
A1: Inicio
B5: Tipo de cuenta (Working Capital) | C5: Variación (ajuste en el estado de flujos) | D5: Significado contable | E5: Efecto en la caja
B6: Activo corriente(ej. cuentas por cobrar, inventarios, otros activos corrientes) | C6: Aumento (ajuste positivo) | D6: El saldo del activo corriente disminuyó respecto al periodo anterior (por ejemplo, se cobraron cuentas o se redujo inventario). | E6: Entrada de efectivo
B7: Activo corriente | C7: Disminución (ajuste negativo) | D7: El saldo del activo corriente aumentó (se invirtió más en inventarios o aumentaron cuentas por cobrar). | E7: Salida de efectivo
B8: Pasivo corriente(ej. cuentas por pagar, gastos acumulados, pasivos operativos) | C8: Aumento (ajuste positivo) | D8: Aumentaron los pasivos corrientes (se difirieron pagos o se financiaron más gastos con proveedores). | E8: Entrada de efectivo
B9: Pasivo corriente | C9: Disminución (ajuste negativo) | D9: Se redujeron los pasivos corrientes (se pagaron deudas o pasivos acumulados). | E9: Salida de efectivo

Sheet Cap4. CapEx-ventas industria
A1: Inicio
B2: 20 industrias que más CapEx s/ventas destinan | G2: 20 industrias que menios CapEx s/ventas destinan
B3: Industry Name | C3: Nº Firms | D3: CapEx (US $ millions) | E3: Net Cap Ex/Sales | G3: Industry Name | H3: Nº Firms | I3: CapEx (US $ millions) | J3: Net Cap Ex/Sales
B4: Servicios Públicos (Agua) | C4: 15 | D4: 5203.74 | E4: 0.4184203 | G4: Ropa (o Vestimenta) | H4: 37 | I4: 1357.223 | J4: 0.001315238
B5: Energía Verde y Renovable | C5: 18 | D5: 4105.661 | E5: 0.38159403 | G5: Servicios Informáticos (o de Computación) | H5: 63 | I5: 3264.619 | J5: 0.0013792624
B6: Servicios Públicos (General) | C6: 14 | D6: 50314.5 | E6: 0.30653922 | G6: Servicios de Telecomunicaciones | H6: 32 | I6: 41154.332 | J6: 0.0016218817
B7: Equipos de Telecomunicaciones | C7: 61 | D7: 3150.55 | E7: 0.26114498 | G7: Equipos para Yacimientos Petrolíferos | H7: 97 | I7: 17223.395 | J7: 0.002021968
B8: Medicamentos (Biotecnología) | C8: 535 | D8: 6752.635 | E8: 0.24938462 | G8: Productos del Hogar | H8: 101 | I8: 7638.698 | J8: 0.0021758105
B9: Medicamentos (Farmacéuticos) | C9: 231 | D9: 19335.475 | E9: 0.23936247 | G9: Electrónica (Consumo y Oficina) | H9: 11 | I9: 67.93 | J9: 0.0021872119
B10: Energía (o Electricidad) | C10: 48 | D10: 137875.02 | E10: 0.23573285 | G10: Venta al por Menor (Comestibles y Alimentos) | H10: 17 | I10: 7509.059 | J10: 0.0025903701
B11: Software (Sistema y Aplicación) | C11: 333 | D11: 67416.515 | E11: 0.21011598 | G11: Química (Diversificada) | H11: 4 | I11: 692.6 | J11: 0.0030959738
B12: Petróleo/Gas (Producción y Exploración) | C12: 147 | D12: 80372.35 | E12: 0.17944803 | G12: Ordenadores/Periféricos | H12: 35 | I12: 16066.354 | J12: 0.0033470275
B13: Distribución de Petróleo/Gas | C13: 24 | D13: 21546.394 | E13: 0.15403105 | G13: Seguros (General) | H13: 22 | I13: 722.691 | J13: 0.0047191258
B14: Materiales de Construcción | C14: 39 | D14: 4233.206 | E14: 0.14426832 | G14: Seguros (Propiedad/Accidentes) | H14: 53 | I14: 2862.994 | J14: 0.0061452887
B15: Semiconductores | C15: 63 | D15: 51562.291 | E15: 0.1160024 | G15: Caucho y Neumáticos | H15: 3 | I15: 1155 | J15: 0.0064504794
... B23: Servicios Medioambientales y de Residuos | C23: 50 | D23: 6405.776 | E23: 0.064171995 | G23: Bienes Raíces (General/Diversificado) | H23: 11 | I23: 25.845 | J23: 0.013348394

Sheet Cap4. Flujo inversión Apple
A1: Inicio
B3: (Imagen 72)
B4: Flujo de las actividades de financiación | C4: 2021 | D4: 2022 | E4: 2023 | F4: 2024 | G4: 2025
B5: o Emisión de nuevas acciones. | C5: =+'EEFF Apple y cálculo ratios'!C185 -> 0 | D5: =+'EEFF Apple y cálculo ratios'!D185 -> 0 | E5: =+'EEFF Apple y cálculo ratios'!E185 -> 0 | F5: =+'EEFF Apple y cálculo ratios'!F185 -> 0 | G5: =+'EEFF Apple y cálculo ratios'!G185 -> 0
B6: o Deuda neta | C6: =+'EEFF Apple y cálculo ratios'!C186 -> 12665 | D6: =+'EEFF Apple y cálculo ratios'!D186 -> -123 | E6: =+'EEFF Apple y cálculo ratios'!E186 -> -9901 | F6: =+'EEFF Apple y cálculo ratios'!F186 -> -5998 | G6: =+'EEFF Apple y cálculo ratios'!G186 -> -8483
B7: Financiación neta de la compañía | C7: =+SUM(C5:C6) -> 12665 | D7: =+SUM(D5:D6) -> -123 | E7: =+SUM(E5:E6) -> -9901 | F7: =+SUM(F5:F6) -> -5998 | G7: =+SUM(G5:G6) -> -8483
B9: o Recompra de acciones (buybacks). | C9: =+'EEFF Apple y cálculo ratios'!C189 -> -92527 | D9: =+'EEFF Apple y cálculo ratios'!D189 -> -95625 | E9: =+'EEFF Apple y cálculo ratios'!E189 -> -77550 | F9: =+'EEFF Apple y cálculo ratios'!F189 -> -94949 | G9: =+'EEFF Apple y cálculo ratios'!G189 -> -90711
B10: o Reparto de dividendos. | C10: =+'EEFF Apple y cálculo ratios'!C190 -> -14467 | D10: =+'EEFF Apple y cálculo ratios'!D190 -> -14841 | E10: =+'EEFF Apple y cálculo ratios'!E190 -> -15025 | F10: =+'EEFF Apple y cálculo ratios'!F190 -> -15234 | G10: =+'EEFF Apple y cálculo ratios'!G190 -> -15421
B11: Total Remuneración al accionista | C11: =+SUM(C9:C10) -> -106994 | D11: =+SUM(D9:D10) -> -110466 | E11: =+SUM(E9:E10) -> -92575 | F11: =+SUM(F9:F10) -> -110183 | G11: =+SUM(G9:G10) -> -106132
B13: Neto | C13: =+C7+C11 -> -94329 | D13: =+D7+D11 -> -110589 | E13: =+E7+E11 -> -102476 | F13: =+F7+F11 -> -116181 | G13: =+G7+G11 -> -114615
B17: (Imagen 72)
B18: Flujo de las actividades de financiación | C18: 2021 | D18: 2022 | E18: 2023 | F18: 2024 | G18: 2025
B19: o Emisión de nuevas acciones. | E19: =+E5 -> 0 | F19: =+F5 -> 0 | G19: =+G5 -> 0
B20: o Deuda neta | E20: =+E6 -> -9901 | F20: =+F6 -> -5998 | G20: =+G6 -> -8483
B21: Financiación neta de la compañía | E21: =+E7 -> -9901 | F21: =+F7 -> -5998 | G21: =+G7 -> -8483
E22: =+E8 -> 0 | F22: =+F8 -> 0 | G22: =+G8 -> 0
B23: o Recompra de acciones (buybacks). | E23: =+E9 -> -77550 | F23: =+F9 -> -94949 | G23: =+G9 -> -90711
B24: o Reparto de dividendos. | E24: =+E10 -> -15025 | F24: =+F10 -> -15234 | G24: =+G10 -> -15421
B25: Total Remuneración al accionista | E25: =+E11 -> -92575 | F25: =+F11 -> -110183 | G25: =+G11 -> -106132
B27: Neto | E27: =+E13 -> -102476 | F27: =+F13 -> -116181 | G27: =+G13 -> -114615

Sheet Cap4. Capital Allocation cuñado
A1: Inicio
C3: (Imagen 73) | G3: (Imagen 74)
C4: Flujos de dinero 2020-2025
C5: Dinero en banco en 2020 | D5: 20000
C6: Ingresos por trabajo 2020-2025 | D6: =40000*5 -> 200000
C7: Gastos casa 2020-2025 | D7: =2000*12*5*-1 -> -120000
C8: Restaurantes 2020-2025 | D8: =-1000*12*5 -> -60000
C9: Viajes 2020-2025 | D9: =-7000*5 -> -35000
C10: Fútbol 2020-2025 | D10: =-250*12*5 -> -15000
C11: Caprichos 2020-2025 | D11: =400*12*5*-1 -> -24000
C12: Préstamos banco 2020-2025 | D12: 70000
C13: Dinero en banco en 2025 | D13: =+SUM(D5:D12) -> 36000

Sheet Cap4. Analisis flujos Apple
A1: Inicio
B2: (imagen 75) | E2: (Imagen 77)
B3: Análisis flujos de efectivo Apple (2016-2025)
B4: Caja Apple (Inicios 2016) | C4: =+'Capital Allocation Apple'!C87 -> 206060
B5: Efectivo de Operaciones (2016-2025) | C5: =+'Capital Allocation Apple'!C88 -> 924423
B6: CapEx (2016-2025) | C6: =+'Capital Allocation Apple'!C89 -> -114711
B7: Inversiones financieras neta (2016-2025) | C7: =+'Capital Allocation Apple'!C90 -> 75273
B8: Inversiones financieras neta (2016-2025) | C8: =+'Capital Allocation Apple'!C91 -> -75273
B9: Deuda neta (2016-2025) | C9: =+'Capital Allocation Apple'!C92 -> 34343
B10: Recompra acciones (2016-2025) | C10: =+'Capital Allocation Apple'!C93 -> -755231
B11: Dividendos (2016-2025) | C11: =+'Capital Allocation Apple'!C94 -> -141819
B12: Caja Apple (Finales 2025) | C12: =+SUM(C4:C11) -> 153065
B14: (imagen 76)
B15: Análisis flujos de efectivo Apple (2016-2025)
B16: Caja Apple (Inicios 2016) | C16: =+C4 -> 206060
B17: Efectivo de Operaciones (2016-2025) | C17: =+C5-C19 -> 1139254
B18: CapEx (2016-2025) | C18: =+C6 -> -114711
B19: Inversión en I+D (2016-2025) | C19: =+'Capital Allocation Apple'!C101 -> -214831
B20: Inversiones financieras neta (2016-2025) | C20: =+C7 -> 75273
B21: Inversiones financieras neta (2016-2025) | C21: =-C20 -> -75273
B22: Deuda neta (2016-2025) | C22: =+C9 -> 34343
B23: Recompra acciones (2016-2025) | C23: =+C10 -> -755231
B24: Dividendos (2016-2025) | C24: =+C11 -> -141819
B25: Caja Apple (Finales 2025) | C25: =+SUM(C16:C24) -> 153065

Sheet Cap4. Buffett y los dividendos
A1: Inicio
D3: (Imagen 78)
D5: Escenario 1: la empresa reparte dividendos
D6: Valor empresa | E6: Valor de mercado (x1,25) | F6: Crecimiento empresa | G6: Dividendo % | H6: Dividendo total | I6: Dividendo por accionista | J6: Patrimonio empresa a mercado | K6: Patrimonio a mercado /accionista
C7: 0 | D7: =2000000 -> 2000000 | E7: =+D7*1.25 -> 2500000 | F7: 0.08 | G7: 0.04 | H7: =+D7*G7 -> 80000 | I7: =+H7/2 -> 40000 | J7: =+E7 -> 2500000 | K7: =+E7/2 -> 1250000
C8: 1 | D8: =+D7*(1+F7) -> 2160000 | E8: =+D8*1.25 -> 2700000 | F8: 0.08 | G8: 0.04 | H8: =+D8*G8 -> 86400 | I8: =+H8/2 -> 43200 | J8: =+E8 -> 2700000 | K8: =+E8/2 -> 1350000
C9: 2 | D9: =+D8*(1+F8) -> 2332800 | E9: =+D9*1.25 -> 2916000 | F9: 0.08 | G9: 0.04 | H9: =+D9*G9 -> 93312 | I9: =+H9/2 -> 46656 | J9: =+E9 -> 2916000 | K9: =+E9/2 -> 1458000
C10: 3 | D10: =+D9*(1+F9) -> 2519424 | E10: =+D10*1.25 -> 3149280 | F10: 0.08 | G10: 0.04 | H10: =+D10*G10 -> 100776.96 | I10: =+H10/2 -> 50388.48 | J10: =+E10 -> 3149280 | K10: =+E10/2 -> 1574640
C11: 4 | D11: =+D10*(1+F10) -> 2720977.9 | E11: =+D11*1.25 -> 3401222.4 | F11: 0.08 | G11: 0.04 | H11: =+D11*G11 -> 108839.12 | I11: =+H11/2 -> 54419.558 | J11: =+E11 -> 3401222.4 | K11: =+E11/2 -> 1700611.2
C12: 5 | D12: =+D11*(1+F11) -> 2938656.2 | E12: =+D12*1.25 -> 3673320.2 | F12: 0.08 | G12: 0.04 | H12: =+D12*G12 -> 117546.25 | I12: =+H12/2 -> 58773.123 | J12: =+E12 -> 3673320.2 | K12: =+E12/2 -> 1836660.1
C13: 6 | D13: =+D12*(1+F12) -> 3173748.6 | E13: =+D13*1.25 -> 3967185.8 | F13: 0.08 | G13: 0.04 | H13: =+D13*G13 -> 126949.95 | I13: =+H13/2 -> 63474.973 | J13: =+E13 -> 3967185.8 | K13: =+E13/2 -> 1983592.9
C14: 7 | D14: =+D13*(1+F13) -> 3427648.5 | E14: =+D14*1.25 -> 4284560.7 | F14: 0.08 | G14: 0.04 | H14: =+D14*G14 -> 137105.94 | I14: =+H14/2 -> 68552.971 | J14: =+E14 -> 4284560.7 | K14: =+E14/2 -> 2142280.3
C15: 8 | D15: =+D14*(1+F14) -> 3701860.4 | E15: =+D15*1.25 -> 4627325.5 | F15: 0.08 | G15: 0.04 | H15: =+D15*G15 -> 148074.42 | I15: =+H15/2 -> 74037.208 | J15: =+E15 -> 4627325.5 | K15: =+E15/2 -> 2313662.8
C16: 9 | D16: =+D15*(1+F15) -> 3998009.3 | E16: =+D16*1.25 -> 4997511.6 | F16: 0.08 | G16: 0.04 | H16: =+D16*G16 -> 159920.37 | I16: =+H16/2 -> 79960.185 | J16: =+E16 -> 4997511.6 | K16: =+E16/2 -> 2498755.8
C17: 10 | D17: =+D16*(1+F16) -> 4317850 | E17: =+D17*1.25 -> 5397312.5 | F17: 0.08 | G17: 0.04 | H17: =+D17*G17 -> 172714 | I17: =+H17/2 -> 86357 | J17: =+E17 -> 5397312.5 | K17: =+E17/2 -> 2698656.2
D20: Escenario 2: la empresa NO reparte dividendos
D21: Valor empresa | E21: Valor de mercado (x1,25) | F21: Crecimiento empresa | G21: Venta masiva | H21: Increso total por venta masiva por accionista | I21: % Participación de cada accionista | J21: Patrimonio a mercado / accionista
C22: 0 | D22: =2000000 -> 2000000 | E22: =+D22*1.25 -> 2500000 | F22: 0.12 | G22: 0.032 | H22: =+E22*G22*50% -> 40000 | J22: =+E22*I22 -> 0
C23: 1 | D23: =+D22*(1+F22) -> 2240000 | E23: =+D23*1.25 -> 2800000 | F23: 0.12 | G23: 0.032 | H23: =+G23*I23*E23 -> 43366.4 | I23: =50%*(1-0.032) -> 0.484 | J23: =+E23*I23 -> 1355200
C24: 2 | D24: =+D23*(1+F23) -> 2508800 | E24: =+D24*1.25 -> 3136000 | F24: 0.12 | G24: 0.032 | H24: =+G24*I24*E24 -> 47016.116 | I24: =+I23*(1-0.032) -> 0.468512 | J24: =+E24*I24 -> 1469253.6
C25: 3 | D25: =+D24*(1+F24) -> 2809856 | E25: =+D25*1.25 -> 3512320 | F25: 0.12 | G25: 0.032 | H25: =+G25*I25*E25 -> 50972.993 | I25: =+I24*(1-0.032) -> 0.45351962 | J25: =+E25*I25 -> 1592906
C26: 4 | D26: =+D25*(1+F25) -> 3147038.7 | E26: =+D26*1.25 -> 3933798.4 | F26: 0.12 | G26: 0.032 | H26: =+G26*I26*E26 -> 55262.88 | I26: =+I25*(1-0.032) -> 0.43900699 | J26: =+E26*I26 -> 1726965
C27: 5 | D27: =+D26*(1+F26) -> 3524683.4 | E27: =+D27*1.25 -> 4405854.2 | F27: 0.12 | G27: 0.032 | H27: =+G27*I27*E27 -> 59913.804 | I27: =+I26*(1-0.032) -> 0.42495876 | J27: =+E27*I27 -> 1872306.4
C28: 6 | D28: =+D27*(1+F27) -> 3947645.4 | E28: =+D28*1.25 -> 4934556.7 | F28: 0.12 | G28: 0.032 | H28: =+G28*I28*E28 -> 64956.149 | I28: =+I27*(1-0.032) -> 0.41136008 | J28: =+E28*I28 -> 2029879.7
C29: 7 | D29: =+D28*(1+F28) -> 4421362.8 | E29: =+D29*1.25 -> 5526703.5 | F29: 0.12 | G29: 0.032 | H29: =+G29*I29*E29 -> 70422.859 | I29: =+I28*(1-0.032) -> 0.39819656 | J29: =+E29*I29 -> 2200714.3
C30: 8 | D30: =+D29*(1+F29) -> 4951926.4 | E30: =+D30*1.25 -> 6189907.9 | F30: 0.12 | G30: 0.032 | H30: =+G30*I30*E30 -> 76349.647 | I30: =+I29*(1-0.032) -> 0.38545427 | J30: =+E30*I30 -> 2385926.5
C31: 9 | D31: =+D30*(1+F30) -> 5546157.5 | E31: =+D31*1.25 -> 6932696.9 | F31: 0.12 | G31: 0.032 | H31: =+G31*I31*E31 -> 82775.233 | I31: =+I30*(1-0.032) -> 0.37311973 | J31: =+E31*I31 -> 2586726
C32: 10 | D32: =+D31*(1+F31) -> 6211696.4 | E32: =+D32*1.25 -> 7764620.5 | F32: 0.12 | G32: 0.032 | H32: =+G32*I32*E32 -> 89741.596 | I32: =+I31*(1-0.032) -> 0.3611799 | J32: =+E32*I32 -> 2804424.9

Sheet Cap4. Ejemplos Yield On Cost
A1: Inicio
C2: Escenario 1: renta y activo se revalorizan
C3: Apartamento | D3: 200000
C4: Revalorización renta | D4: 0.04 | E4: =+D9*(1+$D$4) -> 8320 | F4: =+E4*(1+$D$4) -> 8652.8 | G4: =+F4*(1+$D$4) -> 8998.912 | H4: =+G4*(1+$D$4) -> 9358.8685 | I4: =+H4*(1+$D$4) -> 9733.2232 | J4: =+I4*(1+$D$4) -> 10122.552 | K4: =+J4*(1+$D$4) -> 10527.454 | L4: =+K4*(1+$D$4) -> 10948.552 | M4: =+L4*(1+$D$4) -> 11386.494 | N4: =+M4*(1+$D$4) -> 11841.954
C5: Revalorización inmueble | D5: 0.04 | E5: =+D3*(1+$D$5) -> 208000 | F5: =+E5*(1+$D$5) -> 216320 | G5: =+F5*(1+$D$5) -> 224972.8 | H5: =+G5*(1+$D$5) -> 233971.71 | I5: =+H5*(1+$D$5) -> 243330.58 | J5: =+I5*(1+$D$5) -> 253063.8 | K5: =+J5*(1+$D$5) -> 263186.36 | L5: =+K5*(1+$D$5) -> 273713.81 | M5: =+L5*(1+$D$5) -> 284662.36 | N5: =+M5*(1+$D$5) -> 296048.86
C7: TIR | D7: 0 | E7: 1 | F7: 2 | G7: 3 | H7: 4 | I7: 5 | J7: 6 | K7: 7 | L7: 8 | M7: 9 | N7: 10
C8: Precio de compra | D8: =-D3 -> -200000
C9: Flujos de entrada (dividendos) | D9: 8000 | E9: =+D9*(1+$D$4) -> 8320 | F9: =+E9*(1+$D$4) -> 8652.8 | G9: =+F9*(1+$D$4) -> 8998.912 | H9: =+G9*(1+$D$4) -> 9358.8685 | I9: =+H9*(1+$D$4) -> 9733.2232 | J9: =+I9*(1+$D$4) -> 10122.552 | K9: =+J9*(1+$D$4) -> 10527.454 | L9: =+K9*(1+$D$4) -> 10948.552 | ... N9: =+M9*(1+$D$4) -> 11841.954
C10: Precio de venta | N10: =+D3*(1+D5)^M7 -> 284662.36
D11: =+SUM(D8:D10) -> -192000 | E11: =+SUM(E8:E10) -> 8320 | F11: =+SUM(F8:F10) -> 8652.8 | G11: =+SUM(G8:G10) -> 8998.912 | H11: =+SUM(H8:H10) -> 9358.8685 | I11: =+SUM(I8:I10) -> 9733.2232 | J11: =+SUM(J8:J10) -> 10122.552 | K11: =+SUM(K8:K10) -> 10527.454 | ... N11: =+SUM(N8:N10) -> 296504.32
C13: Dividend yield | D13: =+D9/D3 -> 0.04 | E13: =+E4/E5 -> 0.04 | F13: =+F4/F5 -> 0.04 | G13: =+G4/G5 -> 0.04 | H13: =+H4/H5 -> 0.04 | I13: =+I4/I5 -> 0.04 | J13: =+J4/J5 -> 0.04 | K13: =+K4/K5 -> 0.04 | L13: =+L4/L5 -> 0.04 | ... N13: =+N4/N5 -> 0.04
C14: YoC | D14: =+D9/$D$3 -> 0.04 | E14: =+E9/$D$3 -> 0.0416 | F14: =+F9/$D$3 -> 0.043264 | G14: =+G9/$D$3 -> 0.04499456 | H14: =+H9/$D$3 -> 0.046794342 | I14: =+I9/$D$3 -> 0.048666116 | J14: =+J9/$D$3 -> 0.050612761 | K14: =+K9/$D$3 -> 0.052637271 | ... N14: =+N9/$D$3 -> 0.059209771
C15: TIR 10Y | D15: =+IRR(D11:N11) -> 0.083470998
C17: Escenario 2: renta se deprecia y activo se revaloriza
C18: Apartamento | D18: 200000
C19: Revalorización renta | D19: 0 | E19: =+D24*(1+$D$19) -> 8000 | F19: =+E19*(1+$D$19) -> 8000 | G19: =+F19*(1+$D$19) -> 8000 | H19: =+G19*(1+$D$19) -> 8000 | I19: =+H19*(1+$D$19) -> 8000 | J19: =+I19*(1+$D$19) -> 8000 | K19: =+J19*(1+$D$19) -> 8000 | L19: =+K19*(1+$D$19) -> 8000 | M19: =+L19*(1+$D$19) -> 8000 | N19: =+M19*(1+$D$19) -> 8000
C20: Revalorización inmueble | D20: 0.15 | E20: =+D18*(1+$D$20) -> 230000 | F20: =+E20*(1+$D$20) -> 264500 | G20: =+F20*(1+$D$20) -> 304175 | H20: =+G20*(1+$D$20) -> 349801.25 | I20: =+H20*(1+$D$20) -> 402271.44 | J20: =+I20*(1+$D$20) -> 462612.15 | K20: =+J20*(1+$D$20) -> 532003.98 | L20: =+K20*(1+$D$20) -> 611804.57 | M20: =+L20*(1+$D$20) -> 703575.26 | N20: =+M20*(1+$D$20) -> 809111.55
C22: TIR | D22: 0 | E22: 1 | F22: 2 | G22: 3 | H22: 4 | I22: 5 | J22: 6 | K22: 7 | L22: 8 | M22: 9 | N22: 10
C23: Precio de compra | D23: =-D18 -> -200000
C24: Flujos de entrada (dividendos) | D24: 8000 | E24: =+E19 -> 8000 | F24: =+F19 -> 8000 | G24: =+G19 -> 8000 | H24: =+H19 -> 8000 | I24: =+I19 -> 8000 | J24: =+J19 -> 8000 | K24: =+K19 -> 8000 | L24: =+L19 -> 8000 | ... N24: =+N19 -> 8000
C25: Precio de venta | N25: =+N20 -> 809111.55
D26: =+SUM(D23:D25) -> -192000 | E26: =+SUM(E23:E25) -> 8000 | F26: =+SUM(F23:F25) -> 8000 | G26: =+SUM(G23:G25) -> 8000 | H26: =+SUM(H23:H25) -> 8000 | I26: =+SUM(I23:I25) -> 8000 | J26: =+SUM(J23:J25) -> 8000 | K26: =+SUM(K23:K25) -> 8000 | ... N26: =+SUM(N23:N25) -> 817111.55
C28: Dividend yield | D28: =+D24/D18 -> 0.04 | E28: =+E19/E20 -> 0.034782609 | F28: =+F19/F20 -> 0.030245747 | G28: =+G19/G20 -> 0.026300649 | H28: =+H19/H20 -> 0.02287013 | I28: =+I19/I20 -> 0.019887069 | J28: =+J19/J20 -> 0.017293104 | K28: =+K19/K20 -> 0.015037482 | L28: =+L19/L20 -> 0.013076071 | ... N28: =+N19/N20 -> 0.0098873882
C29: YoC | D29: =+D24/$D$3 -> 0.04 | E29: =+E24/$D$3 -> 0.04 | F29: =+F24/$D$3 -> 0.04 | G29: =+G24/$D$3 -> 0.04 | H29: =+H24/$D$3 -> 0.04 | I29: =+I24/$D$3 -> 0.04 | J29: =+J24/$D$3 -> 0.04 | K29: =+K24/$D$3 -> 0.04 | ... N29: =+N24/$D$3 -> 0.04
C30: TIR 10Y | D30: =+IRR(D26:N26) -> 0.17899279
C32: Escenario 3: renta se revaloriza y activo se deprecia
C33: Apartamento | D33: 200000
C34: Revalorización renta | D34: 0.08 | E34: =+D39*(1+$D$34) -> 8640 | F34: =+E34*(1+$D$34) -> 9331.2 | G34: =+F34*(1+$D$34) -> 10077.696 | H34: =+G34*(1+$D$34) -> 10883.912 | I34: =+H34*(1+$D$34) -> 11754.625 | J34: =+I34*(1+$D$34) -> 12694.995 | K34: =+J34*(1+$D$34) -> 13710.594 | L34: =+K34*(1+$D$34) -> 14807.442 | M34: =+L34*(1+$D$34) -> 15992.037 | N34: =+M34*(1+$D$34) -> 17271.4
C35: Revalorización inmueble | D35: -0.15 | E35: =+D33*(1+$D$35) -> 170000 | F35: =+E35*(1+$D$35) -> 144500 | G35: =+F35*(1+$D$35) -> 122825 | H35: =+G35*(1+$D$35) -> 104401.25 | I35: =+H35*(1+$D$35) -> 88741.062 | J35: =+I35*(1+$D$35) -> 75429.903 | K35: =+J35*(1+$D$35) -> 64115.418 | L35: =+K35*(1+$D$35) -> 54498.105 | M35: =+L35*(1+$D$35) -> 46323.389 | N35: =+M35*(1+$D$35) -> 39374.881
C37: TIR | D37: 0 | E37: 1 | F37: 2 | G37: 3 | H37: 4 | I37: 5 | J37: 6 | K37: 7 | L37: 8 | M37: 9 | N37: 10
C38: Precio de compra | D38: =-D33 -> -200000
C39: Flujos de entrada (dividendos) | D39: 8000 | E39: =+E34 -> 8640 | F39: =+F34 -> 9331.2 | G39: =+G34 -> 10077.696 | H39: =+H34 -> 10883.912 | I39: =+I34 -> 11754.625 | J39: =+J34 -> 12694.995 | K39: =+K34 -> 13710.594 | L39: =+L34 -> 14807.442 | ... N39: =+N34 -> 17271.4
C40: Precio de venta | N40: =+N35 -> 39374.881
D41: =+SUM(D38:D40) -> -192000 | E41: =+SUM(E38:E40) -> 8640 | F41: =+SUM(F38:F40) -> 9331.2 | G41: =+SUM(G38:G40) -> 10077.696 | H41: =+SUM(H38:H40) -> 10883.912 | I41: =+SUM(I38:I40) -> 11754.625 | J41: =+SUM(J38:J40) -> 12694.995 | K41: =+SUM(K38:K40) -> 13710.594 | ... N41: =+SUM(N38:N40) -> 56646.281
C43: Dividend yield | D43: =+D39/D33 -> 0.04 | E43: =+E34/E35 -> 0.050823529 | F43: =+F34/F35 -> 0.064575779 | G43: =+G34/G35 -> 0.082049225 | H43: =+H34/H35 -> 0.10425078 | I43: =+I34/I35 -> 0.13245981 | J43: =+J34/J35 -> 0.16830188 | K43: =+K34/K35 -> 0.21384239 | L43: =+L34/L35 -> 0.27170562 | ... N43: =+N34/N35 -> 0.43864006
C44: YoC | D44: =+D39/$D$3 -> 0.04 | E44: =+E39/$D$3 -> 0.0432 | F44: =+F39/$D$3 -> 0.046656 | G44: =+G39/$D$3 -> 0.05038848 | H44: =+H39/$D$3 -> 0.054419558 | I44: =+I39/$D$3 -> 0.058773123 | J44: =+J39/$D$3 -> 0.063474973 | K44: =+K39/$D$3 -> 0.068552971 | ... N44: =+N39/$D$3 -> 0.086357
C45: TIR 10Y | D45: =+IRR(D41:N41) -> -0.021358758
C48: (imagen 80)
D50: Escenario 1 | E50: Escenario 2 | F50: Escenario 3
C51: Precio de compra | D51: =+D3 -> 200000 | E51: =+D51 -> 200000 | F51: =+E51 -> 200000
C52: Revalorización renta | D52: =+D4 -> 0.04 | E52: =+D19 -> 0 | F52: =+D34 -> 0.08
C53: Revalorización inmueble | D53: =+D5 -> 0.04 | E53: =+D20 -> 0.15 | F53: =+D35 -> -0.15
C54: YoC | D54: =+N14 -> 0.059209771 | E54: =+N29 -> 0.04 | F54: =+N44 -> 0.086357
C55: TIR 10Y | D55: =+D15 -> 0.083470998 | E55: =+D30 -> 0.17899279 | F55: =+D45 -> -0.021358758
C58: (Imagen 81)
C60: Apartamento | D60: 200000
C61: Revalorización renta | D61: 0.04 | E61: =+D66*(1+$D$61) -> 8320 | F61: =+E61*(1+$D$61) -> 8652.8 | G61: =+F61*(1+$D$61) -> 8998.912 | H61: =+G61*(1+$D$61) -> 9358.8685 | I61: =+H61*(1+$D$61) -> 9733.2232 | J61: =+I61*(1+$D$61) -> 10122.552 | K61: =+J61*(1+$D$61) -> 10527.454 | L61: =+K61*(1+$D$61) -> 10948.552 | M61: =+L61*(1+$D$61) -> 11386.494 | N61: =+M61*(1+$D$61) -> 11841.954
C62: Revalorización inmueble | D62: 0.05 | E62: =+D60*(1+$D$62) -> 210000 | F62: =+E62*(1+$D$62) -> 220500 | G62: =+F62*(1+$D$62) -> 231525 | H62: =+G62*(1+$D$62) -> 243101.25 | I62: =+H62*(1+$D$62) -> 255256.31 | J62: =+I62*(1+$D$62) -> 268019.13 | K62: =+J62*(1+$D$62) -> 281420.08 | L62: =+K62*(1+$D$62) -> 295491.09 | M62: =+L62*(1+$D$62) -> 310265.64 | N62: =+M62*(1+$D$62) -> 325778.93
C64: TIR | D64: 0 | E64: 1 | F64: 2 | G64: 3 | H64: 4 | I64: 5 | J64: 6 | K64: 7 | L64: 8 | M64: 9 | N64: 10
C65: Precio de compra | D65: =-D60 -> -200000
C66: Flujos de entrada (dividendos) | D66: 8000 | E66: =+E61 -> 8320 | F66: =+F61 -> 8652.8 | G66: =+G61 -> 8998.912 | H66: =+H61 -> 9358.8685 | I66: =+I61 -> 9733.2232 | J66: =+J61 -> 10122.552 | K66: =+K61 -> 10527.454 | L66: =+L61 -> 10948.552 | ... N66: =+N61 -> 11841.954
C67: Precio de venta | N67: =+N62 -> 325778.93
D68: =+SUM(D65:D67) -> -192000 | E68: =+SUM(E65:E67) -> 8320 | F68: =+SUM(F65:F67) -> 8652.8 | G68: =+SUM(G65:G67) -> 8998.912 | H68: =+SUM(H65:H67) -> 9358.8685 | I68: =+SUM(I65:I67) -> 9733.2232 | J68: =+SUM(J65:J67) -> 10122.552 | K68: =+SUM(K65:K67) -> 10527.454 | ... N68: =+SUM(N65:N67) -> 337620.88
C70: Dividend yield | D70: =+D66/D60 -> 0.04 | E70: =+E61/E62 -> 0.039619048 | F70: =+F61/F62 -> 0.039241723 | G70: =+G61/G62 -> 0.038867993 | H70: =+H61/H62 -> 0.038497821 | I70: =+I61/I62 -> 0.038131175 | J70: =+J61/J62 -> 0.037768021 | K70: =+K61/K62 -> 0.037408326 | L70: =+L61/L62 -> 0.037052056 | ... N70: =+N61/N62 -> 0.036349663
C71: YoC | D71: =+D66/$D$3 -> 0.04 | E71: =+E66/$D$3 -> 0.0416 | F71: =+F66/$D$3 -> 0.043264 | G71: =+G66/$D$3 -> 0.04499456 | H71: =+H66/$D$3 -> 0.046794342 | I71: =+I66/$D$3 -> 0.048666116 | J71: =+J66/$D$3 -> 0.050612761 | K71: =+K66/$D$3 -> 0.052637271 | ... N71: =+N66/$D$3 -> 0.059209771
C72: TIR 10Y | D72: =+IRR(D68:N68) -> 0.095252509

Sheet Cap4. FCFF academico Apple
A1: Inicio
B3: (Imagen 45 e imagen 82)
B4: Cálculo del Working Capital de Apple | C4: 2021 | D4: 2022 | E4: 2023 | F4: 2024 | G4: 2025
B5: =+'EEFF Apple y cálculo ratios'!B82 -> Caja y equivalentes | D5: =+'EEFF Apple y cálculo ratios'!D82 -> 1182.3 | E5: =+'EEFF Apple y cálculo ratios'!E82 -> 1498.25 | F5: =+'EEFF Apple y cálculo ratios'!F82 -> 1497.15 | G5: =+'EEFF Apple y cálculo ratios'!G82 -> 1796.7
B6: =+'EEFF Apple y cálculo ratios'!B83 -> Clientes | D6: =+'EEFF Apple y cálculo ratios'!D83 -> 28184 | E6: =+'EEFF Apple y cálculo ratios'!E83 -> 29508 | F6: =+'EEFF Apple y cálculo ratios'!F83 -> 33410 | G6: =+'EEFF Apple y cálculo ratios'!G83 -> 39777
B7: =+'EEFF Apple y cálculo ratios'!B84 -> Inventarios | D7: =+'EEFF Apple y cálculo ratios'!D84 -> 4946 | E7: =+'EEFF Apple y cálculo ratios'!E84 -> 6331 | F7: =+'EEFF Apple y cálculo ratios'!F84 -> 7286 | G7: =+'EEFF Apple y cálculo ratios'!G84 -> 5718
B8: =+'EEFF Apple y cálculo ratios'!B85 -> Otros activos corrientes | D8: =+'EEFF Apple y cálculo ratios'!D85 -> 53971 | E8: =+'EEFF Apple y cálculo ratios'!E85 -> 46172 | F8: =+'EEFF Apple y cálculo ratios'!F85 -> 47120 | G8: =+'EEFF Apple y cálculo ratios'!G85 -> 47765
B9: Total activos corrientes productivos | D9: =+SUM(D5:D8) -> 88283.3 | E9: =+SUM(E5:E8) -> 83509.25 | F9: =+SUM(F5:F8) -> 89313.15 | G9: =+SUM(G5:G8) -> 95056.7
B10: =+'EEFF Apple y cálculo ratios'!B87 -> Proveedores | D10: =+'EEFF Apple y cálculo ratios'!D87 -> 64115 | E10: =+'EEFF Apple y cálculo ratios'!E87 -> 62611 | F10: =+'EEFF Apple y cálculo ratios'!F87 -> 68960 | G10: =+'EEFF Apple y cálculo ratios'!G87 -> 69860
B11: =+'EEFF Apple y cálculo ratios'!B88 -> Otros pasivos corrientes | D11: =+'EEFF Apple y cálculo ratios'!D88 -> 67094 | E11: =+'EEFF Apple y cálculo ratios'!E88 -> 65315 | F11: =+'EEFF Apple y cálculo ratios'!F88 -> 84921 | G11: =+'EEFF Apple y cálculo ratios'!G88 -> 75442
B12: Total pasivos corrientes sin intereses | D12: =+SUM(D10:D11) -> 131209 | E12: =+SUM(E10:E11) -> 127926 | F12: =+SUM(F10:F11) -> 153881 | G12: =+SUM(G10:G11) -> 145302
B13: WORKING CAPITAL | D13: =+D9-D12 -> -42925.7 | E13: =+E9-E12 -> -44416.75 | F13: =+F9-F12 -> -64567.85 | G13: =+G9-G12 -> -50245.3
B14: Variación WC | E14: =-(E13-D13) -> 1491.05 | F14: =-(F13-E13) -> 20151.1 | G14: =-(G13-F13) -> -14322.55
B18: (imagen 83)
C19: 2021 | D19: 2022 | E19: 2023 | F19: 2024 | G19: 2025
B20: EBIT corregido | E20: =+'EEFF Apple y cálculo ratios'!E217 -> 118189.33 | F20: =+'EEFF Apple y cálculo ratios'!F217 -> 125407.33 | G20: =+'EEFF Apple y cálculo ratios'!G217 -> 135655
B21: (-) Taxes | E21: =+'EEFF Apple y cálculo ratios'!E218 -> -17557.55 | F21: =+'EEFF Apple y cálculo ratios'!F218 -> -30209.18 | G21: =+'EEFF Apple y cálculo ratios'!G218 -> -21266.05
B22: (=) NOPAT | E22: =+SUM(E20:E21) -> 100631.78 | F22: =+SUM(F20:F21) -> 95198.153 | G22: =+SUM(G20:G21) -> 114388.95
B23: (+) Amortización y depreciación | E23: =+'EEFF Apple y cálculo ratios'!E220 -> 11519 | F23: =+'EEFF Apple y cálculo ratios'!F220 -> 11445 | G23: =+'EEFF Apple y cálculo ratios'!G220 -> 11698
B24: (+) Stock Options | E24: =+'EEFF Apple y cálculo ratios'!E221 -> 10833 | F24: =+'EEFF Apple y cálculo ratios'!F221 -> 11688 | G24: =+'EEFF Apple y cálculo ratios'!G221 -> 12863
B25: (+/-) Variación Working Capital | E25: =+'EEFF Apple y cálculo ratios'!E222 -> 1491.05 | F25: =+'EEFF Apple y cálculo ratios'!F222 -> 20151.1 | G25: =+'EEFF Apple y cálculo ratios'!G222 -> -14322.55
B26: (-) CapEx | E26: =+'EEFF Apple y cálculo ratios'!E223 -> -10959 | F26: =+'EEFF Apple y cálculo ratios'!F223 -> -9447 | G26: =+'EEFF Apple y cálculo ratios'!G223 -> -12715
B27: Free Cash Flow to The Firm (FCFF) | E27: =+SUM(E22:E26) -> 113515.83 | F27: =+SUM(F22:F26) -> 129035.25 | G27: =+SUM(G22:G26) -> 111912.4
B30: (Imagen 84) | C30: 2021 | D30: 2022 | E30: 2023 | F30: 2024 | G30: 2025
B31: FCFF "de servilleta" | E31: =+'EEFF Apple y cálculo ratios'!E229 -> 99584 | F31: =+'EEFF Apple y cálculo ratios'!F229 -> 108807 | G31: =+'EEFF Apple y cálculo ratios'!G229 -> 98767
B32: Capital Employed | E32: =+'EEFF Apple y cálculo ratios'!E230 -> 92749.917 | F32: =+'EEFF Apple y cálculo ratios'!F230 -> 86831.15 | G32: =+'EEFF Apple y cálculo ratios'!G230 -> 116805.7
B33: FCFFROCE "de servilleta" | E33: =+E31/E32 -> 1.0736829 | F33: =+F31/F32 -> 1.2530872 | G33: =+G31/G32 -> 0.84556661
C35: 2021 | D35: 2022 | E35: 2023 | F35: 2024 | G35: 2025
B36: FCFF académico | E36: =+'EEFF Apple y cálculo ratios'!E234 -> 113515.83 | F36: =+'EEFF Apple y cálculo ratios'!F234 -> 129035.25 | G36: =+'EEFF Apple y cálculo ratios'!G234 -> 111912.4
B37: Capital Employed | E37: =+'EEFF Apple y cálculo ratios'!E235 -> 92749.917 | F37: =+'EEFF Apple y cálculo ratios'!F235 -> 86831.15 | G37: =+'EEFF Apple y cálculo ratios'!G235 -> 116805.7
B38: FCFFROCE académico | E38: =+E36/E37 -> 1.2238915 | F38: =+F36/F37 -> 1.486048 | G38: =+G36/G37 -> 0.95810735
B41: (Imagen 85)
C42: 2021 | D42: 2022 | E42: 2023 | F42: 2024 | G42: 2025
B43: EBIT corregido | E43: =+'EEFF Apple y cálculo ratios'!E241 -> 118189.33 | F43: =+'EEFF Apple y cálculo ratios'!F241 -> 125407.33 | G43: =+'EEFF Apple y cálculo ratios'!G241 -> 135655
B44: (-) Taxes | E44: =+'EEFF Apple y cálculo ratios'!E242 -> -17557.55 | F44: =+'EEFF Apple y cálculo ratios'!F242 -> -30209.18 | G44: =+'EEFF Apple y cálculo ratios'!G242 -> -21266.05
B45: (=) NOPAT | E45: =+SUM(E43:E44) -> 100631.78 | F45: =+SUM(F43:F44) -> 95198.153 | G45: =+SUM(G43:G44) -> 114388.95
B46: (+) Amortización y depreciación | E46: =+'EEFF Apple y cálculo ratios'!E244 -> 11519 | F46: =+'EEFF Apple y cálculo ratios'!F244 -> 11445 | G46: =+'EEFF Apple y cálculo ratios'!G244 -> 11698
B47: (+) Stock Options | E47: =+'EEFF Apple y cálculo ratios'!E245 -> 0 | F47: =+'EEFF Apple y cálculo ratios'!F245 -> 0 | G47: =+'EEFF Apple y cálculo ratios'!G245 -> 0
B48: (+/-) Variación Working Capital | E48: =+'EEFF Apple y cálculo ratios'!E246 -> 1491.05 | F48: =+'EEFF Apple y cálculo ratios'!F246 -> 20151.1 | G48: =+'EEFF Apple y cálculo ratios'!G246 -> -14322.55
B49: (-) CapEx | E49: =+'EEFF Apple y cálculo ratios'!E247 -> -10959 | F49: =+'EEFF Apple y cálculo ratios'!F247 -> -9447 | G49: =+'EEFF Apple y cálculo ratios'!G247 -> -12715
B50: Free Cash Flow to The Firm (FCFF) | E50: =+SUM(E45:E49) -> 102682.83 | F50: =+SUM(F45:F49) -> 117347.25 | G50: =+SUM(G45:G49) -> 99049.4
C52: 2021 | D52: 2022 | E52: 2023 | F52: 2024 | G52: 2025
B53: FCFF académico | E53: =+'EEFF Apple y cálculo ratios'!E251 -> 102682.83 | F53: =+'EEFF Apple y cálculo ratios'!F251 -> 117347.25 | G53: =+'EEFF Apple y cálculo ratios'!G251 -> 99049.4
B54: Capital Employed | E54: =+'EEFF Apple y cálculo ratios'!E252 -> 92749.917 | F54: =+'EEFF Apple y cálculo ratios'!F252 -> 86831.15 | G54: =+'EEFF Apple y cálculo ratios'!G252 -> 116805.7
B55: FCFFROCE académico | E55: =+E53/E54 -> 1.1070935 | F55: =+F53/F54 -> 1.3514419 | G55: =+G53/G54 -> 0.8479843

Sheet Cap4. FCFE académico Apple
A1: Inicio
B3: (Imagen 87)
B4: Free Cash Flow to the Equity (FCFE) | C4: 2021 | D4: 2022 | E4: 2023 | F4: 2024 | G4: 2025
B5: Beneficio Neto | E5: =+'EEFF Apple y cálculo ratios'!E257 -> 96995 | F5: =+'EEFF Apple y cálculo ratios'!F257 -> 93736 | G5: =+'EEFF Apple y cálculo ratios'!G257 -> 112010
B6: (+) Depreciación y amortización | E6: =+'EEFF Apple y cálculo ratios'!E258 -> 11519 | F6: =+'EEFF Apple y cálculo ratios'!F258 -> 11445 | G6: =+'EEFF Apple y cálculo ratios'!G258 -> 11698
B7: (+) Stock options | E7: =+'EEFF Apple y cálculo ratios'!E259 -> 0 | F7: =+'EEFF Apple y cálculo ratios'!F259 -> 0 | G7: =+'EEFF Apple y cálculo ratios'!G259 -> 0
B8: (-) Capex | E8: =+'EEFF Apple y cálculo ratios'!E260 -> -10959 | F8: =+'EEFF Apple y cálculo ratios'!F260 -> -9447 | G8: =+'EEFF Apple y cálculo ratios'!G260 -> -12715
B9: (+/-) Variación del Net Working Capital | E9: =+'EEFF Apple y cálculo ratios'!E261 -> 1491.05 | F9: =+'EEFF Apple y cálculo ratios'!F261 -> 20151.1 | G9: =+'EEFF Apple y cálculo ratios'!G261 -> -14322.55
B10: (=) Free Cash Flow available for the Debt | E10: =+'EEFF Apple y cálculo ratios'!E262 -> 99046.05 | F10: =+'EEFF Apple y cálculo ratios'!F262 -> 115885.1 | G10: =+'EEFF Apple y cálculo ratios'!G262 -> 96670.45
B11: (+/-) Flujo de deuda (emisión-reembolso) | E11: =+'EEFF Apple y cálculo ratios'!E263 -> -9901 | F11: =+'EEFF Apple y cálculo ratios'!F263 -> -5998 | G11: =+'EEFF Apple y cálculo ratios'!G263 -> -8483
B12: (=) Free Cash Flow to The Equity (FCFE) | E12: =+SUM(E10:E11) -> 89145.05 | F12: =+SUM(F10:F11) -> 109887.1 | G12: =+SUM(G10:G11) -> 88187.45

Sheet Cap4. Remunera accionista FCFE 
A1: Inicio
B4: (Imagen 88) | C4: 2021 | D4: 2022 | E4: 2023 | F4: 2024 | G4: 2025
B5: Buybacks | E5: =+'EEFF Apple y cálculo ratios'!E283 -> -77550 | F5: =+'EEFF Apple y cálculo ratios'!F283 -> -94949 | G5: =+'EEFF Apple y cálculo ratios'!G283 -> -90711
B6: Dividendos | E6: =+'EEFF Apple y cálculo ratios'!E284 -> -15025 | F6: =+'EEFF Apple y cálculo ratios'!F284 -> -15234 | G6: =+'EEFF Apple y cálculo ratios'!G284 -> -15421
B7: Total Remuneración al accionista | E7: =+'EEFF Apple y cálculo ratios'!E285 -> -92575 | F7: =+'EEFF Apple y cálculo ratios'!F285 -> -110183 | G7: =+'EEFF Apple y cálculo ratios'!G285 -> -106132
B8: Free Cash Flow to The Equity (FCFE)* | E8: =+'EEFF Apple y cálculo ratios'!E286 -> 89145.05 | F8: =+'EEFF Apple y cálculo ratios'!F286 -> 109887.1 | G8: =+'EEFF Apple y cálculo ratios'!G286 -> 88187.45
B9: Remuneración accionista/FCFE | E9: =-E7/E8 -> 1.0384761 | F9: =-F7/F8 -> 1.0026928 | G9: =-G7/G8 -> 1.2034819
B10: * Incluyendo stocks options como "salida de caja"

Sheet Cap4. FCFE YoC Apple
A1: Inicio
B2: Estado de flujo de efectivo | C2: 42273 | D2: 42637 | E2: 43008 | F2: 43372 | G2: 43736 | H2: 44100 | I2: 44464 | J2: 44828 | K2: 45199 | L2: 45565 | M2: 45927
B3: Beneficio netos | C3: 53394 | D3: 45687 | E3: 48351 | F3: 59531 | G3: 55256 | H3: 57411 | I3: 94680 | J3: 99803 | K3: 96995 | L3: 93736 | M3: 112010
B4: Depreciación y amortización | C4: 9957 | D4: 10505 | E4: 10157 | F4: 10903 | G4: 12547 | H4: 11056 | I4: 11284 | J4: 11104 | K4: 11519 | L4: 11445
B5: Amortización de fondos de comercio y activos intangibles | C5: 1300
B6: Depreciación y amortización total | C6: 11257 | D6: 10505 | E6: 10157 | F6: 10903 | G6: 12547 | H6: 11056 | I6: 11284 | J6: 11104 | K6: 11519 | L6: =+L4 -> 11445 | M6: 11698
B7: Compensación de stock options | C7: 3586 | D7: 4210 | E7: 4840 | F7: 5340 | G7: 6068 | H7: 6829 | I7: 7906 | J7: 9038 | K7: 10833 | L7: 11688 | M7: 12863
B8: Otras actividades operativas | C8: 1767 | D8: 5424 | E8: 5800 | F8: -33034 | G8: -992 | H8: -312 | I8: -4921 | J8: 1006 | K8: -2227 | L8: -2266 | M8: -89
B9: Cambio en cuentas por cobrar | C9: 417 | D9: 527 | E9: -2093 | F9: -5322 | G9: 245 | H9: 6917 | I9: -10125 | J9: -1823 | K9: -1688 | L9: -3788 | M9: -6682
B10: Cambio en inventarios | C10: -238 | D10: 217 | E10: -2723 | F10: 828 | G10: -289 | H10: -127 | I10: -2642 | J10: 1484 | K10: -1618 | L10: -1046 | M10: 1400
B11: Cambio en cuentas por pagar | C11: 5001 | D11: 2117 | E11: 8966 | F11: 9175 | G11: -1923 | H11: -4062 | I11: 12326 | J11: 9448 | K11: -1889 | L11: 6020 | M11: 902
B12: Cambio en los ingresos no devengados | C12: 1042 | D12: -1554 | E12: -593 | F12: -3 | G12: -625 | H12: 2081
B13: Variación en otros activos operativos netos | C13: 5040 | D13: -902 | E13: -8480 | F13: 30016 | G13: -896 | H13: 881 | I13: -4470 | J13: -7909 | K13: -1382 | L13: 2465 | M13: -20620
B14: Efectivo de Operaciones | C14: 81266 | D14: 66231 | E14: 64225 | F14: 77434 | G14: 69391 | H14: 80674 | I14: 104038 | J14: 122151 | K14: 110543 | L14: =+SUM(L6:L13)+L3 -> 118254 | M14: 111482
B15: Gastos de capital | C15: -11247 | D15: -12734 | E15: -12451 | F15: -13313 | G15: -10495 | H15: -7309 | I15: -11085 | J15: -10708 | K15: -10959 | L15: -9447 | M15: -12715
B16: Adquisiciones con efectivo | C16: -343 | D16: -297 | E16: -329 | F16: -721 | G16: -624 | H16: -1524
B17: Venta (compra) de activos intangibles | C17: -241
B18: Inversión en valores negociables y de renta variable | C18: -44417 | D18: -32022 | E18: -33542 | F18: 30845 | G18: 58093 | H18: 5453 | I18: -3075 | J18: -9560 | K18: 16001 | L18: 13690 | M18: 29390
B19: Otras actividades de inversión | C19: -26 | D19: -924 | E19: -124 | F19: -745 | G19: -1078 | H19: -909 | I19: -385 | J19: -2086 | K19: -1337 | L19: -1308 | M19: -1480
B20: Efectivo de la inversión | C20: -56274 | D20: -45977 | E20: -46446 | F20: 16066 | G20: 45896 | H20: -4289 | I20: -14545 | J20: -22354 | K20: 3705 | L20: =+SUM(L15:L19) -> 2935 | M20: 15195
B21: Deuda total emitida | C21: 29305 | D21: 24954 | E21: 32514 | F21: 6969 | G21: 6963 | H21: 16091 | I21: 21415 | J21: 9420 | K21: 5228 | L21: 3960 | M21: 4481
B22: Total de la deuda reembolsada | D22: -2897 | E22: -3500 | F22: -6537 | G22: -14782 | H22: -13592 | I22: -8750 | J22: -9543 | K22: -15129 | L22: -9958 | M22: -12964
B23: Emisión de acciones ordinarias | C23: 543 | D23: 495 | E23: 555 | F23: 669 | G23: 781
B24: Recompra de acciones comunes | C24: -36752 | D24: -31292 | E24: -34774 | F24: -75265 | G24: -69714 | H24: -75992 | I24: -92527 | J24: -95625 | K24: -82981 | L24: -100390 | M24: -96671
B25: Dividendos comunes pagados | C25: -11561 | D25: -12150 | E25: -12769 | F25: -13712 | G25: -14119 | H25: -14081 | I25: -14467 | J25: -14841 | K25: -15025 | L25: -15234 | M25: -15421
B26: Otras Actividades de Financiamiento | C26: 749 | G26: -105 | H26: 754 | I26: 976 | J26: -160 | K26: -581 | L26: -361 | M26: -111
B27: Efectivo de Financiamiento | C27: -17716 | D27: -20890 | E27: -17974 | F27: -87876 | G27: -90976 | H27: -86820 | I27: -93353 | J27: -110749 | K27: -108488 | L27: =+SUM(L21:L26) -> -121983 | M27: -120686
B28: Cambio neto en efectivo | C28: 7276 | D28: -636 | E28: -195 | F28: 5624 | G28: 24311 | H28: -10435 | I28: -3860 | J28: -10952 | K28: 5760 | L28: =+L27+L20+L14 -> -794 | M28: 5991
B32: (Imagen 90)
C33: 2015 | D33: 2016 | E33: 2017 | F33: 2018 | G33: 2019 | H33: 2020 | I33: 2021 | J33: 2022 | K33: 2023 | L33: 2024 | M33: 2025
B34: FCFE | C34: =+C14+C15+C21+C22 -> 99324 | D34: =+D14+D15+D21+D22 -> 75554 | E34: =+E14+E15+E21+E22 -> 80788 | F34: =+F14+F15+F21+F22 -> 64553 | G34: =+G14+G15+G21+G22 -> 51077 | H34: =+H14+H15+H21+H22 -> 75864 | I34: =+I14+I15+I21+I22 -> 105618 | J34: =+J14+J15+J21+J22 -> 111320 | ... M34: =+M14+M15+M21+M22 -> 90284
B35: Promedio ponderado de acciones básicas en circulación | C35: 23013.68 | D35: 21883.28 | E35: 20868.97 | F35: 19821.51 | G35: 18471.34 | H35: 17352.12 | I35: 16701.27 | J35: 16215.96 | K35: 15744.23 | L35: 15343.78 | M35: 14948.5
B36: FCFE por acción | C36: =+C34/C35 -> 4.3158678 | D36: =+D34/D35 -> 3.4525903 | E36: =+E34/E35 -> 3.8712021 | F36: =+F34/F35 -> 3.2567145 | G36: =+G34/G35 -> 2.7652027 | H36: =+H34/H35 -> 4.3720306 | I36: =+I34/I35 -> 6.3239502 | J36: =+J34/J35 -> 6.8648418 | ... M36: =+M34/M35 -> 6.0396695 | N36: =+(M36/C36)^(1/10)-1 -> 0.034176118
B38: Precio cierre acciones | C38: 28.68 | D38: 28.18 | E38: 38.53 | F38: 56.44 | G38: 54.71 | H38: 112.28 | I38: 146.92 | J38: 150.43 | K38: 171.21 | L38: 227.79 | M38: 255.46
B40: FCFE Yield | C40: =+C36/C38 -> 0.15048353 | D40: =+D36/D38 -> 0.12251917 | E40: =+E36/E38 -> 0.10047241 | F40: =+F36/F38 -> 0.057702242 | G40: =+G36/G38 -> 0.050542912 | H40: =+H36/H38 -> 0.038938641 | I40: =+I36/I38 -> 0.043043495 | J40: =+J36/J38 -> 0.045634792 | ... M40: =+M36/M38 -> 0.02364233
B41: FCFE on Cost 10Y | C41: =+M36/C38 -> 0.2105882
C43: 2015 | D43: 2016 | E43: 2017 | F43: 2018 | G43: 2019 | H43: 2020 | I43: 2021 | J43: 2022 | K43: 2023 | L43: 2024 | M43: 2025
B44: FCFF rápido | C44: =+C14+C15 -> 70019 | D44: =+D14+D15 -> 53497 | E44: =+E14+E15 -> 51774 | F44: =+F14+F15 -> 64121 | G44: =+G14+G15 -> 58896 | H44: =+H14+H15 -> 73365 | I44: =+I14+I15 -> 92953 | J44: =+J14+J15 -> 111443 | ... M44: =+M14+M15 -> 98767
B45: Promedio ponderado de acciones básicas en circulación | C45: 23013.68 | D45: 21883.28 | E45: 20868.97 | F45: 19821.51 | G45: 18471.34 | H45: 17352.12 | I45: 16701.27 | J45: 16215.96 | K45: 15744.23 | L45: 15343.78 | M45: 14948.5
B46: FCFE por acción | C46: =+C44/C45 -> 3.0424947 | D46: =+D44/D45 -> 2.4446518 | E46: =+E44/E45 -> 2.4809083 | F46: =+F44/F45 -> 3.23492 | G46: =+G44/G45 -> 3.1885072 | H46: =+H44/H45 -> 4.2280136 | I46: =+I44/I45 -> 5.5656247 | J46: =+J44/J45 -> 6.8724269 | ... M46: =+M44/M45 -> 6.6071512

Sheet Cap4. ROE Apple
A1: Inicio
B3: (Imagen 91) | C3: 2021 | D3: 2022 | E3: 2023 | F3: 2024 | G3: 2025
B4: Benefio Neto | D4: =+'EEFF Apple y cálculo ratios'!D299 -> 99803 | E4: =+'EEFF Apple y cálculo ratios'!E299 -> 96995 | F4: =+'EEFF Apple y cálculo ratios'!F299 -> 93736 | G4: =+'EEFF Apple y cálculo ratios'!G299 -> 112010
B5: Equity | D5: =+'EEFF Apple y cálculo ratios'!D300 -> 50672 | E5: =+'EEFF Apple y cálculo ratios'!E300 -> 62146 | F5: =+'EEFF Apple y cálculo ratios'!F300 -> 56950 | G5: =+'EEFF Apple y cálculo ratios'!G300 -> 73733
B6: ROE | D6: =+D4/D5 -> 1.9695887 | E6: =+E4/E5 -> 1.5607601 | F6: =+F4/F5 -> 1.645935 | G6: =+G4/G5 -> 1.5191298
B8: (Imagen 94)
B9: Dupont Analysis | D9: 2022 | E9: 2023 | F9: 2024 | G9: 2025
B10: NP | D10: =+'EEFF Apple y cálculo ratios'!D306 -> 99803 | E10: =+'EEFF Apple y cálculo ratios'!E306 -> 96995 | F10: =+'EEFF Apple y cálculo ratios'!F306 -> 93736 | G10: =+'EEFF Apple y cálculo ratios'!G306 -> 112010
B11: EBT | D11: =+'EEFF Apple y cálculo ratios'!D307 -> 119103 | E11: =+'EEFF Apple y cálculo ratios'!E307 -> 113736 | F11: =+'EEFF Apple y cálculo ratios'!F307 -> 123485 | G11: =+'EEFF Apple y cálculo ratios'!G307 -> 132729
B12: % Impacto de la fiscalidad | D12: =+D10/D11 -> 0.83795538 | E12: =+E10/E11 -> 0.85280826 | F12: =+F10/F11 -> 0.75908815 | G12: =+G10/G11 -> 0.84389998
B13: EBT | D13: =+D11 -> 119103 | E13: =+E11 -> 113736 | F13: =+F11 -> 123485 | G13: =+G11 -> 132729
B14: EBIT | D14: =+'EEFF Apple y cálculo ratios'!D310 -> 119437 | E14: =+'EEFF Apple y cálculo ratios'!E310 -> 114301 | F14: =+'EEFF Apple y cálculo ratios'!F310 -> 123216 | G14: =+'EEFF Apple y cálculo ratios'!G310 -> 133050
B15: % Impacto intereses deuda | D15: =+D13/D14 -> 0.99720355 | E15: =+E13/E14 -> 0.99505691 | F15: =+F13/F14 -> 1.0021832 | G15: =+G13/G14 -> 0.99758737
B16: EBIT | D16: =+D14 -> 119437 | E16: =+E14 -> 114301 | F16: =+F14 -> 123216 | G16: =+G14 -> 133050
B17: Sales | D17: =+'EEFF Apple y cálculo ratios'!D313 -> 394328 | E17: =+'EEFF Apple y cálculo ratios'!E313 -> 383285 | F17: =+'EEFF Apple y cálculo ratios'!F313 -> 391035 | G17: =+'EEFF Apple y cálculo ratios'!G313 -> 416161
B18: % Margen Operativo | D18: =+D16/D17 -> 0.30288744 | E18: =+E16/E17 -> 0.29821412 | F18: =+F16/F17 -> 0.31510223 | G18: =+G16/G17 -> 0.319708
B19: Sales | D19: =+D17 -> 394328 | E19: =+E17 -> 383285 | F19: =+F17 -> 391035 | G19: =+G17 -> 416161
B20: Assets | D20: =+'EEFF Apple y cálculo ratios'!D316 -> 352755 | E20: =+'EEFF Apple y cálculo ratios'!E316 -> 352583 | F20: =+'EEFF Apple y cálculo ratios'!F316 -> 364980 | G20: =+'EEFF Apple y cálculo ratios'!G316 -> 359241
B21: % rotación | D21: =+D19/D20 -> 1.1178523 | E21: =+E19/E20 -> 1.0870774 | F21: =+F19/F20 -> 1.0713875 | G21: =+G19/G20 -> 1.1584452
B22: Assets | D22: =+D20 -> 352755 | E22: =+E20 -> 352583 | F22: =+F20 -> 364980 | G22: =+G20 -> 359241
B23: Equity | D23: =+'EEFF Apple y cálculo ratios'!D319 -> 50672 | E23: =+'EEFF Apple y cálculo ratios'!E319 -> 62146 | F23: =+'EEFF Apple y cálculo ratios'!F319 -> 56950 | G23: =+'EEFF Apple y cálculo ratios'!G319 -> 73733
B24: % Apalancamiento | D24: =+D22/D23 -> 6.9615369 | E24: =+E22/E23 -> 5.6734625 | F24: =+F22/F23 -> 6.4087796 | G24: =+G22/G23 -> 4.8721875
B25: ROE | D25: =+D12*D15*D18*D21*D24 -> 1.9695887 | E25: =+E12*E15*E18*E21*E24 -> 1.5607601 | F25: =+F12*F15*F18*F21*F24 -> 1.645935 | G25: =+G12*G15*G18*G21*G24 -> 1.5191298

Sheet Cap4. ROE Stuppazuck
A1: Inicio
B4: Apartamento de alquiler
B5: (Imagen 92)
B6: Cuenta de resultados | C6: 2025
B7: Ventas (sales) | C7: 20000
B8: (-) Costes directos (Cost of sales) | C8: 0
B9: (=) Beneficio bruto (gross profit) | C9: =+C7+C8 -> 20000
B10: (-) Gastos operativos (OPEX) | C10: -5000
B11: (=) Beneficio Operativo (EBIT) | C11: =+C9+C10 -> 15000
B12: (+/-) Gastos/Ingresos financieros | C12: 0
B13: (=) Beneficio Antes de impuestos (EBT) | C13: =+C11+C12 -> 15000
B14: (-) Impuestos (Taxes) | C14: 0
B15: (=) Beneficio Neto (Net Profit) | C15: =+C13+C14 -> 15000
B17: (Imagen 93)
B18: ACTIVOS | E18: PASIVO + NETO
B19: Caja y equivalentes | C19: 0 | E19: Neto | F19: =+C26-F23 -> 50000
B20: Clientes | C20: 0
B21: Otros activos corrientes | C21: 0 | E21: Otros pasivos corrientes | F21: 0
B22: Total activos corrientes | C22: =+SUM(C19:C21) -> 0 | E22: Total pasivos corrientes | F22: =+SUM(F20:F21) -> 0
B23: Propiedad, planta y equipamiento | C23: 200000 | E23: Préstamo bancario | F23: =+C26*0.75 -> 150000
B24: Otros activos no corrientes | C24: 0 | E24: Total pasivos no corrientes | F24: =+SUM(F23) -> 150000
B25: Total activos no corrientes | C25: =+SUM(C23:C24) -> 200000 | E25: TOTAL PASIVOS | F25: =+F24+F22 -> 150000
B26: TOTAL ACTIVOS | C26: =+C25+C22 -> 200000 | E26: TOTAL PASIVO + NETO | F26: =+F25+F19 -> 200000
B29: ROC | C29: =+(C11-C14)/C26 -> 0.075
B30: ROE | C30: =+C15/F19 -> 0.3

Sheet Cap5. V múltiplos AAPL
A1: Inicio
B2: (Imagen 97)
C3: 2025 | F3: 2030E
B4: Beneficio neto 2025 | C4: =+'EEFF Apple y cálculo ratios'!G12 -> 112010 | E4: Beneficio neto 2030E | F4: 171794
B5: Market Cap actual | C5: =+'EEFF Apple y cálculo ratios'!C328 -> 4125754.7 | E5: Mútiplo 2030E | F5: 30
B6: Múltiplo PER actual | C6: =+C5/C4 -> 36.833807 | E6: Equity value 2030E | F6: =+F4*F5 -> 5153820
B8: Up/down side (acumulado) | C8: =+(F6/C5)-1 -> 0.24918236
B9: CAGR | C9: =+(F6/C5)^(1/5)-1 -> 0.045502723
B11: (Imagen 98)
B12: Incorporando dilución/buybacks
B13: Nº acciones diluidas promedio 2025 | C13: 14776
B14: Ritmo dilución anual | C14: -0.025
B15: Nº acciones diluidas promedio 2030E | C15: =+C13*(1+C14)^5 -> 13019.07
B17: Precio por acción hoy | C17: =+C5/C13 -> 279.22
B18: Precio por acción 2030E | C18: =+F6/C15 -> 395.86699
B20: Up/down side (acumulado) | C20: =+(C18/C17)-1 -> 0.41776014
B21: CAGR | C21: =+(C18/C17)^(1/5)-1 -> 0.072310485
B24: Incorporando dividendos
B25: Beneficio por acción hoy | C25: =+C4/C13 -> 7.580536
B26: Beneficio por acción 2030E | C26: =+F4/C15 -> 13.195566
B28: Dividendo por acción 2026E | C28: 1.07
B29: Dividendo por acción 2027E | C29: 1.13
B30: Dividendo por acción 2028E | C30: 1.16
B31: Dividendo por acción 2029E | C31: 1.26
B32: Dividendo por acción 2030E | C32: 1.33
B33: Total dividendos cobrados por acción | C33: =+SUM(C28:C32) -> 5.95
B34: Múltiplo 2030E | C34: =+F5 -> 30
B35: Precio por acción 2030E | C35: =+C26*C34 -> 395.86699
B37: Precio por acción hoy | C37: =+C17 -> 279.22
B38: Up/down Sidecar acumulado | C38: =+(C35+C33)/C17-1 -> 0.4390695
B39: CAGR | C39: =+((C35+C33)/C17)^(1/3)-1 -> 0.12899995
B41: (Imagen 100)
C42: 2025 | D42: 2026E | E42: 2027E | F42: 2028E | G42: 2029E | H42: 2030E
B43: Flujo salida | C43: =-C37 -> -279.22
B44: Flujos entrada | D44: =+C28 -> 1.07 | E44: =+C29 -> 1.13 | F44: =+C30 -> 1.16 | G44: =+C31 -> 1.26 | H44: =+C32 -> 1.33
B45: Flujo final | H45: =+C35 -> 395.86699
C46: =+SUM(C43:C45) -> -279.22 | D46: =+SUM(D43:D45) -> 1.07 | E46: =+SUM(E43:E45) -> 1.13 | F46: =+SUM(F43:F45) -> 1.16 | G46: =+SUM(G43:G45) -> 1.26 | H46: =+SUM(H43:H45) -> 397.19699
B48: TIR | C48: =+IRR(C46:H46) -> 0.076007221
C51: 45992 | D51: 46295 | E51: 46660 | F51: 47026
B52: Flujo salida | C52: =+C43 -> -279.22
B53: Flujos entrada | D53: =+D44 -> 1.07 | E53: =+E44 -> 1.13 | F53: =+F44 -> 1.16
B54: Flujo final | F54: =+H45 -> 395.86699
C55: =+SUM(C52:C54) -> -279.22 | D55: =+SUM(D52:D54) -> 1.07 | E55: =+SUM(E52:E54) -> 1.13 | F55: =+SUM(F52:F54) -> 397.02699
B57: TIR | C57: =XIRR(C55:F55,C51:F51) -> 0.13498058
D60: 2026 | H60: 2027 | L60: 2028
C61: 45976 | D61: 46068 | E61: 46157 | F61: 46249 | G61: 46341 | H61: 46433 | I61: 46522 | J61: 46614 | K61: 46706 | L61: 46798 | M61: 46888 | N61: 46980 | O61: 47072 | P61: 47087
B62: Flujo salida | C62: =+C52 -> -279.22
B63: Flujos entrada | D63: =+$D$53/4 -> 0.2675 | E63: =+$D$53/4 -> 0.2675 | F63: =+$D$53/4 -> 0.2675 | G63: =+$D$53/4 -> 0.2675 | H63: =+$E$53/4 -> 0.2825 | I63: =+$E$53/4 -> 0.2825 | J63: =+$E$53/4 -> 0.2825 | K63: =+$E$53/4 -> 0.2825 | L63: =+$F$53/4 -> 0.29 | M63: =+$F$53/4 -> 0.29 | N63: =+$F$53/4 -> 0.29 | O63: =+$F$53/4 -> 0.29
B64: Flujo final | P64: =++F54 -> 395.86699
C65: =+SUM(C62:C64) -> -279.22 | D65: =+SUM(D62:D64) -> 0.2675 | E65: =+SUM(E62:E64) -> 0.2675 | F65: =+SUM(F62:F64) -> 0.2675 | G65: =+SUM(G62:G64) -> 0.2675 | H65: =+SUM(H62:H64) -> 0.2825 | I65: =+SUM(I62:I64) -> 0.2825 | J65: =+SUM(J62:J64) -> 0.2825 | ... P65: =+SUM(P62:P64) -> 395.86699
B67: TIR.NO.PER | C67: =+XIRR(C65:P65,C61:P61) -> 0.12521091
C77: NOPAT Apple 2025 | D77: =+#REF!+#REF! -> #REF! | F77: Enterise Value 3Y | G77: =+D85*D81 -> 4204477.4
C78: G | D78: 0.06 | F78: Net Debt 3Y | G78: -68543
C79: WACC | D79: 0.09 | F79: Equity Value | G79: =+G77-G78 -> 4273020.4
C80: ROIC | D80: 1
C81: Múltiplo EV/NOPAT | D81: =+(1-(D78/D80))/(D79-D78) -> 31.333333 | F81: Shares 3Y | G81: =14776*(1-2.5%)^3 -> 13695.274
F82: Precio 3Y | G82: =+G79/G81 -> 312.00693
C83: EBIT 3Y | D83: 169855 | F83: Precio HOY | G83: =+'EEFF Apple y cálculo ratios'!C324 -> 279.22
C84: Taxes | D84: 0.21 | F84: Upside | G84: =+G82/G83-1 -> 0.11742329
C85: NOPAT 3Y | D85: =+D83*(1-D84) -> 134185.45 | F85: CAGR 3Y | G85: =+(G82/G83)^(1/3)-1 -> 0.037701806
C90: Enterise Value 2025 | D90: =+'EEFF Apple y cálculo ratios'!C334 -> 4091991.7 | F90: Enterise Value 3Y | G90: =+D94*D97 -> 4936189.4
C91: FCFF (rápido) | D91: =+'EEFF Apple y cálculo ratios'!G49+'EEFF Apple y cálculo ratios'!G50 -> 98767 | F91: Net Debt 3Y | G91: -68543
C92: Market Cap | D92: =+'EEFF Apple y cálculo ratios'!C328 -> 4125754.7 | F92: Equity Value | G92: =+G90-G91 -> 5004732.4
C93: FCFF Yield | D93: =+D91/D92 -> 0.023939135
C94: EBITDA 3Y | D94: 181989 | F94: Shares 3Y | G94: =14776*(1-2.5%)^3 -> 13695.274
C95: n | D95: 3 | F95: Precio 3Y | G95: =+G92/G94 -> 365.43499
C96: WACC | D96: 0.09 | F96: Precio HOY | G96: =+G83 -> 279.22
C97: Múltiplo EV/EBITDA | D97: =+(D90*(1+D96)^(D95))/((1+D93)^(D95)*D94) -> 27.123559 | F97: Upside | G97: =+G95/G96-1 -> 0.30877083
F98: CAGR 3Y | G98: =+(G95/G96)^(1/3)-1 -> 0.093841851

Sheet Cap5. Cálculo EV Apple
A1: Inicio
B2: (Imagen 101)
C3: 2025
B4: (+) Market Cap. | C4: =+'EEFF Apple y cálculo ratios'!C328 -> 4125754.7
B5: (+) Long Term debt[1] | C5: =+'EEFF Apple y cálculo ratios'!C329 -> 78328
B6: (+) Short Term debt | C6: =+'EEFF Apple y cálculo ratios'!C330 -> 20329
B7: (-) Cash & eq. | C7: =+'EEFF Apple y cálculo ratios'!C331 -> -35934
B8: (-) Short term investments | C8: =+'EEFF Apple y cálculo ratios'!C332 -> -18763
B9: (-) Long Term Investment | C9: =+'EEFF Apple y cálculo ratios'!C333 -> -77723
B10: (=) ENTERPRISE VALUE | C10: =+SUM(C4:C9) -> 4091991.7

Sheet Cap5. Valoración EVFCFF (ejemp)
A1: Inicio
B3: (Imagen 102) | E3: (Imagen 103) | I3: (Imagen 104)
B4: FCFF hoy | C4: 600 | E4: Hipótesis | I4: 3Y Estimado
B5: % dividendos s/FCFF | C5: 0.15 | E5: Aumento FCFF | F5: 0.25 | I5: FCFF E | J5: =+C4*(1+F5)^3 -> 1171.875
B6: Divídendo anual | C6: =+C4*C5 -> 90 | E6: % dilución acciones | F6: 0 | I6: Divídendos acumulados 3Y | J6: =+C6*(1+F7)+C6*(1+F7)^2+C6*(1+F7)^3 -> 280.94472
B7: Dividendo por acción | C7: =+C6/C10 -> 0.09 | E7: % Growth dividendos | F7: 0.02 | I7: Nº acciones en circulación | J7: =+C10*(1+F6)^3 -> 1000
B8: Deuda financiera | C8: 3000 | E8: Reducción deuda | F8: -200 | I8: Deuda financiera | J8: =+C8+F8 -> 2800
B9: Caja y tesorería | C9: 200 | E9: Aumento tesorería | F9: 91 | I9: Caja y Tesorería | J9: =+C9+F9 -> 291
B10: Nº acciones en circulación | C10: 1000 | E10: Múltiplo FCFF | F10: 11 | I10: Valor de empresa (EV) | J10: =+J5*F10 -> 12890.625
B11: Market Cap. | C11: 4000 | I11: (-) Deuda | J11: =-J8 -> -2800
B12: Precio acciones hoy | C12: =+C11/C10 -> 4 | I12: (+) Caja | J12: =+J9 -> 291
B13: Valor de empresa (EV) | C13: =+C11+C8-C9 -> 6800 | I13: Equity Value | J13: =+SUM(J10:J12) -> 10381.625
I14: Precio acción | J14: =+J13/J7 -> 10.381625
B16: Cálculo TIR | E16: (Imagen 105) | I16: Up/Down Side precio acción | J16: =+J14/C12-1 -> 1.5954062
I17: CAGR acción | J17: =+(J14/C12)^(1/3)-1 -> 0.37425855
C18: 2025 | D18: 2026 | E18: 2027 | F18: 2028
B19: Nº acciones en circulación | C19: =+C10 -> 1000 | D19: =+C19*(1+F6) -> 1000 | E19: =+D19*(1+F6) -> 1000 | F19: =+E19*(1+F6) -> 1000
B20: Dividendos | C20: =+C6 -> 90 | D20: =+C20*(1+$F$7) -> 91.8 | E20: =+D20*(1+$F$7) -> 93.636 | F20: =+E20*(1+$F$7) -> 95.50872
B21: Dividendo por acción (DPA) | C21: =+C20/C19 -> 0.09 | D21: =+D20/D19 -> 0.0918 | E21: =+E20/E19 -> 0.093636 | F21: =+F20/F19 -> 0.09550872
C23: 2025 | D23: 2026 | E23: 2027 | F23: 2028
B24: Flujo salida | C24: =-C12 -> -4
B25: Flujos entrada | D25: =+D21 -> 0.0918 | E25: =+E21 -> 0.093636 | F25: =+F21 -> 0.09550872
B26: Flujo final | F26: =+J14 -> 10.381625
C27: =+SUM(C24:C26) -> -4 | D27: =+SUM(D24:D26) -> 0.0918 | E27: =+SUM(E24:E26) -> 0.093636 | F27: =+SUM(F24:F26) -> 10.477134
B29: TIR | C29: =+IRR(C27:F27) -> 0.39184452

Sheet Cap5. Valor EVFCFF Apple
A1: Inicio
B3: Ejemplo con Apple
B5: (Imagen 106) | E5: (Imagen 107) | H5: (Imagen 108)
C6: HOY | E6: Hipótesis | H6: Estimación 3 años
B7: FCFF hoy | C7: =+'EEFF Apple y cálculo ratios'!G49+'EEFF Apple y cálculo ratios'!G50 -> 98767 | E7: % dilución acciones | F7: -0.025 | H7: FCFF E | I7: =+F9 -> 154675
B8: Deuda financiera neta | C8: =+'EEFF Apple y cálculo ratios'!C329+'EEFF Apple y cálculo ratios'!C330+'EEFF Apple y cálculo ratios'!C331+'EEFF Apple y cálculo ratios'!C332+'EEFF Apple y cálculo ratios'!C333 -> -33763 | E8: Múltiplo FCFF | F8: 25 | H8: Nº acciones en circulación | I8: =+C9*(1+F7)^3 -> 13695.274
B9: Nº acciones en circulación | C9: =+'Cap5. V múltiplos AAPL'!C13 -> 14776 | E9: FCFF E | F9: 154675 | H9: Deuda financiera neta | I9: =+F10 -> -68543
B10: Market Cap. | C10: =+'Cap5. V múltiplos AAPL'!C5 -> 4125754.7 | E10: Deuda neta | F10: -68543 | H10: Valor de empresa (EV) | I10: =+I7*F8 -> 3866875
B11: Precio acciones hoy | C11: =+C10/C9 -> 279.22 | E11: Diviendos por acción 2026 | F11: =+'Cap5. V múltiplos AAPL'!D44 -> 1.07 | H11: (-) Deuda | I11: =I9 -> -68543
B12: Valor de empresa (EV) | C12: =+C10+C8 -> 4091991.7 | E12: Diviendos por acción 2027 | F12: =+'Cap5. V múltiplos AAPL'!E44 -> 1.13 | H12: (+) Caja
E13: Diviendos por acción 2028 | F13: =+'Cap5. V múltiplos AAPL'!F44 -> 1.16 | H13: Equity Value | I13: =I10-SUM(I11:I12) -> 3935418
H14: Precio acción | I14: =+I13/I8 -> 287.35591
H16: Up/Down Side precio acción | I16: =+I14/C11-1 -> 0.029138002
H17: CAGR acción | I17: =+(I14/C11)^(1/3)-1 -> 0.0096198296
B21: (Imagen 109)
B23: Cálculo TIR | C23: 2025 | D23: 2026 | E23: 2027 | F23: 2028
B24: Nº acciones en circulación | C24: =+C9 -> 14776 | D24: =+C24*(1+F7) -> 14406.6 | E24: =+D24*(1+F7) -> 14046.435 | F24: =+E24*(1+F7) -> 13695.274
B25: Dividendo por acción (DPA) | D25: =+F11 -> 1.07 | E25: =+F12 -> 1.13 | F25: =+F13 -> 1.16
C27: 2025 | D27: 2026 | E27: 2027 | F27: 2028
B28: Flujo salida | C28: =-C11 -> -279.22
B29: Flujos entrada | D29: =+D25 -> 1.07 | E29: =+E25 -> 1.13 | F29: =+F25 -> 1.16
B30: Flujo final | F30: =+I14 -> 287.35591
C31: =+SUM(C28:C30) -> -279.22 | D31: =+SUM(D28:D30) -> 1.07 | E31: =+SUM(E28:E30) -> 1.13 | F31: =+SUM(F28:F30) -> 288.51591
B33: TIR | C33: =+IRR(C31:F31) -> 0.013591568

Sheet Cap5. Múltiplo McKinsey The foo
A1: Inicio
C4: (Imagen 114)
C6: NOPAT Apple 2025 | D6: =+#REF!+#REF! -> #REF! | F6: Enterise Value 3Y | G6: =+D14*D10 -> 4204477.4
C7: G | D7: 0.06 | F7: Net Debt 3Y | G7: -68543
C8: WACC | D8: 0.09 | F8: Equity Value | G8: =+G6-G7 -> 4273020.4
C9: ROIC | D9: 1
C10: Múltiplo EV/NOPAT | D10: =+(1-(D7/D9))/(D8-D7) -> 31.333333 | F10: Shares 3Y | G10: =14776*(1-2.5%)^3 -> 13695.274
F11: Precio 3Y | G11: =+G8/G10 -> 312.00693
C12: EBIT 3Y | D12: 169855 | F12: Precio HOY | G12: =+'EEFF Apple y cálculo ratios'!C324 -> 279.22
C13: Taxes | D13: 0.21 | F13: Upside | G13: =+G11/G12-1 -> 0.11742329
C14: NOPAT 3Y | D14: =+D12*(1-D13) -> 134185.45 | F14: CAGR 3Y | G14: =+(G11/G12)^(1/3)-1 -> 0.037701806
C17: (Imagen 115)
C19: Enterise Value 2025 | D19: =+'EEFF Apple y cálculo ratios'!C334 -> 4091991.7 | F19: Enterise Value 3Y | G19: =+D23*D26 -> 4936189.4
C20: FCFF (rápido) | D20: =+'EEFF Apple y cálculo ratios'!G49+'EEFF Apple y cálculo ratios'!G50 -> 98767 | F20: Net Debt 3Y | G20: -68543
C21: Market Cap | D21: =+'EEFF Apple y cálculo ratios'!C328 -> 4125754.7 | F21: Equity Value | G21: =+G19-G20 -> 5004732.4
C22: FCFF Yield | D22: =+D20/D21 -> 0.023939135
C23: EBITDA 3Y | D23: 181989 | F23: Shares 3Y | G23: =14776*(1-2.5%)^3 -> 13695.274
C24: n | D24: 3 | F24: Precio 3Y | G24: =+G21/G23 -> 365.43499
C25: WACC | D25: 0.09 | F25: Precio HOY | G25: =+G12 -> 279.22
C26: Múltiplo EV/EBITDA | D26: =+(D19*(1+D25)^(D24))/((1+D22)^(D24)*D23) -> 27.123559 | F26: Upside | G26: =+G24/G25-1 -> 0.30877083
F27: CAGR 3Y | G27: =+(G24/G25)^(1/3)-1 -> 0.093841851

Sheet Cap5. DFCF restauración padel
A1: Inicio
C2: (Imagen 116)
D3: Flujos para el empresario (escenario conservador)
B4: Día 1 | C4: Dieciseisavos de final | D4: 50000
B5: Día 2 | C5: Octavos de final | D5: 65000
B6: Día 3 | C6: Cuartos de final | D6: 85000
B7: Día 4 | C7: Semifinales | D7: 100000
B8: Día 5 | C8: Final | D8: 150000
C10: VALORACIÓN (SUMA) | D10: =+SUM(D4:D8) -> 450000
C11: Inversión | D11: 250000
C12: Potencial revalorización | D12: =+D10/D11-1 -> 0.8

Sheet Cap5. DFCF apartamento
A1: Inicio
D2: Sin financiación | E2: Con financiación
C3: Precio casa | D3: 150000 | E3: 150000
C4: Equity | D4: 150000 | E4: =+E3*0.75 -> 112500
C5: Préstamo | D5: 0 | E5: =+E3-E4 -> 37500
C6: Estimación de ingresos
C7: Ingresos anuales | D7: 15000 | E7: 15000
C8: Gastos anuales | D8: =+SUM(D9:D12) -> 3600 | E8: =+SUM(E9:E13) -> 4725
C9: (-) Comunidad | D9: =50*12 -> 600 | E9: =50*12 -> 600
C10: (-) Impuestos | D10: =100*12 -> 1200 | E10: =100*12 -> 1200
C11: (-) Mantenimiento | D11: 800 | E11: 800
C12: (-) Otros | D12: 1000 | E12: 1000
C13: (-) coste financiación | D13: 0 | E13: =+E5*G51 -> 1125
C14: Cash Flow | D14: =+D7-D8 -> 11400 | E14: =+E7-E8 -> 10275
C15: K | D15: 0.08
C18: (Imagen 117 imagen 118 imagen 119)
C20: Año base | D20: 1 | E20: 2 | F20: 3 | G20: 4 | H20: 5 | I20: 6 | J20: 7 | K20: 8 | L20: 9 | M20: 10 | N20: Flujo terminal
C21: =+D14 -> 11400 | D21: =+C21*(1+D22) -> 11742 | E21: =+D21*(1+E22) -> 12094.26 | F21: =+E21*(1+F22) -> 12457.088 | G21: =+F21*(1+G22) -> 12830.8 | H21: =+G21*(1+H22) -> 13215.724 | I21: =+H21*(1+I22) -> 13612.196 | J21: =+I21*(1+J22) -> 14020.562 | K21: =+J21*(1+K22) -> 14441.179 | ... N21: =+M21*(1+N22) -> 15780.266
C22: % Incremento | D22: 0.03 | E22: =+D22 -> 0.03 | F22: =+E22 -> 0.03 | G22: =+F22 -> 0.03 | H22: =+G22 -> 0.03 | I22: =+H22 -> 0.03 | J22: =+I22 -> 0.03 | K22: =+J22 -> 0.03 | L22: =+K22 -> 0.03 | ... N22: =+M22 -> 0.03
C23: Factor de descuento | D23: =1/(1+$D$15)^D20 -> 0.92592593 | E23: =1/(1+$D$15)^E20 -> 0.85733882 | F23: =1/(1+$D$15)^F20 -> 0.79383224 | G23: =1/(1+$D$15)^G20 -> 0.73502985 | H23: =1/(1+$D$15)^H20 -> 0.6805832 | I23: =1/(1+$D$15)^I20 -> 0.63016963 | J23: =1/(1+$D$15)^J20 -> 0.5834904 | K23: =1/(1+$D$15)^K20 -> 0.54026888 | ... M23: =1/(1+$D$15)^M20 -> 0.46319349
C24: Valor presente | D24: =+D21*D23 -> 10872.222 | E24: =+E21*E23 -> 10368.879 | F24: =+F21*F23 -> 9888.8379 | G24: =+G21*G23 -> 9431.0214 | H24: =+H21*H23 -> 8994.4 | I24: =+I21*I23 -> 8577.9926 | J24: =+J21*J23 -> 8180.8633 | K24: =+K21*K23 -> 7802.1196 | ... M24: =+M21*M23 -> 7096.4238
C26: g terminal | D26: 0.03
C27: Tasa descuento (k) | D27: 0.08
C29: Suma 10 primeros años | D29: =+SUM(D24:M24) -> 88653.67
C30: Valor terminal | D30: =+N21/(D15-N22) -> 315605.32
C31: Valor presente del valor terminal | D31: =+D30/(1+D15)^10 -> 146186.33
C32: Valor de Empresa | D32: =+D29+D31 -> 234840
C33: Deuda | D33: 0
C34: Valor del Equity | D34: =+D32-D33 -> 234840
C36: Up/Down side acumulado | D36: =+D34/D3-1 -> 0.5656
C37: CAGR | D37: =+(D34/D3)^(1/10)-1 -> 0.045846822
C39: (Imagen 121)
C41: Año base | D41: 1 | E41: 2 | F41: 3 | G41: 4 | H41: 5 | I41: 6 | J41: 7 | K41: 8 | L41: 9 | M41: 10 | N41: Flujo terminal
C42: =+D14 -> 11400 | D42: =+C42*(1+D43) -> 11742 | E42: =+D42*(1+E43) -> 12094.26 | F42: =+E42*(1+F43) -> 12457.088 | G42: =+F42*(1+G43) -> 12830.8 | H42: =+G42*(1+H43) -> 13215.724 | I42: =+H42*(1+I43) -> 13612.196 | J42: =+I42*(1+J43) -> 14020.562 | K42: =+J42*(1+K43) -> 14441.179 | ... N42: =+M42*(1+N43) -> 15780.266
C43: % Incremento | D43: 0.03 | E43: =+D43 -> 0.03 | F43: =+E43 -> 0.03 | G43: =+F43 -> 0.03 | H43: =+G43 -> 0.03 | I43: =+H43 -> 0.03 | J43: =+I43 -> 0.03 | K43: =+J43 -> 0.03 | L43: =+K43 -> 0.03 | ... N43: =+M43 -> 0.03
C44: Factor de descuento | D44: =1/(1+$G$53)^D41 -> 0.9569378 | E44: =1/(1+$G$53)^E41 -> 0.91572995 | F44: =1/(1+$G$53)^F41 -> 0.8762966 | G44: =1/(1+$G$53)^G41 -> 0.83856134 | H44: =1/(1+$G$53)^H41 -> 0.80245105 | I44: =1/(1+$G$53)^I41 -> 0.76789574 | J44: =1/(1+$G$53)^J41 -> 0.73482846 | K44: =1/(1+$G$53)^K41 -> 0.70318513 | ... M44: =1/(1+$G$53)^M41 -> 0.64392768
C45: Valor presente | D45: =+D42*D44 -> 11236.364 | E45: =+E42*E44 -> 11075.076 | F45: =+F42*F44 -> 10916.104 | G45: =+G42*G44 -> 10759.413 | H45: =+H42*H44 -> 10604.972 | I45: =+I42*I44 -> 10452.747 | J45: =+J42*J44 -> 10302.708 | K45: =+K42*K44 -> 10154.822 | ... M45: =+M42*M44 -> 9865.3885
C47: Suma 10 primeros años | D47: =+SUM(D45:M45) -> 105376.65 | F47: "g" a perpetuidad | G47: 0.03
C48: Valor terminal | D48: =+N42/(G48-G47) -> 1052017.7 | F48: Maldita "k" | G48: =+G53 -> 0.045
C49: Valor presente del valor terminal | D49: =+D48/(1+G48)^10 -> 677423.35
C50: Valor de Empresa | D50: =+D47+D49 -> 782800 | H50: Peso
C51: Deuda | D51: =-E5 -> -37500 | F51: Coste financiación (Kd) | G51: 0.03 | H51: =+G62/G63 -> 0.25
C52: Valor del Equity | D52: =+D50+D51 -> 745300 | F52: Coste del equity (Ke) | G52: 0.05 | H52: =+G60/G63 -> 0.75
F53: WACC | G53: =+G51*H51+G52*H52 -> 0.045
C54: Up/Down side acumulado | D54: =D52/E3-1 -> 3.9686667
C55: CAGR | D55: =+(D52/E3)^(1/10)-1 -> 0.17388076
C57: (Imagen 120)
C59: ACTIVOS | F59: PASIVO + NETO
C60: Apartamento | D60: 150000 | F60: Neto | G60: =+D60*0.75 -> 112500 | P60: =+G60/G63 -> 0.75
F62: Deuda | G62: =+D60-G60 -> 37500
C63: TOTAL ACTIVOS | D63: =+D60 -> 150000 | F63: TOTAL PASIVO + NETO | G63: =+G60+G62 -> 150000
C70: Año base | D70: 1 | E70: 2 | F70: 3 | G70: 4 | H70: 5 | I70: 6 | J70: 7 | K70: 8 | L70: 9 | M70: 10
C71: =+C21 -> 11400 | D71: =+C71*(1+D72) -> 11742 | E71: =+D71*(1+E72) -> 12094.26 | F71: =+E71*(1+F72) -> 12457.088 | G71: =+F71*(1+G72) -> 12830.8 | H71: =+G71*(1+H72) -> 13215.724 | I71: =+H71*(1+I72) -> 13612.196 | J71: =+I71*(1+J72) -> 14020.562 | K71: =+J71*(1+K72) -> 14441.179 | ... M71: =+L71*(1+M72) -> 15320.647
C72: % Incremento | D72: 0.03 | E72: =+D72 -> 0.03 | F72: =+E72 -> 0.03 | G72: =+F72 -> 0.03 | H72: =+G72 -> 0.03 | I72: =+H72 -> 0.03 | J72: =+I72 -> 0.03 | K72: =+J72 -> 0.03 | L72: =+K72 -> 0.03 | M72: =+L72 -> 0.03
C73: Factor de descuento | D73: =1/(1+$D$15)^D70 -> 0.92592593 | E73: =1/(1+$D$15)^E70 -> 0.85733882 | F73: =1/(1+$D$15)^F70 -> 0.79383224 | G73: =1/(1+$D$15)^G70 -> 0.73502985 | H73: =1/(1+$D$15)^H70 -> 0.6805832 | I73: =1/(1+$D$15)^I70 -> 0.63016963 | J73: =1/(1+$D$15)^J70 -> 0.5834904 | K73: =1/(1+$D$15)^K70 -> 0.54026888 | ... M73: =1/(1+$D$15)^M70 -> 0.46319349
C74: Valor presente | D74: =+D71*D73 -> 10872.222 | E74: =+E71*E73 -> 10368.879 | F74: =+F71*F73 -> 9888.8379 | G74: =+G71*G73 -> 9431.0214 | H74: =+H71*H73 -> 8994.4 | I74: =+I71*I73 -> 8577.9926 | J74: =+J71*J73 -> 8180.8633 | K74: =+K71*K73 -> 7802.1196 | ... M74: =+M71*M73 -> 7096.4238
C76: Suma 10 primeros años | D76: =+SUM(D74:M74) -> 88653.67
C77: Múltiplo terminal (euros/m2) | D77: 3000
C78: Metros cuadrados | D78: 100
C79: Valor inmueble en el año 10 | D79: =+D77*D78 -> 300000
C80: Valor presente del valor terminal | D80: =+D79/(1+D15)^10 -> 138958.05
C81: Enterprise Value | D81: =+D76+D80 -> 227611.72
C82: Deuda
C83: Valor potencial del Equity | D83: =+D81-D82 -> 227611.72
C85: Precio actual | D85: =+D3 -> 150000
C87: Up/down side | D87: =+D83/D85-1 -> 0.51741144
C88: CAGR | D88: =+(D83/D85)^(1/10)-1 -> 0.042582271

Sheet Cap5. DFCF Apple
A1: Inicio
C2: (Imagen 124 imagen 126 imagen 128 imagen 132 imagen 133)
D3: Año base | E3: 1 | F3: 2 | G3: 3 | H3: 4 | I3: 5 | J3: 6 | K3: 7 | L3: 8 | M3: 9 | N3: 10 | P3: Flujo Terminal | T3: (Imagen 125) | U3: 2021 | V3: 2022 | W3: 2023 | X3: 2024 | Y3: 2025
C4: Ventas | D4: =+'EEFF Apple y cálculo ratios'!G4 -> 416161 | E4: =+D4*(1+E5) -> 436969.05 | F4: =+E4*(1+F5) -> 458817.5 | G4: =+F4*(1+G5) -> 481758.38 | H4: =+G4*(1+H5) -> 505846.3 | I4: =+H4*(1+I5) -> 531138.61 | J4: =+I4*(1+J5) -> 557695.54 | K4: =+J4*(1+K5) -> 585580.32 | L4: =+K4*(1+L5) -> 614859.33 | ... N4: =+M4*(1+N5) -> 677882.42 | P4: =+N4*(1+P5) -> 698218.89 | T4: Equity | W4: =+'EEFF Apple y cálculo ratios'!E348 -> 62146 | X4: =+'EEFF Apple y cálculo ratios'!F348 -> 56950 | Y4: =+'EEFF Apple y cálculo ratios'!G348 -> 73733
C5: % Crecimiento ventas | E5: 0.05 | F5: =+E5 -> 0.05 | G5: =+F5 -> 0.05 | H5: =+G5 -> 0.05 | I5: =+H5 -> 0.05 | J5: =+I5 -> 0.05 | K5: =+J5 -> 0.05 | L5: =+K5 -> 0.05 | M5: =+L5 -> 0.05 | N5: =+M5 -> 0.05 | P5: 0.03 | T5: Deuda a corto plazo | W5: =+'EEFF Apple y cálculo ratios'!E349 -> 17382 | X5: =+'EEFF Apple y cálculo ratios'!F349 -> 22511 | Y5: =+'EEFF Apple y cálculo ratios'!G349 -> 20329
C6: Margen operativo | D6: =+D7/D4 -> 0.319708 | E6: 0.3 | F6: =+E6 -> 0.3 | G6: =+F6 -> 0.3 | H6: =+G6 -> 0.3 | I6: =+H6 -> 0.3 | J6: =+I6 -> 0.3 | K6: =+J6 -> 0.3 | L6: =+K6 -> 0.3 | M6: =+L6 -> 0.3 | N6: =+M6 -> 0.3 | P6: =+N6 -> 0.3 | T6: Deuda a largo plazo | W6: =+'EEFF Apple y cálculo ratios'!E350 -> 95281 | X6: =+'EEFF Apple y cálculo ratios'!F350 -> 96548 | Y6: =+'EEFF Apple y cálculo ratios'!G350 -> 78328
C7: Beneficio operativo (EBIT) | D7: =+'EEFF Apple y cálculo ratios'!G8 -> 133050 | E7: =+E4*E6 -> 131090.71 | F7: =+F4*F6 -> 137645.25 | G7: =+G4*G6 -> 144527.51 | H7: =+H4*H6 -> 151753.89 | I7: =+I4*I6 -> 159341.58 | J7: =+J4*J6 -> 167308.66 | K7: =+K4*K6 -> 175674.1 | L7: =+L4*L6 -> 184457.8 | ... N7: =+N4*N6 -> 203364.73 | P7: =+P4*P6 -> 209465.67 | T7: (-) Cash & Equivalentes | W7: =+'EEFF Apple y cálculo ratios'!E351 -> -162099 | X7: =+'EEFF Apple y cálculo ratios'!F351 -> -156650 | Y7: =+'EEFF Apple y cálculo ratios'!G351 -> -132420
C8: Tax rate | D8: =+-'Capital Allocation Apple'!L14/'Capital Allocation Apple'!L13 -> 0.24091124 | E8: 0.21 | F8: =+E8 -> 0.21 | G8: =+F8 -> 0.21 | H8: =+G8 -> 0.21 | I8: =+H8 -> 0.21 | J8: =+I8 -> 0.21 | K8: =+J8 -> 0.21 | L8: =+K8 -> 0.21 | M8: =+L8 -> 0.21 | N8: =+M8 -> 0.21 | P8: =+N8 -> 0.21 | T8: Deuda neta | W8: =+'EEFF Apple y cálculo ratios'!E352 -> -49436 | X8: =+'EEFF Apple y cálculo ratios'!F352 -> -37591 | Y8: =+'EEFF Apple y cálculo ratios'!G352 -> -33763
C9: NOPAT | D9: =+D7*(1-D8) -> 100996.76 | E9: =+E7*(1-E8) -> 103561.66 | F9: =+F7*(1-F8) -> 108739.75 | G9: =+G7*(1-G8) -> 114176.74 | H9: =+H7*(1-H8) -> 119885.57 | I9: =+I7*(1-I8) -> 125879.85 | J9: =+J7*(1-J8) -> 132173.84 | K9: =+K7*(1-K8) -> 138782.54 | ... N9: =+N7*(1-N8) -> 160658.13 | P9: =+P7*(1-P8) -> 165477.88 | T9: Otros pasivos no corrientes | W9: =+'EEFF Apple y cálculo ratios'!E353 -> 49848 | X9: =+'EEFF Apple y cálculo ratios'!F353 -> 35090 | Y9: =+'EEFF Apple y cálculo ratios'!G353 -> 41549
T10: Pasivo R&D | W10: =+'EEFF Apple y cálculo ratios'!E354 -> 28693.667 | X10: =+'EEFF Apple y cálculo ratios'!F354 -> 30885 | Y10: =+'EEFF Apple y cálculo ratios'!G354 -> 33490
C11: Capital invertido | D11: =+'EEFF Apple y cálculo ratios'!G177 -> 116805.7 | E11: =+D11+E16 -> 122007.71 | F11: =+E11+F16 -> 127469.83 | G11: =+F11+G16 -> 133205.04 | H11: =+G11+H16 -> 139227.02 | I11: =+H11+I16 -> 145550.1 | J11: =+I11+J16 -> 152189.34 | K11: =+J11+K16 -> 159160.53 | L11: =+K11+L16 -> 166480.28 | ... N11: =+M11+N16 -> 182236.05 | P11: =+N11+P16 -> 198270.73 | T11: Capital Invertido | W11: =+'EEFF Apple y cálculo ratios'!E355 -> 91251.667 | X11: =+'EEFF Apple y cálculo ratios'!F355 -> 85334 | Y11: =+'EEFF Apple y cálculo ratios'!G355 -> 115009
C12: ROCE | D12: =+D9/D11 -> 0.86465609 | E12: =+E9/E11 -> 0.84881245 | F12: =+F9/F11 -> 0.85306266 | G12: =+G9/G11 -> 0.85715024 | H12: =+H9/H11 -> 0.86107976 | I12: =+I9/I11 -> 0.8648558 | J12: =+J9/J11 -> 0.86848295 | K12: =+K9/K11 -> 0.87196578 | ... N12: =+N9/N11 -> 0.88159357 | P12: 0.3096 | T12: Ventas | W12: =+'EEFF Apple y cálculo ratios'!E356 -> 383285 | X12: =+'EEFF Apple y cálculo ratios'!F356 -> 391035 | Y12: =+'EEFF Apple y cálculo ratios'!G356 -> 416161
C13: Tasa de crecimiento a perpetuidad | P13: =+E26 -> 0.03 | T13: Sales to capital | W13: =+W12/W11 -> 4.2003068 | X13: =+X12/X11 -> 4.5824056 | Y13: =+Y12/Y11 -> 3.6185081
C14: Incremento ventas | E14: =++E4-D4 -> 20808.05 | F14: =++F4-E4 -> 21848.453 | G14: =++G4-F4 -> 22940.875 | H14: =++H4-G4 -> 24087.919 | I14: =++I4-H4 -> 25292.315 | J14: =++J4-I4 -> 26556.931 | K14: =++K4-J4 -> 27884.777 | L14: =++L4-K4 -> 29279.016 | ... N14: =++N4-M4 -> 32280.115
C15: Sales to capital | D15: 4 | E15: =+D15 -> 4 | F15: =+E15 -> 4 | G15: =+F15 -> 4 | H15: =+G15 -> 4 | I15: =+H15 -> 4 | J15: =+I15 -> 4 | K15: =+J15 -> 4 | L15: =+K15 -> 4 | ... N15: =+M15 -> 4
D16: Reinversión | E16: =+E14/E15 -> 5202.0125 | F16: =+F14/F15 -> 5462.1131 | G16: =+G14/G15 -> 5735.2188 | H16: =+H14/H15 -> 6021.9797 | I16: =+I14/I15 -> 6323.0787 | J16: =+J14/J15 -> 6639.2326 | K16: =+K14/K15 -> 6971.1943 | L16: =+L14/L15 -> 7319.754 | ... N16: =+N14/N15 -> 8070.0288 | P16: =+(P13/P12)*P9 -> 16034.678
D18: FCFF | E18: =+E9-E16 -> 98359.652 | F18: =+F9-F16 -> 103277.63 | G18: =+G9-G16 -> 108441.52 | H18: =+H9-H16 -> 113863.59 | I18: =+I9-I16 -> 119556.77 | J18: =+J9-J16 -> 125534.61 | K18: =+K9-K16 -> 131811.34 | L18: =+L9-L16 -> 138401.91 | ... N18: =+N9-N16 -> 152588.1 | P18: =+P9-P16 -> 149443.2
D20: Coste del capital | E20: =+D56 -> 0.081146674 | F20: =+E20 -> 0.081146674 | G20: =+F20 -> 0.081146674 | H20: =+G20 -> 0.081146674 | I20: =+H20 -> 0.081146674 | J20: =+I20 -> 0.081146674 | K20: =+J20 -> 0.081146674 | L20: =+K20 -> 0.081146674 | M20: =+L20 -> 0.081146674 | N20: =+M20 -> 0.081146674
D21: Factor de descuento | E21: =1/(1+E20)^E3 -> 0.92494388 | F21: =1/(1+F20)^F3 -> 0.85552118 | G21: =1/(1+G20)^G3 -> 0.79130908 | H21: =1/(1+H20)^H3 -> 0.73191649 | I21: =1/(1+I20)^I3 -> 0.67698168 | J21: =1/(1+J20)^J3 -> 0.62617006 | K21: =1/(1+K20)^K3 -> 0.57917217 | L21: =1/(1+L20)^L3 -> 0.53570175 | ... N21: =1/(1+N20)^N3 -> 0.4583042
D22: Valor presente de los FCFF | E22: =+E18*E21 -> 90977.159 | F22: =+F18*F21 -> 88356.204 | G22: =+G18*G21 -> 85810.757 | H22: =+H18*H21 -> 83338.641 | I22: =+I18*I21 -> 80937.745 | J22: =+J18*J21 -> 78606.015 | K22: =+K18*K21 -> 76341.46 | L22: =+L18*L21 -> 74142.145 | ... N22: =+N18*N21 -> 69931.768
D24: SUMA de los 10 primeros años | E24: =+SUM(E22:N22) -> 800448.08
D25: Cash Flow terminal | E25: =+P18 -> 149443.2
D26: Tasa de crecimiento terminal | E26: 0.03
D27: Tasa de descuento terminal | E27: =+D56 -> 0.081146674
D28: Valor terminal | E28: =+E25/(E27-E26) -> 2921855.6
D29: Valor terminal descontado | E29: =+E28/(1+E27)^10 -> 1339098.7
D30: Valor de Empresa (EV) | E30: =+E24+E29 -> 2139546.8
D31: (-) Deuda | E31: =-'EEFF Apple y cálculo ratios'!G29-'EEFF Apple y cálculo ratios'!G32 -> -98657
D32: - Minority interests | E32: 0
D33: + Cash | E33: =+'EEFF Apple y cálculo ratios'!G17+'EEFF Apple y cálculo ratios'!G18+'EEFF Apple y cálculo ratios'!G23 -> 132420
D34: Equity Value | E34: =+E30+E31+E33 -> 2173309.8
D36: Market Cap actual | E36: =+'EEFF Apple y cálculo ratios'!C328 -> 4125754.7 | G36: Sobrevaloración (premium) | I36: =+(E36/E34)-1 -> 0.89837397
C42: Cáclulo WACC académica
C43: Tasa libre de riesgo | D43: 0.0408
C44: Beta | D44: 1.11
C45: ERP | D45: 0.0373
C46: Ke | D46: =+D43+(D44*D45) -> 0.082203
C48: Spread riesgo entidad | D48: 0.006
C49: Spread riesgo país | D49: 0
C50: Kd | D50: =+D43+D48+D49 -> 0.0468
C51: % Tax | D51: 0.21
E52: Peso
C53: Market Cap | D53: =+E36 -> 4125754.7 | E53: =+D53/(D53+D54) -> 0.97664598 | G53: =+D62*D61*1000000 -> 4125754720000
C54: Deuda | D54: =+-E31 -> 98657 | E54: =100%-E53 -> 0.023354021
C56: WACC | D56: =+(D46*E53)+(D50*(1-D51)*E54) -> 0.081146674
C60: Market Cap | D60: =+E36 -> 4125754.7 | E60: 1 | F60: 2 | G60: 3 | H60: 4 | I60: 5 | J60: 6 | K60: 7 | L60: 8 | M60: 9 | N60: 10
C61: Shares Outstanding | D61: =+'Cap5. V múltiplos AAPL'!C13 -> 14776 | F61: > Proyección de acciones en circulación
C62: Precio acción | D62: =+D60/D61 -> 279.22 | E62: =+D61*(1+$D$63) -> 14406.6 | F62: =+E62*(1+$D$63) -> 14046.435 | G62: =+F62*(1+$D$63) -> 13695.274 | H62: =+G62*(1+$D$63) -> 13352.892 | I62: =+H62*(1+$D$63) -> 13019.07 | J62: =+I62*(1+$D$63) -> 12693.593 | K62: =+J62*(1+$D$63) -> 12376.253 | L62: =+K62*(1+$D$63) -> 12066.847 | M62: =+L62*(1+$D$63) -> 11765.176 | N62: =+M62*(1+$D$63) -> 11471.046 | V62: =+(279.22/0.32)^(1/24)-1 -> 0.32596845
C63: % shares buybacks | D63: -0.025
F64: > Proyección de FCFF
D65: FCFF | E65: =+E18 -> 98359.652 | F65: =+F18 -> 103277.63 | G65: =+G18 -> 108441.52 | H65: =+H18 -> 113863.59 | I65: =+I18 -> 119556.77 | J65: =+J18 -> 125534.61 | K65: =+K18 -> 131811.34 | L65: =+L18 -> 138401.91 | ... N65: =+N18 -> 152588.1
C66: % Dividendo o/FCFF | D66: 0.15 | F66: > Proyección de dividendos pagados | W66: 14776000000
D67: Dividendos pagados | E67: =+E18*$D$66 -> 14753.948 | F67: =+F65*$D$66 -> 15491.645 | G67: =+G65*$D$66 -> 16266.228 | H67: =+H65*$D$66 -> 17079.539 | I67: =+I65*$D$66 -> 17933.516 | J67: =+J65*$D$66 -> 18830.192 | K67: =+K65*$D$66 -> 19771.701 | L67: =+L65*$D$66 -> 20760.286 | M67: =+M65*$D$66 -> 21798.301 | N67: =+N65*$D$66 -> 22888.216 | W67: =+W66*#REF! -> #REF!
D68: Dividendos por acción | E68: =+E67/E62 -> 1.0241103 | F68: =+F67/F62 -> 1.102888 | G68: =+G67/G62 -> 1.1877256 | H68: =+H67/H62 -> 1.2790891 | I68: =+I67/I62 -> 1.3774806 | J68: =+J67/J62 -> 1.4834406 | K68: =+K67/K62 -> 1.5975514 | L68: =+L67/L62 -> 1.72044 | ... N68: =+N67/N62 -> 1.9953032
C69: Flujo terminal | D69: =+E25 -> 149443.2 | F69: > Proyección de dividendos pagados por acción
C70: Flujo terminal por acción | D70: =+D69/N62 -> 13.027861
C71: Múltiplo de salida | D71: 23
D73: (Imagen 134)
D75: TIR | E75: 1 | F75: 2 | G75: 3 | H75: 4 | I75: 5 | J75: 6 | K75: 7 | L75: 8 | M75: 9 | N75: 10
C76: Precio de compra | D76: =-D62 -> -279.22
C77: Flujos de entrada (dividendos) | E77: =+E67/E62 -> 1.0241103 | F77: =+F67/F62 -> 1.102888 | G77: =+G67/G62 -> 1.1877256 | H77: =+H67/H62 -> 1.2790891 | I77: =+I67/I62 -> 1.3774806 | J77: =+J67/J62 -> 1.4834406 | K77: =+K67/K62 -> 1.5975514 | L77: =+L67/L62 -> 1.72044 | ... N77: =+N67/N62 -> 1.9953032
C78: Precio de venta | N78: =+D70*D71 -> 299.6408
D79: =+SUM(D76:D78) -> -279.22 | E79: =+SUM(E76:E78) -> 1.0241103 | F79: =+SUM(F76:F78) -> 1.102888 | G79: =+SUM(G76:G78) -> 1.1877256 | H79: =+SUM(H76:H78) -> 1.2790891 | I79: =+SUM(I76:I78) -> 1.3774806 | J79: =+SUM(J76:J78) -> 1.4834406 | K79: =+SUM(K76:K78) -> 1.5975514 | ... N79: =+SUM(N76:N78) -> 301.63611
D81: TIR | E81: =+IRR(D79:N79) -> 0.012121545
C89: Segmento | D89: Industria | E89: % s/total ventas | F89: Sales to capital | G89: 1 | H89: 2 | I89: 3 | J89: 4 | K89: 5 | L89: 6 | M89: 7 | N89: 8 | O89: 9 | P89: 10
C90: Computer | D90: Computer (peripherals) | E90: 0.75 | F90: 3.34 | G90: =1-G91 -> 0.73 | H90: =1-H91 -> 0.71 | I90: =1-I91 -> 0.69 | J90: =1-J91 -> 0.67 | K90: =1-K91 -> 0.64 | L90: =1-L91 -> 0.61 | M90: =1-M91 -> 0.58 | N90: =1-N91 -> 0.55 | ... P90: =1-P91 -> 0.5
C91: Services | D91: Computer services | E91: 0.25 | F91: 4.71 | G91: 0.27 | H91: 0.29 | I91: 0.31 | J91: 0.33 | K91: 0.36 | L91: 0.39 | M91: 0.42 | N91: 0.45 | O91: 0.48 | P91: 0.5
E92: sales to capital | F92: =+F90*E90+E91*F91 -> 3.6825 | G92: =+G90*$F$90+G91*$F$91 -> 3.7099 | H92: =+H90*$F$90+H91*$F$91 -> 3.7373 | I92: =+I90*$F$90+I91*$F$91 -> 3.7647 | J92: =+J90*$F$90+J91*$F$91 -> 3.7921 | K92: =+K90*$F$90+K91*$F$91 -> 3.8332 | L92: =+L90*$F$90+L91*$F$91 -> 3.8743 | M92: =+M90*$F$90+M91*$F$91 -> 3.9154 | N92: =+N90*$F$90+N91*$F$91 -> 3.9565 | ... P92: =+P90*$F$90+P91*$F$91 -> 4.025
C98: Cash Flow Terminal | D98: =+E25 -> 149443.2
C99: Múltiplos de salida | D99: 25
C100: Valor terminal (VT)) | D100: =+D98*D99 -> 3736080
C101: VT descontado | D101: =+D100/(1+E27)^10 -> 1712261.1
C103: Suma 10 primeros años | D103: =+E24 -> 800448.08
C104: Enterprise Value | D104: =+D101+D103 -> 2512709.2
C105: (-) Deuda | D105: =+E31 -> -98657
C106: - Minority interests | D106: =+E32 -> 0
C107: + Cash | D107: =+E33 -> 132420
C108: Equity Value | D108: =+D104+D105+D107 -> 2546472.2
C110: Market Cap. | D110: 3640000
C112: Up/Down side | D112: =+D108/D110-1 -> -0.30041972
C113: CAGR | D113: =+(D108/D110)^(0.1)-1 -> -0.03509678
C117: Retorno para el accionista (TIR) | E117: 1 | F117: 2 | G117: 3 | H117: 4 | I117: 5 | J117: 6 | K117: 7 | L117: 8 | M117: 9 | N117: 10
C118: Precio de compra | D118: -100
C119: Flujos de entrada (dividendos) | E119: 0 | F119: 0 | G119: 0 | H119: 0 | I119: 0 | J119: 0 | K119: 0 | L119: 0 | M119: 25
C120: Precio de venta | N120: 200
D121: =+SUM(D118:D120) -> -100 | E121: =+SUM(E118:E120) -> 0 | F121: =+SUM(F118:F120) -> 0 | G121: =+SUM(G118:G120) -> 0 | H121: =+SUM(H118:H120) -> 0 | I121: =+SUM(I118:I120) -> 0 | J121: =+SUM(J118:J120) -> 0 | K121: =+SUM(K118:K120) -> 0 | ... N121: =+SUM(N118:N120) -> 200
D123: TIR | E123: =+IRR(D121:N121) -> 0.085497613

Sheet EEFF Apple y cálculo ratios
A1: Inicio
C3: 2021 | D3: 2022 | E3: 2023 | F3: 2024 | G3: 2025
B4: Ventas (sales) | C4: 365817 | D4: 394328 | E4: 383285 | F4: 391035 | G4: 416161
B5: (-) Costes directos (Cost of sales) | C5: =-(192266+20715) -> -212981 | D5: =-(201471+22075) -> -223546 | E5: =-(189282+24855) -> -214137 | F5: -210352 | G5: -220960
B6: (=) Beneficio bruto (gross profit) | C6: =+C4+C5 -> 152836 | D6: =+D4+D5 -> 170782 | E6: =+E4+E5 -> 169148 | F6: =+F4+F5 -> 180683 | G6: =+G4+G5 -> 195201
B7: (-) Gastos operativos (OPEX) | C7: =-(21914+21973) -> -43887 | D7: =-(26251+25094) -> -51345 | E7: =-(29915+24932) -> -54847 | F7: =-26097-31370 -> -57467 | G7: =-34550-27601 -> -62151
B8: (=) Beneficio Operativo (EBIT) | C8: =+C6+C7 -> 108949 | D8: =+D6+D7 -> 119437 | E8: =+E6+E7 -> 114301 | F8: =+F6+F7 -> 123216 | G8: =+G6+G7 -> 133050
B9: (+/-) Gastos/Ingresos financieros | C9: 258 | D9: -334 | E9: -565 | F9: 269 | G9: -321
B10: (=) Beneficio Antes de impuestos (EBT) | C10: =+C8+C9 -> 109207 | D10: =+D8+D9 -> 119103 | E10: =+E8+E9 -> 113736 | F10: =+F8+F9 -> 123485 | G10: =+G8+G9 -> 132729
B11: (-) Impuestos (Taxes) | C11: -14527 | D11: -19300 | E11: -16741 | F11: -29749 | G11: -20719
B12: (=) Beneficio Neto (Net Profit) | C12: =+C10+C11 -> 94680 | D12: =+D10+D11 -> 99803 | E12: =+E10+E11 -> 96995 | F12: =+F10+F11 -> 93736 | G12: =+G10+G11 -> 112010
B13: EBITDA | C13: =+C8+C42 -> 120233 | D13: =+D8+D42 -> 130541 | E13: =+E8+E42 -> 125820 | F13: =+F8+F42 -> 134661 | G13: =+G8+G42 -> 144748
D16: 2022 | E16: 2023 | F16: 2024 | G16: 2025
B17: Caja y equivalentes | D17: 23646 | E17: 29965 | F17: =+'Capital Allocation Apple'!L20 -> 29943 | G17: 35934
B18: Activos financieros de corto plazo | D18: 24658 | E18: 31590 | F18: =+'Capital Allocation Apple'!L21 -> 35228 | G18: 18763
B19: Clientes | D19: 28184 | E19: 29508 | F19: 33410 | G19: 39777
B20: Inventarios | D20: 4946 | E20: 6331 | F20: =+'Capital Allocation Apple'!L23 -> 7286 | G20: 5718
B21: Otros activos corrientes | D21: =32748+21223 -> 53971 | E21: =31477+14695 -> 46172 | F21: =14287+32833 -> 47120 | G21: =33180+14585 -> 47765
B22: Total activos corrientes | D22: =+SUM(D17:D21) -> 135405 | E22: =+SUM(E17:E21) -> 143566 | F22: =+SUM(F17:F21) -> 152987 | G22: =+SUM(G17:G21) -> 147957
B23: Activos financieros de largo plazo | D23: 120805 | E23: 100544 | F23: =+'Capital Allocation Apple'!L28 -> 91479 | G23: 77723
B24: Propiedad, planta y equipamiento | D24: 42117 | E24: 43715 | F24: =+'Capital Allocation Apple'!L27 -> 45680 | G24: 49834
B25: Otros activos no corrientes | D25: 54428 | E25: 64758 | F25: =+'Capital Allocation Apple'!L30+'Capital Allocation Apple'!L31 -> 74834 | G25: 83727
B26: Total activos no corrientes | D26: =+SUM(D23:D25) -> 217350 | E26: =+SUM(E23:E25) -> 209017 | F26: =+SUM(F23:F25) -> 211993 | G26: =+SUM(G23:G25) -> 211284
B27: TOTAL ACTIVOS | D27: =+D26+D22 -> 352755 | E27: =+E26+E22 -> 352583 | F27: =+F26+F22 -> 364980 | G27: =+G26+G22 -> 359241
B28: Proveedores | D28: 64115 | E28: 62611 | F28: =+'Capital Allocation Apple'!L34 -> 68960 | G28: 69860
B29: Deuda a corto plazo | D29: ='Capital Allocation Apple'!J37+'Capital Allocation Apple'!J38+'Capital Allocation Apple'!J36 -> 22773 | E29: ='Capital Allocation Apple'!K37+'Capital Allocation Apple'!K38+'Capital Allocation Apple'!K36 -> 17382 | F29: =+'Capital Allocation Apple'!L36+'Capital Allocation Apple'!L37+'Capital Allocation Apple'!L38 -> 22511 | G29: =7979+12350 -> 20329
B30: Otros pasivos corrientes | D30: =+'Capital Allocation Apple'!J40+'Capital Allocation Apple'!J39 -> 67094 | E30: =+'Capital Allocation Apple'!K40+'Capital Allocation Apple'!K39 -> 65315 | F30: =+'Capital Allocation Apple'!L39+'Capital Allocation Apple'!L40 -> 84921 | G30: =9055+66387 -> 75442
B31: Total pasivos corrientes | D31: =+SUM(D28:D30) -> 153982 | E31: =+SUM(E28:E30) -> 145308 | F31: =+SUM(F28:F30) -> 176392 | G31: =+SUM(G28:G30) -> 165631
B32: Deuda a largo plazo | D32: 98959 | E32: 95281 | F32: =+'Capital Allocation Apple'!L42+'Capital Allocation Apple'!L43 -> 96548 | G32: 78328
B33: Otros pasivos no corrientes | D33: 49142 | E33: 49848 | F33: =+'Capital Allocation Apple'!L46 -> 35090 | G33: 41549
B34: Total pasivos no corrientes | D34: =+SUM(D32:D33) -> 148101 | E34: =+SUM(E32:E33) -> 145129 | F34: =+SUM(F32:F33) -> 131638 | G34: =+SUM(G32:G33) -> 119877
B35: TOTAL PASIVOS | D35: =+D31+D34 -> 302083 | E35: =+E31+E34 -> 290437 | F35: =+F31+F34 -> 308030 | G35: =+G31+G34 -> 285508
B36: Neto | D36: 50672 | E36: 62146 | F36: =+'Capital Allocation Apple'!L52 -> 56950 | G36: 73733
B37: TOTAL PASIVO + NETO | D37: =+D36+D35 -> 352755 | E37: =+E36+E35 -> 352583 | F37: =+F36+F35 -> 364980 | G37: =+G36+G35 -> 359241
B40: Estado de flujo de efectivo | C40: 2021 | D40: 2022 | E40: 2023 | F40: 2024 | G40: 2025
B41: Beneficio netos | C41: 94680 | D41: 99803 | E41: 96995 | F41: 93736 | G41: 112010
B42: Depreciación y amortización total | C42: 11284 | D42: 11104 | E42: 11519 | F42: 11445 | G42: 11698
B43: Compensación de stock options | C43: 7906 | D43: 9038 | E43: 10833 | F43: 11688 | G43: 12863
B44: Otras actividades operativas | C44: -4921 | D44: 1006 | E44: -2227 | F44: -2266 | G44: -89
B45: Cambio en cuentas por cobrar | C45: -10125 | D45: -1823 | E45: -1688 | F45: -3788 | G45: -6682
B46: Cambio en inventarios | C46: -2642 | D46: 1484 | E46: -1618 | F46: -1046 | G46: 1400
B47: Cambio en cuentas por pagar | C47: 12326 | D47: 9448 | E47: -1889 | F47: 6020 | G47: 902
B48: Variación en otros activos operativos netos | C48: -4470 | D48: -7909 | E48: -1382 | F48: 2465 | G48: -20620
B49: Efectivo de Operaciones | C49: =+SUM(C41:C48) -> 104038 | D49: =+SUM(D41:D48) -> 122151 | E49: =+SUM(E41:E48) -> 110543 | F49: =+SUM(F41:F48) -> 118254 | G49: =+SUM(G41:G48) -> 111482
B50: Gastos de capital | C50: -11085 | D50: -10708 | E50: -10959 | F50: -9447 | G50: -12715
B51: Inversión en valores negociables y de renta variable | C51: -3075 | D51: -9560 | E51: 16001 | F51: 13690 | G51: 29390
B52: Otras actividades de inversión | C52: -385 | D52: -2086 | E52: -1337 | F52: -1308 | G52: -1480
B53: Efectivo de la inversión | C53: =+SUM(C50:C52) -> -14545 | D53: =+SUM(D50:D52) -> -22354 | E53: =+SUM(E50:E52) -> 3705 | F53: =+SUM(F50:F52) -> 2935 | G53: =+SUM(G50:G52) -> 15195
B54: Deuda total emitida | C54: 21415 | D54: 9420 | E54: 5228 | F54: 3960 | G54: 4481
B55: Total de la deuda reembolsada | C55: -8750 | D55: -9543 | E55: -15129 | F55: -9958 | G55: -12964
B56: Payments for taxes related to net share settlement of equity awards | G56: -5960
B57: Emisión de acciones ordinarias
B58: Recompra de acciones comunes | C58: -92527 | D58: -95625 | E58: -82981 | F58: -100390 | G58: -90711
B59: Dividendos de acciones comunes y preferentes pagados | C59: -14467 | D59: -14841 | E59: -15025 | F59: -15234 | G59: -15421
B60: Otras Actividades de Financiamiento | C60: 976 | D60: -160 | E60: -581 | F60: -361 | G60: -111
B61: Efectivo de Financiamiento | C61: =+SUM(C54:C60) -> -93353 | D61: =+SUM(D54:D60) -> -110749 | E61: =+SUM(E54:E60) -> -108488 | F61: =+SUM(F54:F60) -> -121983 | G61: =+SUM(G54:G60) -> -120686
B63: Cambio neto en efectivo | C63: -3860 | D63: -10952 | E63: 5760 | F63: -794 | G63: 5991
B64: Efectivo y equivalentes de efectivo, comienzo del período | C64: 39789 | D64: 35929 | E64: 24977 | F64: 30737 | G64: 29943
B65: Efectivo y equivalentes de efectivo, fin de período | C65: 35929 | D65: 24977 | E65: 30737 | F65: 29943 | G65: 35934
B68: (Imagen 38)
C69: 2021 | D69: 2022 | E69: 2023 | F69: 2024 | G69: 2025
B70: ROA Apple | D70: =+D12/D27 -> 0.28292441 | E70: =+E12/E27 -> 0.27509835 | F70: =+F12/F27 -> 0.25682503 | G70: =+G12/G27 -> 0.31179626
B72: (Imagen 39)
C73: 2021 | D73: 2022 | E73: 2023 | F73: 2024 | G73: 2025
B74: Beneficio neto | D74: =+D12 -> 99803 | E74: =+E12 -> 96995 | F74: =+F12 -> 93736 | G74: =+G12 -> 112010
B75: Total activos | D75: =+D27 -> 352755 | E75: =+E27 -> 352583 | F75: =+F27 -> 364980 | G75: =+G27 -> 359241
B76: ROA Apple | E76: =+E74/AVERAGE(D75:E75) -> 0.27503126 | F76: =+F74/AVERAGE(E75:F75) -> 0.26126208 | G76: =+G74/AVERAGE(F75:G75) -> 0.30932547
B77: (Calculado con el total de activos promedio del año y el anterior)
B80: (Imagen 45)
B81: Cálculo del Working Capital de Apple | C81: 2021 | D81: 2022 | E81: 2023 | F81: 2024 | G81: 2025
B82: =+B17 -> Caja y equivalentes | D82: =+D17*0.05 -> 1182.3 | E82: =+E17*0.05 -> 1498.25 | F82: =+F17*0.05 -> 1497.15 | G82: =+G17*0.05 -> 1796.7
B83: =+B19 -> Clientes | D83: =+D19 -> 28184 | E83: =+E19 -> 29508 | F83: =+F19 -> 33410 | G83: =+G19 -> 39777
B84: =+B20 -> Inventarios | D84: =+D20 -> 4946 | E84: =+E20 -> 6331 | F84: =+F20 -> 7286 | G84: =+G20 -> 5718
B85: =+B21 -> Otros activos corrientes | D85: =+D21 -> 53971 | E85: =+E21 -> 46172 | F85: =+F21 -> 47120 | G85: =+G21 -> 47765
B86: Total activos corrientes productivos | D86: =+SUM(D82:D85) -> 88283.3 | E86: =+SUM(E82:E85) -> 83509.25 | F86: =+SUM(F82:F85) -> 89313.15 | G86: =+SUM(G82:G85) -> 95056.7
B87: =+B28 -> Proveedores | D87: =+D28 -> 64115 | E87: =+E28 -> 62611 | F87: =+F28 -> 68960 | G87: =+G28 -> 69860
B88: =+B30 -> Otros pasivos corrientes | D88: =+D30 -> 67094 | E88: =+E30 -> 65315 | F88: =+F30 -> 84921 | G88: =+G30 -> 75442
B89: Total pasivos corrientes sin intereses | D89: =+SUM(D87:D88) -> 131209 | E89: =+SUM(E87:E88) -> 127926 | F89: =+SUM(F87:F88) -> 153881 | G89: =+SUM(G87:G88) -> 145302
B90: WORKING CAPITAL | D90: =+D86-D89 -> -42925.7 | E90: =+E86-E89 -> -44416.75 | F90: =+F86-F89 -> -64567.85 | G90: =+G86-G89 -> -50245.3
B91: Variación WC | E91: =-(E90-D90) -> 1491.05 | F91: =-(F90-E90) -> 20151.1 | G91: =-(G90-F90) -> -14322.55
B94: (Imagen 46 e Imagen 47) | C94: 2021 | D94: 2022 | E94: 2023 | F94: 2024 | G94: 2025
B95: Ventas | D95: =+D4 -> 394328 | E95: =+E4 -> 383285 | F95: =+F4 -> 391035 | G95: =+G4 -> 416161
B96: Saldo clientes | D96: =+D19 -> 28184 | E96: =+E19 -> 29508 | F96: =+F19 -> 33410 | G96: =+G19 -> 39777
B97: Periodo medio cobro (PMC) | D97: =+(D96/D95)*365 -> 26.087825 | E97: =+(E96/E95)*365 -> 28.100291 | F97: =+(F96/F95)*365 -> 31.185572 | G97: =+(G96/G95)*365 -> 34.886991
B98: COGS | D98: =+-D5 -> 223546 | E98: =+-E5 -> 214137 | F98: =+-F5 -> 210352 | G98: =+-G5 -> 220960
B99: Saldo proveedores | D99: =+D28 -> 64115 | E99: =+E28 -> 62611 | F99: =+F28 -> 68960 | G99: =+G28 -> 69860
B100: Periodo medio de pago (PMP) | D100: =+(D99/D98)*365 -> 104.68528 | E100: =+(E99/E98)*365 -> 106.72147 | F100: =+(F99/F98)*365 -> 119.65848 | G100: =+(G99/G98)*365 -> 115.40052
B101: COGS | D101: =+D98 -> 223546 | E101: =+E98 -> 214137 | F101: =+F98 -> 210352 | G101: =+G98 -> 220960
B102: Saldo inventarios | D102: =+D20 -> 4946 | E102: =+E20 -> 6331 | F102: =+F20 -> 7286 | G102: =+G20 -> 5718
B103: Periodo medio de rotación (PMR) | D103: =+(D102/D101)*365 -> 8.0756981 | E103: =+(E102/E101)*365 -> 10.791292 | F103: =+(F102/F101)*365 -> 12.642571 | G103: =+(G102/G101)*365 -> 9.4454652
B107: (Imagen 49)
B108: Capital Empleado Apple | C108: 2021 | D108: 2022 | E108: 2023 | F108: 2024 | G108: 2025
B109: Total Activos No corrientes | D109: =D26 -> 217350 | E109: =E26 -> 209017 | F109: =F26 -> 211993 | G109: =G26 -> 211284
B110: Activos financieros de largo plazo | D110: =+D23 -> 120805 | E110: =+E23 -> 100544 | F110: =+F23 -> 91479 | G110: =+G23 -> 77723
B111: Propiedad, planta y equipamiento | D111: =+D24 -> 42117 | E111: =+E24 -> 43715 | F111: =+F24 -> 45680 | G111: =+G24 -> 49834
B112: Otros activos no corrientes | D112: =+D25 -> 54428 | E112: =+E25 -> 64758 | F112: =+F25 -> 74834 | G112: =+G25 -> 83727
B113: Net Working Capital | D113: =+D90 -> -42925.7 | E113: =+E90 -> -44416.75 | F113: =+F90 -> -64567.85 | G113: =+G90 -> -50245.3
B114: Capital Empleado | D114: =+D109+D113 -> 174424.3 | E114: =+E109+E113 -> 164600.25 | F114: =+F109+F113 -> 147425.15 | G114: =+G109+G113 -> 161038.7
B116: EBIT | D116: =+D8 -> 119437 | E116: =+E8 -> 114301 | F116: =+F8 -> 123216 | G116: =+G8 -> 133050
B118: ROC de Greenblatt | D118: =+D116/D114 -> 0.68474977 | E118: =+E116/E114 -> 0.69441571 | F118: =+F116/F114 -> 0.83578684 | G118: =+G116/G114 -> 0.82619892
...

Sheet Capital Allocation Apple
A1: Inicio
B2: Income Statement | TIKR.com | C2: 42273 | D2: 42637 | E2: 43008 | F2: 43372 | G2: 43736 | H2: 44100 | I2: 44464 | J2: 44828 | K2: 45199 | L2: 45563 | M2: 45927
B3: Total Revenues | C3: 233715 | D3: 215639 | E3: 229234 | F3: 265595 | G3: 260174 | H3: 274515 | I3: 365817 | J3: 394328 | K3: 383285 | L3: 391035 | M3: 416161
B4: Cost of Goods Sold | C4: -140089 | D4: -131376 | E4: -141048 | F4: -163756 | G4: -161782 | H4: -169559 | I4: -212981 | J4: -223546 | K4: -214137 | L4: -210352 | M4: -220960
B5: Gross Profit | C5: =+SUM(C3:C4) -> 93626 | D5: =+SUM(D3:D4) -> 84263 | E5: =+SUM(E3:E4) -> 88186 | F5: =+SUM(F3:F4) -> 101839 | G5: =+SUM(G3:G4) -> 98392 | H5: =+SUM(H3:H4) -> 104956 | I5: =+SUM(I3:I4) -> 152836 | J5: =+SUM(J3:J4) -> 170782 | ... M5: =+SUM(M3:M4) -> 195201
B6: Selling General & Admin Expenses | C6: -14329 | D6: -14194 | E6: -15261 | F6: -16705 | G6: -18245 | H6: -19916 | I6: -21973 | J6: -25094 | K6: -24932 | L6: -26097 | M6: -27601
B7: R&D Expenses | C7: -8067 | D7: -10045 | E7: -11581 | F7: -14236 | G7: -16217 | H7: -18752 | I7: -21914 | J7: -26251 | K7: -29915 | L7: -31370 | M7: -34550
B8: Operating Income | C8: =+SUM(C5:C7) -> 71230 | D8: =+SUM(D5:D7) -> 60024 | E8: =+SUM(E5:E7) -> 61344 | F8: =+SUM(F5:F7) -> 70898 | G8: =+SUM(G5:G7) -> 63930 | H8: =+SUM(H5:H7) -> 66288 | I8: =+SUM(I5:I7) -> 108949 | J8: =+SUM(J5:J7) -> 119437 | ... M8: =+SUM(M5:M7) -> 133050
B9: Magen operativo (%) | C9: =+C8/C3 -> 0.30477291 | D9: =+D8/D3 -> 0.2783541 | E9: =+E8/E3 -> 0.26760428 | F9: =+F8/F3 -> 0.26694027 | G9: =+G8/G3 -> 0.24572017 | H9: =+H8/H3 -> 0.24147314 | I9: =+I8/I3 -> 0.29782378 | J9: =+J8/J3 -> 0.30288744 | ... L9: =+L8/L3 -> 0.31510223
B10: Interest Expense | C10: -733 | D10: -1456 | E10: -2323 | F10: -3240 | G10: -3576 | H10: -2873 | I10: -2645 | J10: -2931 | K10: -3933 | L10: 269 | M10: -321
B11: Interest And Investment Income | C11: 2921 | D11: 3999 | E11: 5201 | F11: 5686 | G11: 4961 | H11: 3763 | I11: 2843 | J11: 2825 | K11: 3750
B12: Other Non Operating Income (Expenses) | C12: -903 | D12: -1195 | E12: -133 | F12: -441 | G12: 422 | H12: -87 | I12: 60 | J12: -228 | K12: -382
B13: EBT | C13: =+SUM(C8:C12) -> 72515.305 | D13: =+SUM(D8:D12) -> 61372.278 | E13: =+SUM(E8:E12) -> 64089.268 | F13: =+SUM(F8:F12) -> 72903.267 | G13: =+SUM(G8:G12) -> 65737.246 | H13: =+SUM(H8:H12) -> 67091.241 | I13: =+SUM(I8:I12) -> 109207.3 | J13: =+SUM(J8:J12) -> 119103.3 | ... M13: =+SUM(M8:M12) -> 132729
B14: Income Tax Expense | C14: -19121 | D14: -15685 | E14: -15738 | F14: -13372 | G14: -10481 | H14: -9680 | I14: -14527 | J14: -19300 | K14: -16741 | L14: -29749 | M14: -20719
B15: % Tax/EBT | C15: =-C14/C13 -> 0.26368227 | D15: =-D14/D13 -> 0.25557141 | E15: =-E14/E13 -> 0.24556374 | F15: =-F14/F13 -> 0.18342114 | G15: =-G14/G13 -> 0.15943777 | H15: =-H14/H13 -> 0.14428113 | I15: =-I14/I13 -> 0.13302225 | J15: =-J14/J13 -> 0.1620442 | ... L15: =-L14/L13 -> 0.24091124
B16: % Tax/EBIT | C16: =+-C14/C8 -> 0.26844026 | D16: =+-D14/D8 -> 0.26131214 | E16: =+-E14/E8 -> 0.25655321 | F16: =+-F14/F8 -> 0.18860899 | G16: =+-G14/G8 -> 0.16394494 | H16: =+-H14/H8 -> 0.14602945 | I16: =+-I14/I8 -> 0.13333762 | J16: =+-J14/J8 -> 0.16159147 | ... L16: =+-L14/L8 -> 0.2414378
B17: Net Profit | C17: =+SUM(C13:C14) -> 53394.305 | D17: =+SUM(D13:D14) -> 45687.278 | E17: =+SUM(E13:E14) -> 48351.268 | F17: =+SUM(F13:F14) -> 59531.267 | G17: =+SUM(G13:G14) -> 55256.246 | H17: =+SUM(H13:H14) -> 57411.241 | I17: =+SUM(I13:I14) -> 94680.298 | J17: =+SUM(J13:J14) -> 99803.303 | ... M17: =+SUM(M13:M14) -> 112010
B19: Balance de situación | TIKR.com | C19: 42273 | D19: 42637 | E19: 43008 | F19: 43372 | G19: 43736 | H19: 44100 | I19: 44464 | J19: 44828 | K19: 45199 | L19: 45565 | M19: 45566
B20: Cash And Equivalents | C20: 21120 | D20: 20484 | E20: 20289 | F20: 25913 | G20: 48844 | H20: 38016 | I20: 34940 | J20: 23646 | K20: 29965 | L20: 29943
B21: Short Term Investments | C21: 20875 | D21: 46671 | E21: 53892 | F21: 40388 | G21: 51713 | H21: 52927 | I21: 27699 | J21: 24658 | K21: 31590 | L21: 35228
B22: Total de cuentas por cobrar | C22: 30343 | D22: 29299 | E22: 35673 | F22: 48995 | G22: 45804 | H22: 37445 | I22: 51506 | J22: 60932 | K22: 60985 | L22: 66243
B23: Inventario | C23: 2349 | D23: 2132 | E23: 4855 | F23: 3956 | G23: 4106 | H23: 4061 | I23: 6580 | J23: 4946 | K23: 6331 | L23: 7286
B24: Efectivo restringido | G24: 23
B25: Otro activo corriente | C25: 14691 | D25: 8283 | E25: 13936 | F25: 12087 | G25: 12329 | H25: 11264 | I25: 14111 | J25: 21223 | K25: 14695 | L25: 14287
B26: Total de activo corriente | C26: 89378 | D26: 106869 | E26: 128645 | F26: 131339 | G26: 162819 | H26: 143713 | I26: 134836 | J26: 135405 | K26: 143566 | L26: =+SUM(L20:L25) -> 152987
B27: Inmobilizado material neto | C27: 22471 | D27: 27010 | E27: 33783 | F27: 41304 | G27: 37378 | H27: 45336 | I27: 49527 | J27: 52534 | K27: 43715 | L27: 45680
B28: Inversiones a largo plazo | C28: 164065 | D28: 170430 | E28: 194714 | F28: 170799 | G28: 105341 | H28: 100887 | I28: 127877 | J28: 120805 | K28: 100544 | L28: 91479
B29: Fondo de comercio | C29: 5116 | D29: 5414
B30: Otros intangibles | C30: 3893 | D30: 3206 | K30: 17852 | L30: 19499
B31: Otros activos a largo plazo | C31: 5422 | D31: 8757 | E31: 18177 | F31: 22283 | G31: 32978 | H31: 33952 | I31: 38762 | J31: 44011 | K31: 46906 | L31: 55335
B32: Total de activo No corriente | C32: =+SUM(C27:C31) -> 200967 | D32: =+SUM(D27:D31) -> 214817 | E32: =+SUM(E27:E31) -> 246674 | F32: =+SUM(F27:F31) -> 234386 | G32: =+SUM(G27:G31) -> 175697 | H32: =+SUM(H27:H31) -> 180175 | I32: =+SUM(I27:I31) -> 216166 | J32: =+SUM(J27:J31) -> 217350 | ... L32: =+SUM(L27:L31) -> 211993
B33: Activo total | C33: =+C32+C26 -> 290345 | D33: =+D32+D26 -> 321686 | E33: =+E32+E26 -> 375319 | F33: =+F32+F26 -> 365725 | G33: =+G32+G26 -> 338516 | H33: =+H32+H26 -> 323888 | I33: =+I32+I26 -> 351002 | J33: =+J32+J26 -> 352755 | ... L33: =+L32+L26 -> 364980
B34: Cuentas por pagar | C34: 35490 | D34: 37294 | E34: 44242 | F34: 55888 | G34: 46236 | H34: 42296 | I34: 54763 | J34: 64115 | K34: 62611 | L34: 68960
B35: Gastos devengados | C35: 23169 | D35: 21864
B36: Préstamos de corto plazo | C36: 8499 | D36: 8105 | E36: 11977 | F36: 11964 | G36: 5980 | H36: 4996 | I36: 6000 | J36: 9982 | K36: 5985 | L36: 9967
B37: Porción corriente de la deuda a largo plazo | C37: 2513 | D37: 3500 | E37: 6496 | F37: 8784 | G37: 10260 | H37: 8773 | I37: 9613 | J37: 11128 | K37: 9822 | L37: 10912
B38: Porción corriente de las obligaciones de arrendamiento financiero | H38: 1460 | I38: 1528 | J38: 1663 | K38: 1575 | L38: 1632
B39: Unearned Revenue Current | C39: 8940 | D39: 8080 | E39: 7548 | F39: 5966 | G39: 5522 | H39: 6643 | I39: 7612 | J39: 7912 | K39: 8061 | L39: 8249
B40: Otros pasivos corrientes | C40: 1999 | D40: 163 | E40: 30551 | F40: 33327 | G40: 37720 | H40: 41224 | I40: 45965 | J40: 59182 | K40: 57254 | L40: =50071+26601 -> 76672
B41: Total pasivo corriente | C41: 80610 | D41: 79006 | E41: 100814 | F41: 115929 | G41: 105718 | H41: 105392 | I41: 125481 | J41: 153982 | K41: 145308 | L41: =+SUM(L34:L40) -> 176392
B42: Deuda a largo plazo | C42: 53329 | D42: 75427 | E42: 97207 | F42: 93735 | G42: 91807 | H42: 98667 | I42: 109106 | J42: 98959 | K42: 95281 | L42: 85750
B43: Arrendamientos de capitales | H43: 8382 | I43: 10275 | J43: 10748 | K43: 11267 | L43: 10798
B44: Ingresos no devengados no corrientes | C44: 3624 | D44: 2930 | E44: 2836
B45: Pasivo por impuesto diferido no corriente | C45: 24062 | D45: 26019 | E45: 31504
B46: Otro pasivo no corrientes | C46: 9365 | D46: 10055 | E46: 8911 | F46: 48914 | G46: 50503 | H46: 46108 | I46: 43050 | J46: 38394 | K46: 38581 | L46: 35090
B47: Total pasivo no corriente | C47: =+SUM(C42:C46) -> 90380 | D47: =+SUM(D42:D46) -> 114431 | E47: =+SUM(E42:E46) -> 140458 | F47: =+SUM(F42:F46) -> 142649 | G47: =+SUM(G42:G46) -> 142310 | H47: =+SUM(H42:H46) -> 153157 | I47: =+SUM(I42:I46) -> 162431 | J47: =+SUM(J42:J46) -> 148101 | ... L47: =+SUM(L42:L46) -> 131638
B48: Pasivo Total | C48: =+C47+C41 -> 170990 | D48: =+D47+D41 -> 193437 | E48: =+E47+E41 -> 241272 | F48: =+F47+F41 -> 258578 | G48: =+G47+G41 -> 248028 | H48: =+H47+H41 -> 258549 | I48: =+I47+I41 -> 287912 | J48: =+J47+J41 -> 302083 | ... L48: =+L47+L41 -> 308030
B49: Acciones comunes | C49: 27416 | D49: 31251 | E49: 35867 | F49: 40201 | G49: 45174 | H49: 50779 | I49: 57365 | J49: 64849 | K49: 73812 | L49: 83276
B50: Beneficio no distribuido | C50: 92284 | D50: 96364 | E50: 98330 | F50: 70400 | G50: 45898 | H50: 14966 | I50: 5562 | J50: -3068 | K50: -214 | L50: -19154
B51: Resultado integral y otros | C51: -345 | D51: 634 | E51: -150 | F51: -3454 | G51: -584 | H51: -406 | I51: 163 | J51: -11109 | K51: -11452 | L51: -7172
B52: Fondos propios totales | C52: 119355 | D52: 128249 | E52: 134047 | F52: 107147 | G52: 90488 | H52: 65339 | I52: 63090 | J52: 50672 | K52: 62146 | L52: =+SUM(L49:L51) -> 56950
B53: Pasivo total y patrimonio neto | C53: 290345 | D53: 321686 | E53: 375319 | F53: 365725 | G53: 338516 | H53: 323888 | I53: 351002 | J53: 352755 | K53: 352583 | L53: =+L52+L48 -> 364980
B55: Estado de flujo de efectivo | C55: 42273 | D55: 42637 | E55: 43008 | F55: 43372 | G55: 43736 | H55: 44100 | I55: 44464 | J55: 44828 | K55: 45199 | L55: 45565 | M55: 45927
B56: Beneficio netos | C56: 53394 | D56: 45687 | E56: 48351 | F56: 59531 | G56: 55256 | H56: 57411 | I56: 94680 | J56: 99803 | K56: 96995 | L56: 93736 | M56: 112010
B57: Depreciación y amortización | C57: 9957 | D57: 10505 | E57: 10157 | F57: 10903 | G57: 12547 | H57: 11056 | I57: 11284 | J57: 11104 | K57: 11519 | L57: 11445
B58: Amortización de fondos de comercio y activos intangibles | C58: 1300
B59: Depreciación y amortización total | C59: 11257 | D59: 10505 | E59: 10157 | F59: 10903 | G59: 12547 | H59: 11056 | I59: 11284 | J59: 11104 | K59: 11519 | L59: =+L57 -> 11445 | M59: 11698
B60: Compensación de stock options | C60: 3586 | D60: 4210 | E60: 4840 | F60: 5340 | G60: 6068 | H60: 6829 | I60: 7906 | J60: 9038 | K60: 10833 | L60: 11688 | M60: 12863
B61: Otras actividades operativas | C61: 1767 | D61: 5424 | E61: 5800 | F61: -33034 | G61: -992 | H61: -312 | I61: -4921 | J61: 1006 | K61: -2227 | L61: -2266 | M61: -89
B62: Cambio en cuentas por cobrar | C62: 417 | D62: 527 | E62: -2093 | F62: -5322 | G62: 245 | H62: 6917 | I62: -10125 | J62: -1823 | K62: -1688 | L62: -3788 | M62: -6682
B63: Cambio en inventarios | C63: -238 | D63: 217 | E63: -2723 | F63: 828 | G63: -289 | H63: -127 | I63: -2642 | J63: 1484 | K63: -1618 | L63: -1046 | M63: 1400
B64: Cambio en cuentas por pagar | C64: 5001 | D64: 2117 | E64: 8966 | F64: 9175 | G64: -1923 | H64: -4062 | I64: 12326 | J64: 9448 | K64: -1889 | L64: 6020 | M64: 902
B65: Cambio en los ingresos no devengados | C65: 1042 | D65: -1554 | E65: -593 | F65: -3 | G65: -625 | H65: 2081
B66: Variación en otros activos operativos netos | C66: 5040 | D66: -902 | E66: -8480 | F66: 30016 | G66: -896 | H66: 881 | I66: -4470 | J66: -7909 | K66: -1382 | L66: 2465 | M66: -20620
B67: Efectivo de Operaciones | C67: 81266 | D67: 66231 | E67: 64225 | F67: 77434 | G67: 69391 | H67: 80674 | I67: 104038 | J67: 122151 | K67: 110543 | L67: =+SUM(L59:L66)+L56 -> 118254 | M67: 111482
B68: Gastos de capital | C68: -11247 | D68: -12734 | E68: -12451 | F68: -13313 | G68: -10495 | H68: -7309 | I68: -11085 | J68: -10708 | K68: -10959 | L68: -9447 | M68: -12715
B69: Adquisiciones con efectivo | C69: -343 | D69: -297 | E69: -329 | F69: -721 | G69: -624 | H69: -1524
B70: Venta (compra) de activos intangibles | C70: -241
B71: Inversión en valores negociables y de renta variable | C71: -44417 | D71: -32022 | E71: -33542 | F71: 30845 | G71: 58093 | H71: 5453 | I71: -3075 | J71: -9560 | K71: 16001 | L71: 13690 | M71: 29390
B72: Otras actividades de inversión | C72: -26 | D72: -924 | E72: -124 | F72: -745 | G72: -1078 | H72: -909 | I72: -385 | J72: -2086 | K72: -1337 | L72: -1308 | M72: -1480
B73: Efectivo de la inversión | C73: -56274 | D73: -45977 | E73: -46446 | F73: 16066 | G73: 45896 | H73: -4289 | I73: -14545 | J73: -22354 | K73: 3705 | L73: =+SUM(L68:L72) -> 2935 | M73: 15195
B74: Deuda total emitida | C74: 29305 | D74: 24954 | E74: 32514 | F74: 6969 | G74: 6963 | H74: 16091 | I74: 21415 | J74: 9420 | K74: 5228 | L74: 3960 | M74: 4481
B75: Total de la deuda reembolsada | D75: -2897 | E75: -3500 | F75: -6537 | G75: -14782 | H75: -13592 | I75: -8750 | J75: -9543 | K75: -15129 | L75: -9958 | M75: -12964
B76: Emisión de acciones ordinarias | C76: 543 | D76: 495 | E76: 555 | F76: 669 | G76: 781
B77: Recompra de acciones comunes | C77: -36752 | D77: -31292 | E77: -34774 | F77: -75265 | G77: -69714 | H77: -75992 | I77: -92527 | J77: -95625 | K77: -82981 | L77: -100390 | M77: -96671
B78: Dividendos comunes pagados | C78: -11561 | D78: -12150 | E78: -12769 | F78: -13712 | G78: -14119 | H78: -14081 | I78: -14467 | J78: -14841 | K78: -15025 | L78: -15234 | M78: -15421
B79: Otras Actividades de Financiamiento | C79: 749 | G79: -105 | H79: 754 | I79: 976 | J79: -160 | K79: -581 | L79: -361 | M79: -111
B80: Efectivo de Financiamiento | C80: -17716 | D80: -20890 | E80: -17974 | F80: -87876 | G80: -90976 | H80: -86820 | I80: -93353 | J80: -110749 | K80: -108488 | L80: =+SUM(L74:L79) -> -121983 | M80: -120686
B81: Cambio neto en efectivo | C81: 7276 | D81: -636 | E81: -195 | F81: 5624 | G81: 24311 | H81: -10435 | I81: -3860 | J81: -10952 | K81: 5760 | L81: =+L80+L73+L67 -> -794 | M81: 5991
B86: Análisis flujos de efectivo Apple (2016-2025)
B87: Caja Apple (Inicios 2016) | C87: =+C20+C21+C28 -> 206060
B88: Efectivo de Operaciones (2016-2025) | C88: =+SUM(D67:M67) -> 924423
B89: CapEx (2016-2025) | C89: =+SUM(D68:M68)+SUM(D69:M69) -> -114711
B90: Inversiones financieras neta (2016-2025) | C90: =+SUM(D71:M71) -> 75273
B91: Inversiones financieras neta (2016-2025) | C91: =-C90 -> -75273
B92: Deuda neta (2016-2025) | C92: =+SUM(D74:M74)+SUM(D75:M75) -> 34343
B93: Recompra acciones (2016-2025) | C93: =+SUM(D77:M77) -> -755231
B94: Dividendos (2016-2025) | C94: =+SUM(D78:M78) -> -141819
B95: Caja Apple (Finales 2025) | C95: =+SUM(C87:C94) -> 153065
B97: Análisis flujos de efectivo Apple (2016-2025)
B98: Caja Apple (Inicios 2016) | C98: =+C87 -> 206060
B99: Efectivo de Operaciones (2016-2025) | C99: =+C88-C101 -> 1139254
B100: CapEx (2016-2025) | C100: =+C89 -> -114711
B101: Inversión en I+D (2016-2025) | C101: =+SUM(D7:M7) -> -214831
B102: Inversiones financieras neta (2016-2025) | C102: =+C90 -> 75273
B103: Inversiones financieras neta (2016-2025) | C103: =-C102 -> -75273
B104: Deuda neta (2016-2025) | C104: =+C92 -> 34343
B105: Recompra acciones (2016-2025) | C105: =+C93 -> -755231
B106: Dividendos (2016-2025) | C106: =+C94 -> -141819
B107: Caja Apple (Finales 2025) | C107: =+SUM(C98:C106) -> 153065
...

Sheet Cap6. Ranking FM Tikr
A1: Inicio | B1: (Imagen 141 hasta imagen 146)
B2: TICKER | C2: NOMBRE | D2: PAIS | E2: MARKET CAP. | F2: SECTOR | G2: TEV/EBIT | H2: EBIT/TEV | I2: ROIC | J2: R PRECIO | K2: R ROIC | L2: RANKING COMBINADO | M2: POSICION FINAL
B3: LNG | C3: Cheniere Energy, Inc. | D3: USA | E3: 40.527 US$ | F3: Energy | G3: 3.39 | H3: =1/G3 -> 0.29498525 | I3: 0.5529 | J3: =+_xlfn.RANK.EQ(H3,H:H,0) -> 6 | K3: =+_xlfn.RANK.EQ(I3,I:I,0) -> 11 | L3: =+J3+K3 -> 17 | M3: =+_xlfn.RANK.EQ(L3,L:L,1) -> 1
B4: SWN | C4: Southwestern Energy Company | D4: USA | E4: 6828 US$ | F4: Energy | G4: 2.08 | H4: =1/G4 -> 0.48076923 | I4: 0.4927 | J4: =+_xlfn.RANK.EQ(H4,H:H,0) -> 3 | K4: =+_xlfn.RANK.EQ(I4,I:I,0) -> 20 | L4: =+J4+K4 -> 23 | M4: =+_xlfn.RANK.EQ(L4,L:L,1) -> 2
B5: SQM | C5: Sociedad Química y Minera de Chile S.A. | D5: USA | E5: 15.547 US$ | F5: Industrials | G5: 3.96 | H5: =1/G5 -> 0.25252525 | I5: 0.4502 | J5: =+_xlfn.RANK.EQ(H5,H:H,0) -> 8 | K5: =+_xlfn.RANK.EQ(I5,I:I,0) -> 27 | L5: =+J5+K5 -> 35 | M5: =+_xlfn.RANK.EQ(L5,L:L,1) -> 3
B6: APA | C6: APA Corporation | D6: USA | E6: 10.689 US$ | F6: Energy | G6: 4.79 | H6: =1/G6 -> 0.20876827 | I6: 0.4464 | J6: =+_xlfn.RANK.EQ(H6,H:H,0) -> 12 | K6: =+_xlfn.RANK.EQ(I6,I:I,0) -> 28 | L6: =+J6+K6 -> 40 | M6: =+_xlfn.RANK.EQ(L6,L:L,1) -> 4
B7: CQP | C7: Cheniere Energy Partners, L.P. | D7: USA | E7: 25.823 US$ | F7: Energy | G7: 5.94 | H7: =1/G7 -> 0.16835017 | I7: 0.4442 | J7: =+_xlfn.RANK.EQ(H7,H:H,0) -> 22 | K7: =+_xlfn.RANK.EQ(I7,I:I,0) -> 30 | L7: =+J7+K7 -> 52 | M7: =+_xlfn.RANK.EQ(L7,L:L,1) -> 5
B8: DDS | C8: Dillard's, Inc. | D8: USA | E8: 6278 US$ | F8: Consumer Discretionary | G8: 6.27 | H8: =1/G8 -> 0.15948963 | I8: 0.4002 | J8: =+_xlfn.RANK.EQ(H8,H:H,0) -> 26 | K8: =+_xlfn.RANK.EQ(I8,I:I,0) -> 38 | L8: =+J8+K8 -> 64 | M8: =+_xlfn.RANK.EQ(L8,L:L,1) -> 6
B9: MO | C9: Altria Group, Inc. | D9: USA | E9: 74.319 US$ | F9: Consumer Staples | G9: 7.98 | H9: =1/G9 -> 0.12531328 | I9: 0.5056 | J9: =+_xlfn.RANK.EQ(H9,H:H,0) -> 46 | K9: =+_xlfn.RANK.EQ(I9,I:I,0) -> 18 | L9: =+J9+K9 -> 64 | M9: =+_xlfn.RANK.EQ(L9,L:L,1) -> 6
B10: RRC | C10: Range Resources Corporation | D10: USA | E10: 7157 US$ | F10: Energy | G10: 4.55 | H10: =1/G10 -> 0.21978022 | I10: 0.3375 | J10: =+_xlfn.RANK.EQ(H10,H:H,0) -> 10 | K10: =+_xlfn.RANK.EQ(I10,I:I,0) -> 60 | L10: =+J10+K10 -> 70 | M10: =+_xlfn.RANK.EQ(L10,L:L,1) -> 8
B11: VLO | C11: Valero Energy Corporation | D11: USA | E11: 42.489 US$ | F11: Energy | G11: 3.4 | H11: =1/G11 -> 0.29411765 | I11: 0.3301 | J11: =+_xlfn.RANK.EQ(H11,H:H,0) -> 7 | K11: =+_xlfn.RANK.EQ(I11,I:I,0) -> 64 | L11: =+J11+K11 -> 71 | M11: =+_xlfn.RANK.EQ(L11,L:L,1) -> 9
B12: ATKR | C12: Atkore Inc. | D12: USA | E12: 5316 US$ | F12: Industrials | G12: 6.5 | H12: =1/G12 -> 0.15384615 | I12: 0.3764 | J12: =+_xlfn.RANK.EQ(H12,H:H,0) -> 29 | K12: =+_xlfn.RANK.EQ(I12,I:I,0) -> 45 | L12: =+J12+K12 -> 74 | M12: =+_xlfn.RANK.EQ(L12,L:L,1) -> 10
B13: HPQ | C13: HP Inc. | D13: USA | E13: 29.796 US$ | F13: Information Technology | G13: 8.54 | H13: =1/G13 -> 0.11709602 | I13: 0.5018 | J13: =+_xlfn.RANK.EQ(H13,H:H,0) -> 55 | K13: =+_xlfn.RANK.EQ(I13,I:I,0) -> 19 | L13: =+J13+K13 -> 74 | M13: =+_xlfn.RANK.EQ(L13,L:L,1) -> 10
B14: CHK | C14: Chesapeake Energy Corporation | D14: USA | E14: 9824 US$ | F14: Energy | G14: 2.89 | H14: =1/G14 -> 0.34602076 | I14: 0.3139 | J14: =+_xlfn.RANK.EQ(H14,H:H,0) -> 4 | K14: =+_xlfn.RANK.EQ(I14,I:I,0) -> 74 | L14: =+J14+K14 -> 78 | M14: =+_xlfn.RANK.EQ(L14,L:L,1) -> 12
... B453: IBM | C453: International Business Machines Corporation | D453: USA | E453: 149.404 US$ | F453: Information Technology | G453: 21.23 | H453: =1/G453 -> 0.047103156 | I453: 0.1136 | J453: =+_xlfn.RANK.EQ(H453,H:H,0) -> 392 | K453: =+_xlfn.RANK.EQ(I453,I:I,0) -> 407 | L453: =+J453+K453 -> 799 | M453: =+_xlfn.RANK.EQ(L453,L:L,1) -> 451
B454: GLPI | C454: Gaming and Leisure Properties, Inc. | D454: USA | E454: 12.670 US$ | G454: 18.47 | H454: =1/G454 -> 0.054141852 | I454: 0.0973 | J454: =+_xlfn.RANK.EQ(H454,H:H,0) -> 328 | K454: =+_xlfn.RANK.EQ(I454,I:I,0) -> 472 | L454: =+J454+K454 -> 800 | M454: =+_xlfn.RANK.EQ(L454,L:L,1) -> 452
B455: ENLC | C455: EnLink Midstream, LLC | D455: USA | E455: 5651 US$ | F455: Energy | G455: 17.47 | H455: =1/G455 -> 0.057240985 | I455: 0.0905 | J455: =+_xlfn.RANK.EQ(H455,H:H,0) -> 304 | K455: =+_xlfn.RANK.EQ(I455,I:I,0) -> 498 | L455: =+J455+K455 -> 802 | M455: =+_xlfn.RANK.EQ(L455,L:L,1) -> 453
B456: GDDY | C456: GoDaddy Inc. | D456: USA | E456: 15.026 US$ | F456: Information Technology | G456: 33.25 | H456: =1/G456 -> 0.030075188 | I456: 0.1841 | J456: =+_xlfn.RANK.EQ(H456,H:H,0) -> 575 | K456: =+_xlfn.RANK.EQ(I456,I:I,0) -> 227 | L456: =+J456+K456 -> 802 | M456: =+_xlfn.RANK.EQ(L456,L:L,1) -> 453
B457: VICI | C457: VICI Properties Inc. | D457: USA | E457: 32.619 US$ | G457: 15.77 | H457: =1/G457 -> 0.063411541 | I457: 0.0753 | J457: =+_xlfn.RANK.EQ(H457,H:H,0) -> 244 | K457: =+_xlfn.RANK.EQ(I457,I:I,0) -> 559 | L457: =+J457+K457 -> 803 | M457: =+_xlfn.RANK.EQ(L457,L:L,1) -> 455
B458: ATR | C458: AptarGroup, Inc. | D458: USA | E458: 8459 US$ | F458: Materials | G458: 22.57 | H458: =1/G458 -> 0.044306602 | I458: 0.1224 | J458: =+_xlfn.RANK.EQ(H458,H:H,0) -> 425 | K458: =+_xlfn.RANK.EQ(I458,I:I,0) -> 379 | L458: =+J458+K458 -> 804 | M458: =+_xlfn.RANK.EQ(L458,L:L,1) -> 456
B459: VTRS | C459: Viatris Inc. | D459: USA | E459: 12.153 US$ | F459: Healthcare | G459: 13.73 | H459: =1/G459 -> 0.072833212 | I459: 0.0512 | J459: =+_xlfn.RANK.EQ(H459,H:H,0) -> 176 | K459: =+_xlfn.RANK.EQ(I459,I:I,0) -> 631 | L459: =+J459+K459 -> 807 | M459: =+_xlfn.RANK.EQ(L459,L:L,1) -> 457
B460: ALGN | C460: Align Technology, Inc. | D460: USA | E460: 17.720 US$ | F460: Healthcare | G460: 27.63 | H460: =1/G460 -> 0.036192544 | I460: 0.1524 | J460: =+_xlfn.RANK.EQ(H460,H:H,0) -> 513 | K460: =+_xlfn.RANK.EQ(I460,I:I,0) -> 295 | L460: =+J460+K460 -> 808 | M460: =+_xlfn.RANK.EQ(L460,L:L,1) -> 458
B461: OPCH | C461: Option Care Health, Inc. | D461: USA | E461: 5606 US$ | F461: Healthcare | G461: 21.39 | H461: =1/G461 -> 0.046750818 | I461: 0.1129 | J461: =+_xlfn.RANK.EQ(H461,H:H,0) -> 399 | K461: =+_xlfn.RANK.EQ(I461,I:I,0) -> 411 | L461: =+J461+K461 -> 810 | M461: =+_xlfn.RANK.EQ(L461,L:L,1) -> 459
B462: PARA | C462: Paramount Global | D462: USA | E462: 10.470 US$ | F462: Communication Services | G462: 13.42 | H462: =1/G462 -> 0.074515648 | I462: 0.0489 | J462: =+_xlfn.RANK.EQ(H462,H:H,0) -> 171 | K462: =+_xlfn.RANK.EQ(I462,I:I,0) -> 640 | L462: =+J462+K462 -> 811 | M462: =+_xlfn.RANK.EQ(L462,L:L,1) -> 460
B463: FLR | C463: Fluor Corporation | D463: USA | E463: 6611 US$ | F463: Industrials | G463: 17.65 | H463: =1/G463 -> 0.056657224 | I463: 0.0896 | J463: =+_xlfn.RANK.EQ(H463,H:H,0) -> 309 | K463: =+_xlfn.RANK.EQ(I463,I:I,0) -> 503 | L463: =+J463+K463 -> 812 | M463: =+_xlfn.RANK.EQ(L463,L:L,1) -> 461
B464: CPRI | C464: Capri Holdings Limited | D464: USA | E464: 5738 US$ | F464: Consumer Discretionary | G464: 17.4 | H464: =1/G464 -> 0.057471264 | I464: 0.086 | J464: =+_xlfn.RANK.EQ(H464,H:H,0) -> 302 | K464: =+_xlfn.RANK.EQ(I464,I:I,0) -> 518 | L464: =+J464+K464 -> 820 | M464: =+_xlfn.RANK.EQ(L464,L:L,1) -> 462
B465: A | C465: Agilent Technologies, Inc. | D465: USA | E465: 39.069 US$ | F465: Healthcare | G465: 29.79 | H465: =1/G465 -> 0.033568312 | I465: 0.1573 | J465: =+_xlfn.RANK.EQ(H465,H:H,0) -> 544 | K465: =+_xlfn.RANK.EQ(I465,I:I,0) -> 278 | L465: =+J465+K465 -> 822 | M465: =+_xlfn.RANK.EQ(L465,L:L,1) -> 463
B466: CIEN | C466: Ciena Corporation | D466: USA | E466: 6419 US$ | F466: Information Technology | G466: 17.6 | H466: =1/G466 -> 0.056818182 | I466: 0.0864 | J466: =+_xlfn.RANK.EQ(H466,H:H,0) -> 307 | K466: =+_xlfn.RANK.EQ(I466,I:I,0) -> 516 | L466: =+J466+K466 -> 823 | M466: =+_xlfn.RANK.EQ(L466,L:L,1) -> 464
B467: SSNC | C467: SS&C Technologies Holdings, Inc. | D467: USA | E467: 14.794 US$ | F467: Industrials | G467: 17.86 | H467: =1/G467 -> 0.055991041 | I467: 0.0854 | J467: =+_xlfn.RANK.EQ(H467,H:H,0) -> 311 | K467: =+_xlfn.RANK.EQ(I467,I:I,0) -> 520 | L467: =+J467+K467 -> 831 | M467: =+_xlfn.RANK.EQ(L467,L:L,1) -> 465
B468: NSC | C468: Norfolk Southern Corporation | D468: USA | E468: 51.471 US$ | F468: Industrials | G468: 19.39 | H468: =1/G468 -> 0.051572976 | I468: 0.0937 | J468: =+_xlfn.RANK.EQ(H468,H:H,0) -> 348 | K468: =+_xlfn.RANK.EQ(I468,I:I,0) -> 484 | L468: =+J468+K468 -> 832 | M468: =+_xlfn.RANK.EQ(L468,L:L,1) -> 466
B469: CLF | C469: Cleveland-Cliffs Inc. | D469: USA | E469: 9128 US$ | F469: Materials | G469: 15.77 | H469: =1/G469 -> 0.063411541 | I469: 0.0655 | J469: =+_xlfn.RANK.EQ(H469,H:H,0) -> 244 | K469: =+_xlfn.RANK.EQ(I469,I:I,0) -> 589 | L469: =+J469+K469 -> 833 | M469: =+_xlfn.RANK.EQ(L469,L:L,1) -> 467
... B489: BIIB | C489: Biogen Inc. | D489: USA | E489: 37.030 US$ | F489: Healthcare | G489: 20.59 | H489: =1/G489 -> 0.048567266 | I489: 0.09 | J489: =+_xlfn.RANK.EQ(H489,H:H,0) -> 375 | K489: =+_xlfn.RANK.EQ(I489,I:I,0) -> 501 | L489: =+J489+K489 -> 876 | M489: =+_xlfn.RANK.EQ(L489,L:L,1) -> 486
B490: PSA | C490: Public Storage | D490: USA | E490: 49.683 US$ | G490: 26.67 | H490: =1/G490 -> 0.037495313 | I490: 0.1219 | J490: =+_xlfn.RANK.EQ(H490,H:H,0) -> 497 | K490: =+_xlfn.RANK.EQ(I490,I:I,0) -> 382 | L490: =+J490+K490 -> 879 | M490: =+_xlfn.RANK.EQ(L490,L:L,1) -> 488
B491: NFLX | C491: Netflix, Inc. | D491: USA | E491: 210.077 US$ | F491: Communication Services | G491: 36.45 | H491: =1/G491 -> 0.027434842 | I491: 0.1546 | J491: =+_xlfn.RANK.EQ(H491,H:H,0) -> 591 | K491: =+_xlfn.RANK.EQ(I491,I:I,0) -> 288 | L491: =+J491+K491 -> 879 | M491: =+_xlfn.RANK.EQ(L491,L:L,1) -> 488
B492: SNPS | C492: Synopsys, Inc. | D492: USA | E492: 86.397 US$ | F492: Information Technology | G492: 63.53 | H492: =1/G492 -> 0.015740595 | I492: 0.1959 | J492: =+_xlfn.RANK.EQ(H492,H:H,0) -> 674 | K492: =+_xlfn.RANK.EQ(I492,I:I,0) -> 205 | L492: =+J492+K492 -> 879 | M492: =+_xlfn.RANK.EQ(L492,L:L,1) -> 488
B493: AEM | C493: Agnico Eagle Mines Limited | D493: USA | E493: 26.570 US$ | F493: Materials | G493: 16.93 | H493: =1/G493 -> 0.059066745 | I493: 0.0619 | J493: =+_xlfn.RANK.EQ(H493,H:H,0) -> 288 | K493: =+_xlfn.RANK.EQ(I493,I:I,0) -> 601 | L493: =+J493+K493 -> 889 | M493: =+_xlfn.RANK.EQ(L493,L:L,1) -> 491
B494: WAB | C494: Westinghouse Air Brake Technologies Corporation | D494: USA | E494: 21.773 US$ | F494: Industrials | G494: 20.2 | H494: =1/G494 -> 0.04950495 | I494: 0.0846 | J494: =+_xlfn.RANK.EQ(H494,H:H,0) -> 366 | K494: =+_xlfn.RANK.EQ(I494,I:I,0) -> 523 | L494: =+J494+K494 -> 889 | M494: =+_xlfn.RANK.EQ(L494,L:L,1) -> 491
B495: WRK | C495: WestRock Company | D495: USA | E495: 10.709 US$ | F495: Materials | G495: 16.32 | H495: =1/G495 -> 0.06127451 | I495: 0.0551 | J495: =+_xlfn.RANK.EQ(H495,H:H,0) -> 271 | K495: =+_xlfn.RANK.EQ(I495,I:I,0) -> 620 | L495: =+J495+K495 -> 891 | M495: =+_xlfn.RANK.EQ(L495,L:L,1) -> 493
B496: PLNT | C496: Planet Fitness, Inc. | D496: USA | E496: 6029 US$ | F496: Consumer Discretionary | G496: 28.5 | H496: =1/G496 -> 0.035087719 | I496: 0.1254 | J496: =+_xlfn.RANK.EQ(H496,H:H,0) -> 524 | K496: =+_xlfn.RANK.EQ(I496,I:I,0) -> 367 | L496: =+J496+K496 -> 891 | M496: =+_xlfn.RANK.EQ(L496,L:L,1) -> 493
B497: BWXT | C497: BWX Technologies, Inc. | D497: USA | E497: 7311 US$ | F497: Industrials | G497: 29.55 | H497: =1/G497 -> 0.033840948 | I497: 0.1316 | J497: =+_xlfn.RANK.EQ(H497,H:H,0) -> 542 | K497: =+_xlfn.RANK.EQ(I497,I:I,0) -> 350 | L497: =+J497+K497 -> 892 | M497: =+_xlfn.RANK.EQ(L497,L:L,1) -> 495
B498: STVN | C498: Stevanato Group S.p.A. | D498: USA | E498: 7572 US$ | F498: Healthcare | G498: 35.63 | H498: =1/G498 -> 0.028066236 | I498: 0.148 | J498: =+_xlfn.RANK.EQ(H498,H:H,0) -> 590 | K498: =+_xlfn.RANK.EQ(I498,I:I,0) -> 307 | L498: =+J498+K498 -> 897 | M498: =+_xlfn.RANK.EQ(L498,L:L,1) -> 496
B499: RCL | C499: Royal Caribbean Cruises Ltd. | D499: USA | E499: 30.869 US$ | F499: Consumer Discretionary | G499: 21.85 | H499: =1/G499 -> 0.04576659 | I499: 0.0928 | J499: =+_xlfn.RANK.EQ(H499,H:H,0) -> 412 | K499: =+_xlfn.RANK.EQ(I499,I:I,0) -> 488 | L499: =+J499+K499 -> 900 | M499: =+_xlfn.RANK.EQ(L499,L:L,1) -> 497
B500: RHP | C500: Ryman Hospitality Properties, Inc. | D500: USA | E500: 6411 US$ | G500: 22.84 | H500: =1/G500 -> 0.043782837 | I500: 0.0981 | J500: =+_xlfn.RANK.EQ(H500,H:H,0) -> 434 | K500: =+_xlfn.RANK.EQ(I500,I:I,0) -> 469 | L500: =+J500+K500 -> 903 | M500: =+_xlfn.RANK.EQ(L500,L:L,1) -> 498
B501: CTVA | C501: Corteva, Inc. | D501: USA | E501: 32.093 US$ | F501: Materials | G501: 17.56 | H501: =1/G501 -> 0.056947608 | I501: 0.063 | J501: =+_xlfn.RANK.EQ(H501,H:H,0) -> 306 | K501: =+_xlfn.RANK.EQ(I501,I:I,0) -> 599 | L501: =+J501+K501 -> 905 | M501: =+_xlfn.RANK.EQ(L501,L:L,1) -> 499
B502: POST | C502: Post Holdings, Inc. | D502: USA | E502: 5459 US$ | F502: Consumer Staples | G502: 17.47 | H502: =1/G502 -> 0.057240985 | I502: 0.0617 | J502: =+_xlfn.RANK.EQ(H502,H:H,0) -> 304 | K502: =+_xlfn.RANK.EQ(I502,I:I,0) -> 603 | L502: =+J502+K502 -> 907 | M502: =+_xlfn.RANK.EQ(L502,L:L,1) -> 500
B503: ABT | C503: Abbott Laboratories | D503: USA | E503: 186.192 US$ | F503: Healthcare | G503: 29.4 | H503: =1/G503 -> 0.034013605 | I503: 0.1242 | J503: =+_xlfn.RANK.EQ(H503,H:H,0) -> 539 | K503: =+_xlfn.RANK.EQ(I503,I:I,0) -> 369 | L503: =+J503+K503 -> 908 | M503: =+_xlfn.RANK.EQ(L503,L:L,1) -> 501
B504: TCOM | C504: Trip.com Group Limited | D504: USA | E504: 21.513 US$ | F504: Consumer Discretionary | G504: 16.54 | H504: =1/G504 -> 0.060459492 | I504: 0.0499 | J504: =+_xlfn.RANK.EQ(H504,H:H,0) -> 275 | K504: =+_xlfn.RANK.EQ(I504,I:I,0) -> 638 | L504: =+J504+K504 -> 913 | M504: =+_xlfn.RANK.EQ(L504,L:L,1) -> 502
B505: KDP | C505: Keurig Dr Pepper Inc. | D505: USA | E505: 46.481 US$ | F505: Consumer Staples | G505: 18.95 | H505: =1/G505 -> 0.052770449 | I505: 0.0702 | J505: =+_xlfn.RANK.EQ(H505,H:H,0) -> 340 | K505: =+_xlfn.RANK.EQ(I505,I:I,0) -> 575 | L505: =+J505+K505 -> 915 | M505: =+_xlfn.RANK.EQ(L505,L:L,1) -> 503
B506: BALL | C506: Ball Corporation | D506: USA | E506: 18.587 US$ | F506: Materials | G506: 21.54 | H506: =1/G506 -> 0.046425255 | I506: 0.0876 | J506: =+_xlfn.RANK.EQ(H506,H:H,0) -> 405 | K506: =+_xlfn.RANK.EQ(I506,I:I,0) -> 512 | L506: =+J506+K506 -> 917 | M506: =+_xlfn.RANK.EQ(L506,L:L,1) -> 504
B507: EMR | C507: Emerson Electric Co. | D507: USA | E507: 52.712 US$ | F507: Industrials | G507: 20.41 | H507: =1/G507 -> 0.04899559 | I507: 0.0779 | J507: =+_xlfn.RANK.EQ(H507,H:H,0) -> 370 | K507: =+_xlfn.RANK.EQ(I507,I:I,0) -> 548 | L507: =+J507+K507 -> 918 | M507: =+_xlfn.RANK.EQ(L507,L:L,1) -> 505
B508: SYK | C508: Stryker Corporation | D508: USA | E508: 113.423 US$ | F508: Healthcare | G508: 31.47 | H508: =1/G508 -> 0.031776295 | I508: 0.1274 | J508: =+_xlfn.RANK.EQ(H508,H:H,0) -> 559 | K508: =+_xlfn.RANK.EQ(I508,I:I,0) -> 360 | L508: =+J508+K508 -> 919 | M508: =+_xlfn.RANK.EQ(L508,L:L,1) -> 506
B509: TDY | C509: Teledyne Technologies Incorporated | D509: USA | E509: 19.907 US$ | F509: Information Technology | G509: 21.47 | H509: =1/G509 -> 0.046576619 | I509: 0.0849 | J509: =+_xlfn.RANK.EQ(H509,H:H,0) -> 402 | K509: =+_xlfn.RANK.EQ(I509,I:I,0) -> 521 | L509: =+J509+K509 -> 923 | M509: =+_xlfn.RANK.EQ(L509,L:L,1) -> 507
B510: TMUS | C510: T-Mobile US, Inc. | D510: USA | E510: 184.516 US$ | F510: Communication Services | G510: 20.26 | H510: =1/G510 -> 0.049358342 | I510: 0.0756 | J510: =+_xlfn.RANK.EQ(H510,H:H,0) -> 368 | K510: =+_xlfn.RANK.EQ(I510,I:I,0) -> 557 | L510: =+J510+K510 -> 925 | M510: =+_xlfn.RANK.EQ(L510,L:L,1) -> 508
B511: MKC | C511: McCormick & Company, Incorporated | D511: USA | E511: 18.709 US$ | F511: Consumer Staples | G511: 23.39 | H511: =1/G511 -> 0.042753313 | I511: 0.093 | J511: =+_xlfn.RANK.EQ(H511,H:H,0) -> 441 | K511: =+_xlfn.RANK.EQ(I511,I:I,0) -> 486 | L511: =+J511+K511 -> 927 | M511: =+_xlfn.RANK.EQ(L511,L:L,1) -> 509
B512: MMS | C512: Maximus, Inc. | D512: USA | E512: 5243 US$ | F512: Industrials | G512: 22.37 | H512: =1/G512 -> 0.044702727 | I512: 0.0895 | J512: =+_xlfn.RANK.EQ(H512,H:H,0) -> 423 | K512: =+_xlfn.RANK.EQ(I512,I:I,0) -> 505 | L512: =+J512+K512 -> 928 | M512: =+_xlfn.RANK.EQ(L512,L:L,1) -> 510
... B532: GFS | C532: GLOBALFOUNDRIES Inc. | D532: USA | E532: 31.947 US$ | F532: Information Technology | G532: 25.1 | H532: =1/G532 -> 0.039840637 | I532: 0.0922 | J532: =+_xlfn.RANK.EQ(H532,H:H,0) -> 476 | K532: =+_xlfn.RANK.EQ(I532,I:I,0) -> 492 | L532: =+J532+K532 -> 968 | M532: =+_xlfn.RANK.EQ(L532,L:L,1) -> 529
B533: LAMR | C533: Lamar Advertising Company | D533: USA | E533: 10.977 US$ | G533: 27.03 | H533: =1/G533 -> 0.03699593 | I533: 0.0983 | J533: =+_xlfn.RANK.EQ(H533,H:H,0) -> 502 | K533: =+_xlfn.RANK.EQ(I533,I:I,0) -> 466 | L533: =+J533+K533 -> 968 | M533: =+_xlfn.RANK.EQ(L533,L:L,1) -> 529
B534: FTV | C534: Fortive Corporation | D534: USA | E534: 25.019 US$ | F534: Industrials | G534: 23.82 | H534: =1/G534 -> 0.041981528 | I534: 0.0875 | J534: =+_xlfn.RANK.EQ(H534,H:H,0) -> 456 | K534: =+_xlfn.RANK.EQ(I534,I:I,0) -> 513 | L534: =+J534+K534 -> 969 | M534: =+_xlfn.RANK.EQ(L534,L:L,1) -> 532
B535: APD | C535: Air Products and Chemicals, Inc. | D535: USA | E535: 59.850 US$ | F535: Materials | G535: 26.52 | H535: =1/G535 -> 0.037707391 | I535: 0.0946 | J535: =+_xlfn.RANK.EQ(H535,H:H,0) -> 494 | K535: =+_xlfn.RANK.EQ(I535,I:I,0) -> 478 | L535: =+J535+K535 -> 972 | M535: =+_xlfn.RANK.EQ(L535,L:L,1) -> 533
B536: IQV | C536: IQVIA Holdings Inc. | D536: USA | E536: 41.236 US$ | F536: Healthcare | G536: 27.31 | H536: =1/G536 -> 0.036616624 | I536: 0.0983 | J536: =+_xlfn.RANK.EQ(H536,H:H,0) -> 507 | K536: =+_xlfn.RANK.EQ(I536,I:I,0) -> 466 | L536: =+J536+K536 -> 973 | M536: =+_xlfn.RANK.EQ(L536,L:L,1) -> 534
B537: QGEN | C537: Qiagen N.V. | D537: USA | E537: 9830 US$ | F537: Healthcare | G537: 23.59 | H537: =1/G537 -> 0.042390844 | I537: 0.0839 | J537: =+_xlfn.RANK.EQ(H537,H:H,0) -> 448 | K537: =+_xlfn.RANK.EQ(I537,I:I,0) -> 526 | L537: =+J537+K537 -> 974 | M537: =+_xlfn.RANK.EQ(L537,L:L,1) -> 535
B538: SPG | C538: Simon Property Group, Inc. | D538: USA | E538: 45.433 US$ | G538: 26.22 | H538: =1/G538 -> 0.038138825 | I538: 0.093 | J538: =+_xlfn.RANK.EQ(H538,H:H,0) -> 489 | K538: =+_xlfn.RANK.EQ(I538,I:I,0) -> 486 | L538: =+J538+K538 -> 975 | M538: =+_xlfn.RANK.EQ(L538,L:L,1) -> 536
B539: INTU | C539: Intuit Inc. | D539: USA | E539: 170.823 US$ | F539: Information Technology | G539: 51.89 | H539: =1/G539 -> 0.019271536 | I539: 0.1439 | J539: =+_xlfn.RANK.EQ(H539,H:H,0) -> 655 | K539: =+_xlfn.RANK.EQ(I539,I:I,0) -> 320 | L539: =+J539+K539 -> 975 | M539: =+_xlfn.RANK.EQ(L539,L:L,1) -> 536
B540: HEI | C540: HEICO Corporation | D540: USA | E540: 22.613 US$ | F540: Industrials | G540: 40.82 | H540: =1/G540 -> 0.024497795 | I540: 0.1252 | J540: =+_xlfn.RANK.EQ(H540,H:H,0) -> 612 | K540: =+_xlfn.RANK.EQ(I540,I:I,0) -> 368 | L540: =+J540+K540 -> 980 | M540: =+_xlfn.RANK.EQ(L540,L:L,1) -> 538
B541: WWD | C541: Woodward, Inc. | D541: USA | E541: 8261 US$ | F541: Industrials | G541: 29.11 | H541: =1/G541 -> 0.034352456 | I541: 0.1033 | J541: =+_xlfn.RANK.EQ(H541,H:H,0) -> 534 | K541: =+_xlfn.RANK.EQ(I541,I:I,0) -> 449 | L541: =+J541+K541 -> 983 | M541: =+_xlfn.RANK.EQ(L541,L:L,1) -> 539
B542: YNDX | C542: Yandex N.V. | D542: USA | E542: 6846 US$ | F542: Communication Services | G542: 21.82 | H542: =1/G542 -> 0.045829514 | I542: 0.0705 | J542: =+_xlfn.RANK.EQ(H542,H:H,0) -> 411 | K542: =+_xlfn.RANK.EQ(I542,I:I,0) -> 573 | L542: =+J542+K542 -> 984 | M542: =+_xlfn.RANK.EQ(L542,L:L,1) -> 540
B543: RPRX | C543: Royalty Pharma plc | D543: USA | E543: 13.000 US$ | F543: Healthcare | G543: 21.37 | H543: =1/G543 -> 0.046794572 | I543: 0.0644 | J543: =+_xlfn.RANK.EQ(H543,H:H,0) -> 398 | K543: =+_xlfn.RANK.EQ(I543,I:I,0) -> 595 | L543: =+J543+K543 -> 993 | M543: =+_xlfn.RANK.EQ(L543,L:L,1) -> 541
B544: SITE | C544: SiteOne Landscape Supply, Inc. | D544: USA | E544: 6869 US$ | F544: Industrials | G544: 30.63 | H544: =1/G544 -> 0.032647731 | I544: 0.1036 | J544: =+_xlfn.RANK.EQ(H544,H:H,0) -> 547 | K544: =+_xlfn.RANK.EQ(I544,I:I,0) -> 447 | L544: =+J544+K544 -> 994 | M544: =+_xlfn.RANK.EQ(L544,L:L,1) -> 542
B545: HST | C545: Host Hotels & Resorts, Inc. | D545: USA | E545: 13.255 US$ | G545: 21.93 | H545: =1/G545 -> 0.045599635 | I545: 0.0667 | J545: =+_xlfn.RANK.EQ(H545,H:H,0) -> 414 | K545: =+_xlfn.RANK.EQ(I545,I:I,0) -> 583 | L545: =+J545+K545 -> 997 | M545: =+_xlfn.RANK.EQ(L545,L:L,1) -> 543
B546: FTI | C546: TechnipFMC plc | D546: USA | E546: 8413 US$ | F546: Energy | G546: 23.7 | H546: =1/G546 -> 0.042194093 | I546: 0.0776 | J546: =+_xlfn.RANK.EQ(H546,H:H,0) -> 451 | K546: =+_xlfn.RANK.EQ(I546,I:I,0) -> 550 | L546: =+J546+K546 -> 1001 | M546: =+_xlfn.RANK.EQ(L546,L:L,1) -> 544
B547: ADI | C547: Analog Devices, Inc. | D547: USA | E547: 95.416 US$ | F547: Information Technology | G547: 25.61 | H547: =1/G547 -> 0.039047247 | I547: 0.0862 | J547: =+_xlfn.RANK.EQ(H547,H:H,0) -> 484 | K547: =+_xlfn.RANK.EQ(I547,I:I,0) -> 517 | L547: =+J547+K547 -> 1001 | M547: =+_xlfn.RANK.EQ(L547,L:L,1) -> 544
B548: SWAV | C548: Shockwave Medical, Inc. | D548: USA | E548: 6847 US$ | F548: Healthcare | G548: 40.86 | H548: =1/G548 -> 0.024473813 | I548: 0.1191 | J548: =+_xlfn.RANK.EQ(H548,H:H,0) -> 613 | K548: =+_xlfn.RANK.EQ(I548,I:I,0) -> 388 | L548: =+J548+K548 -> 1001 | M548: =+_xlfn.RANK.EQ(L548,L:L,1) -> 544
B549: IR | C549: Ingersoll Rand Inc. | D549: USA | E549: 29.834 US$ | F549: Industrials | G549: 26.93 | H549: =1/G549 -> 0.037133309 | I549: 0.0896 | J549: =+_xlfn.RANK.EQ(H549,H:H,0) -> 501 | K549: =+_xlfn.RANK.EQ(I549,I:I,0) -> 503 | L549: =+J549+K549 -> 1004 | M549: =+_xlfn.RANK.EQ(L549,L:L,1) -> 547
